 Dungeon Crawl Stone Soup version 0.30.0-29-ga12c61a403 (webtiles) character file.

Game seed: 14099643027054767930

793669 qw the Conqueror (level 27, -51/159 HPs)
             Began as a Gargoyle Fighter on June 5, 2023.
             Was the Champion of the Shining One.
             Killed from afar by Warghomaa the pandemonium lord (73 damage)
             ... with a great blast of fire
             ... in Pandemonium.
             The game lasted 00:54:28 (79622 turns).

qw the Conqueror (Gargoyle Fighter)                Turns: 79622, Time: 00:54:28

Health: -51/159    AC: 55    Str: 37      XL:     27
Magic:  14/35      EV: 21    Int: 15 (16) God:    the Shining One [******]
Gold:   5481       SH: 31    Dex: 14      Spells: 26/26 levels left

rFire   x x .        t - +9 broad axe (holy)
rCold   + . .        y - +8 tower shield of Lust {Int+2}
rNeg    + + +        s - +11 plate armour "Zydghi" {Will+ Str+3 Int+2}
rPois   inf          (no helmet)
rElec   +            q - +2 cloak of Intuition {+Inv rC+ Int+2}
rCorr   +            l - +2 pair of gloves {Str+3}
SInv    .            v - +0 pair of boots of Tempters {Fly rF- Str+2 Dex+5}
Will    +++..        o - amulet of Mixur {Faith rF- rCorr Slay+3} Stlth
                     g - +5 ring of evasion
HPRegen 0.46/turn    A - +4 ring of protection
MPRegen 0.24/turn

%: random rage (3%), faith
@: corroded, on berserk cooldown, flying, slowed, glowing, unable to read,
unable to drink, very slow
A: sickness immunity, AC +20, big wings, negative energy resistance 1,
electricity resistance, torment resistance 1, petrification resistance, fangs 1,
berserk 1, deformed body, deterioration 2, dopey 1, frail 2, low MP 1, screaming
2, weak 1, no potion heal 2, inability to drink after injury 2, inability to
read after injury 2
}: 6/15 runes: barnacled, slimy, silver, golden, abyssal, gossamer
a: Renounce Religion, Evoke Invisibility, Divine Shield, Cleansing Flame, Summon
Divine Warrior


You were in Pandemonium.
You worshipped the Shining One.
The Shining One was exalted by your worship.
You visited 11 branches of the dungeon, and saw 54 of its levels.
You visited Pandemonium 1 time, and saw 5 of its levels.
You visited the Abyss 1 time.

You collected 11669 gold pieces.
You spent 6188 gold pieces at shops.


Innate Abilities, Weirdness & Mutations

You are immune to sickness and miasma.
Your stone body is resilient. (AC +20)
You are immune to poison.
Your large and strong wings let you fly.
You resist negative energy. (rN+)
You are resistant to electric shocks. (rElec)
You are resistant to unholy torment.
You are immune to petrification.
You have very sharp teeth.
You sometimes lose your temper in combat.
Armour fits poorly on your strangely shaped body.
Your body often deteriorates upon taking damage.
You are dopey. (Int -2)
You are very frail. (-20% HP)
Your magical capacity is low. (-10% MP)
You frequently scream uncontrollably at your foes.
You are weak. (Str -2)
Potions cannot restore your health.
You sometimes lose the ability to drink potions when taking damage.
You sometimes lose the ability to read scrolls when taking damage.


   Skills:
 O Level 27 Fighting
 - Level 19.0 Axes
 - Level 15.0 Throwing
 O Level 27 Armour
 - Level 14.3 Dodging
 - Level 24.1 Shields
 + Level 24.3 Invocations


You had 26 spell levels left.
You didn't know any spells.
Your spell library was empty.

Inventory:

Hand Weapons
 t - a +9 broad axe of holy wrath (weapon)
 u - the +9 war axe of Ravage {spect, rN+ Will+ SInv}
   (You found it on level 10 of the Dungeon)

   rN:        It protects you from negative energy.
   SInv:      It lets you see invisible.
   Will:      It increases your willpower.
Missiles
 w - 2 silver boomerangs (quivered)
Armour
 b - +1 gold dragon scales
 l - a +2 pair of gloves of strength (worn)
 p - a +1 pair of boots
 q - the +2 cloak of Intuition (worn) {+Inv rC+ Int+2}
   (Okawaru gifted it to you on level 4 of the Vaults)

   Int:       It affects your intelligence (+2).
   rC:        It protects you from cold.
   +Inv:      It lets you turn invisible.
 s - the +11 plate armour "Zydghi" (worn) {Will+ Str+3 Int+2}
   (You bought it in a shop on level 2 of the Vaults)

   Str:       It affects your strength (+3).
   Int:       It affects your intelligence (+2).
   Will:      It increases your willpower.
 v - the +0 pair of boots of Tempters (worn) {Fly rF- Str+2 Dex+5}
   (You found it on level 4 of the Realm of Zot)

   Str:       It affects your strength (+2).
   Dex:       It affects your dexterity (+5).
   rF:        It makes you vulnerable to fire.
   Fly:       It grants you flight.
 y - the +8 tower shield of Lust (worn) {Int+2}
   (You found it on level 5 of the Lair of Beasts)

   Int:       It affects your intelligence (+2).
 L - a scarf of resistance
Jewellery
 g - a +5 ring of evasion (left hand)
 o - the amulet of Mixur (around neck) {Faith rF- rCorr Slay+3}
   (You found it on level 3 of the Tomb of the Ancients)

   [amulet of faith]

   It allows you to gain divine favour quickly.
   Slay:      It affects your accuracy & damage with ranged weapons and melee
   (+3).
   rF:        It makes you vulnerable to fire.
   rCorr:     It protects you from acid and corrosion.
 r - the ring "Jirchuot" {Fire Drain Int+5 Dex+2}
   (You found it on level 3 of the Tomb of the Ancients)

   [ring of fire]

   It enhances your fire magic.
   Int:       It affects your intelligence (+5).
   Dex:       It affects your dexterity (+2).
   rF:        It protects you from fire.
   rC:        It makes you vulnerable to cold.
   Drain:     It drains your maximum health when unequipped.
 A - a +4 ring of protection (right hand)
 B - a ring of protection from fire
 D - the ring of the Evening {Fire Slay+2}
   (You acquired it on level 3 of the Crypt)

   [ring of fire]

   It enhances your fire magic.
   Slay:      It affects your accuracy & damage with ranged weapons and melee
   (+2).
   rF:        It protects you from fire.
   rC:        It makes you vulnerable to cold.
 F - an amulet of faith
 H - a ring of protection from fire
 K - the ring of Knowledge {rPois rC+ rN++ Stlth+}
   (You acquired it on level 4 of the Lair of Beasts)

   [ring of protection from cold]

   rC:        It protects you from cold.
   rPois:     It protects you from poison.
   rN:        It greatly protects you from negative energy.
   Stlth:     It makes you more stealthy.
 M - an amulet of regeneration
 Y - the ring "Besaz" {rC+ rN+ Str+3 Int+5}
   (You took it off a vampire knight on level 3 of the Crypt)

   [ring of positive energy]

   Str:       It affects your strength (+3).
   Int:       It affects your intelligence (+5).
   rC:        It protects you from cold.
   rN:        It protects you from negative energy.
Wands
 f - a wand of digging (21)
Scrolls
 e - a scroll of enchant weapon
 h - 12 scrolls of identify
 k - 12 scrolls of teleportation
 E - 6 scrolls of brand weapon
Potions
 a - 2 potions of resistance
 c - 9 potions of cancellation
 d - 11 potions of might
 i - 31 potions of curing
 j - 9 potions of lignification
 m - 13 potions of haste
 n - 12 potions of attraction
 x - 3 potions of heal wounds

Dungeon Overview and Level Annotations

Branches:
Dungeon (15/15)            Temple (0/1) D:7            Lair (5/5) D:11
 Shoals (4/4) Lair:3       Spider (4/4) Lair:2        Slime (5/5) Lair:5
    Orc (2/2) D:10            Elf (0/3) Orc:2        Vaults (5/5) D:13
  Crypt (3/3) Vaults:2       Tomb (3/3) Crypt:3      Depths (4/4) D:15
    Zot (4/5) Depths:4

Altars:
Ashenzari
Cheibriados
Elyvilon
Hepliaklqana
Kikubaaqudgha
Nemelex Xobeh
Okawaru
Trog
Vehumet
Xom
The Shining One
Jiyva
Lugonu

Shops:
D:3 [   D:7 *[   D:11 !   D:15 (   Orc:2 [([[*   Shoals:4 [   Vaults:2 *
Vaults:3 [   Vaults:4 :   Depths:1 [:(   Depths:2 [(?(

Portals:
Hell: Depths:1 Depths:2 Depths:3 Depths:4
Abyss: Lair:5 Depths:3
Pandemonium: Depths:2 Depths:4
Ziggurat: Depths:2
Trove: D:10 (give 5 scrolls of blinking)

Annotations:
D:7 3 runed translucent doors, qw's ghost, novice GrFi
D:10 1 runed translucent door, qw's ghost, novice GrFi
Shoals:2 1 runed translucent door, popps's ghost, adept GrFi
Shoals:3 3 runed translucent doors, Amuaxidi's ghost, adept FoCK; Heh's ghost, adept DsGl; Tang's ghost, adept TeAE
Spider:1 1 runed translucent door, qw's ghost, adept GrFi
Vaults:3 3 runed translucent doors, Faydane's ghost, veteran HuFi; Xafer's ghost, adept DsGl
Depths:2 2 transporters
Zot:1 1 transporter
Zot:2 1 runed translucent door, qw's ghost, veteran GrFi


Message History

The demonspawn corrupter calls forth creatures from the Elven Halls!
Your angel hits the ynoxinul with a +3 whip of holy wrath!!
The ynoxinul convulses.
Your angel hits the ynoxinul with a +3 whip of holy wrath!
The ynoxinul convulses!
The ynoxinul dies!
The Shining One accepts your kill.
The ufetubus disappears in a puff of smoke! x2
The ironbound convoker points at the deep elf sorcerer and mumbles some strange words.
The deep elf sorcerer seems to grow stronger.
You slice the war gargoyle!!
The war gargoyle is severely damaged.
You block the war gargoyle's attack. Warghomaa gestures at you.
A raging storm of fire appears!
The great blast of fire engulfs you!!! The lava burns you terribly!
The great blast of fire engulfs the smoke demon!!!
The smoke demon partially resists.
The smoke demon dies!
The great blast of fire engulfs the war gargoyle!!
The war gargoyle partially resists.
The war gargoyle is destroyed!
The war gargoyle disappears in a puff of smoke!
The great blast of fire engulfs your angel!!!
The great blast of fire engulfs the demonspawn corrupter!!!
The demonspawn corrupter dies!
The ironbound convoker disappears in a puff of smoke!
The great blast of fire engulfs the red devil!!!
The red devil partially resists.
The red devil dies!
You hear a roar! 5 fire vortices come into view.
79622 ||| Stepping ~*~*~tactically~*~*~ (cloud).
Your angel is engulfed in blazing flames.
Your angel gestures.
Your angel is healed somewhat.
Warghomaa gestures at you.
A raging storm of fire appears!
The great blast of fire engulfs you!!!! The lava burns you terribly!
You die...

.........# ###### #
.~.~.~...# #....####.#.
~.&.~....####..).)......
.\.~.~................##
....~.....###...........
\$..¤...$#...#:#....##.
...¤¤Av00#...#.#....#
..¤.¤¤@v.0¤..#.#......
.~.~¤¤¤0##¤..........##
~.¤.~0vv##.......#+###
.....0v0##.......#
.......#.##.........
.#######............
...6..##.###. ......+ .#
....


You could see Warghomaa (ally target), 5 fire vortices and a friendly angel
(summoned).

Vanquished Creatures
  the Royal Jelly (Slime:5)
  Ignacio (Pan)
  6 dread liches
  3 ancient liches
  17 royal mummies
  Margery (Depths:3)
  2 curse toes (Zot:4)
  5 caustic shrikes (Depths:2)
  16 golden dragons
  8 bone dragons
  Arachne (Spider:3)
  3 pandemonium lords (Pan)
  2 profane servitors
  A Tzitzimitl (Pan)
  A shard shrike zombie (Crypt:2)
  A Brimstone Fiend (Pan)
  An electric golem (Zot:1)
  A hellephant (Abyss:2)
  12 tentacled monstrosities
  5 Hell Sentinels
  A deep elf blademaster (Crypt:3)
  3 quicksilver dragons
  8 liches
  20 titans
  10 ancient champions
  4 deep elf master archers
  A kraken (Shoals:3)
  Gastronok (Lair:1)
  6 acid blobs (Slime:5)
  7 Executioners
  27 tentacled starspawn
  4 death cobs
  11 shadow dragons
  8 tengu reavers
  13 sphinxes
  17 storm dragons
  8 draconian monks
  Kirke (Lair:3)
  Ilsuiw (Shoals:3)
  Roxanne (Spider:4)
  5 iron dragons
  4 azure jellies (Slime:5)
  4 revenants
  A daeva (Abyss:2)
  3 deep elf sorcerers
  4 draconian knights
  3 demonspawn warmongers (Pan)
  21 frost giants
  2 rockslimes (Slime:5)
  24 fire giants
  2 ghost moths (Spider:4)
  16 vault wardens
  Louise (Depths:3)
  6 emperor scorpions
  9 draconian scorchers
  4 curse skulls
  A deep elf elementalist (Abyss:2)
  9 balrugs
  15 ironbound preservers
  3 caustic shrike zombies
  4 draconian stormcallers
  7 draconian annihilators
  8 draconian shifters
  An angel (Abyss:1)
  2 orc warlords (Vaults:4)
  4 demonspawn blood saints (Pan)
  9 cacodemons
  3 demonspawn corrupters (Pan)
  4 reapers
  13 vampire knights
  9 quicksilver oozes
  4 war gargoyles (Vaults:5)
  A broodmother (Spider:2)
  56 very ugly things
  34 stone giants
  21 green draconians
  20 yellow draconians
  4 ironbound thunderhulks
  20 black draconians
  12 spark wasps
  13 bennus
  4 deep elf annihilators
  15 red draconians
  11 purple draconians
  5 lorocyprocas
  A bunyip (Abyss:1)
  14 white draconians
  A demonspawn black sun (Pan)
  6 dire elephants
  3 eidola
  A crystal guardian (Abyss:2)
  4 deep elf death magi
  11 ettins
  14 mummy priests
  13 yaktaur captains
  11 merfolk impalers
  4 blizzard demons
  A quicksilver dragon zombie (Crypt:3)
  4 entropy weavers
  Josephine (Orc:2)
  2 deep elf high priests (Vaults:5)
  10 jiangshi
  7 green deaths
  5 merfolk javelineers
  2 hydras
  5 fire dragons (Depths:3)
  2 spriggan zombies
  Harold (Lair:2)
  A quicksilver dragon skeleton (Abyss:3)
  6 rakshasas
  36 vault guards
  A hell beast (Pan)
  9 ice dragons
  2 spriggan air magi (Depths:3)
  9 great orbs of eyes
  A fenstrider witch zombie (Crypt:3)
  4 spriggan skeletons
  32 centaur warriors
  A peacekeeper (Vaults:4)
  4 ogre magi
  A death knight (Abyss:3)
  6 ironbound frosthearts
  2 radroaches
  An anaconda (Lair:4)
  An alligator snapping turtle (Shoals:1)
  2 alligators (Lair:4)
  A catoblepas (Lair:5)
  11 boulder beetles
  3 satyrs
  2 merfolk avatars (Shoals:4)
  5 merfolk aquamancers (Shoals:4)
  A naga warrior (Abyss:3)
  74 death scarabs
  An alligator (shapeshifter) (Vaults:5)
  13 two-headed ogres
  7 deep troll shamans
  A titan zombie (Abyss:1)
  An azure jelly zombie (Crypt:2)
  4 tengu warriors
  15 vampire magi
  2 death yaks (Lair:4)
  A hell hog (Abyss:3)
  A fenstrider witch skeleton (Crypt:2)
  5 deep troll earth magi
  4 storm dragon zombies (Crypt:3)
  An orc high priest (Orc:2)
  5 hell knights
  2 spriggan berserkers
  32 thrashing horrors
  11 soul eaters
  2 titan skeletons
  21 sun demons
  13 wretched stars
  13 deep elf knights
  29 skeletal warriors
  A golden dragon zombie (Crypt:3)
  6 pharaoh ants
  4 shadow wraiths
  A sun moth (Spider:4)
  9 sixfirhies
  5 iron trolls
  38 deep trolls
  An anaconda zombie (Crypt:1)
  15 sea snakes
  A quicksilver dragon simulacrum (Abyss:2)
  4 flayed ghosts
  An orb spider (shapeshifter) (D:15)
  A spriggan druid (Depths:4)
  5 glowing orange brains
  A death drake (shapeshifter) (Vaults:5)
  A deep troll (shapeshifter) (Vaults:4)
  2 orb spiders
  13 phantasmal warriors
  2 shadow demons (Pan)
  A spriggan simulacrum (Crypt:1)
  8 deep elf archers
  24 ironbound convokers
  18 orc knights
  11 steelbarb worms (Spider:4)
  5 lindwurms
  5 wizards
  15 harpies
  8 deep elf zephyrmancers
  A shadow dragon zombie (Crypt:3)
  98 starcursed masses
  An iron dragon zombie (Abyss:3)
  45 ugly things
  14 cyclopes
  15 deep elf pyromancers
  An anaconda skeleton (Crypt:1)
  6 orc sorcerers
  2 mana vipers
  2 necromancers (Crypt:1)
  A will-o-the-wisp (Abyss:2)
  11 wolf spiders
  25 manticores
  A salamander (shapeshifter) (D:14)
  2 shining eyes
  8 worldbinders
  5 oklob plants
  11 fauns
  2 elephants
  16 moths of wrath
  2 dire elephant zombies (Crypt:1)
  6 black mambas
  An elephant (shapeshifter) (D:15)
  21 vault sentinels
  6 water nymphs
  10 demonic crawlers
  30 smoke demons
  An ice statue (D:15)
  2 rust devils (Abyss:1)
  8 merfolk sirens
  An eye of devastation (Abyss:1)
  A naga skeleton (Crypt:1)
  A water nymph (shapeshifter) (Lair:5)
  16 orange demons
  A stone giant skeleton (Abyss:1)
  3 gargoyles
  13 torpor snails
  2 guardian serpents
  5 apocalypse crabs
  A rime drake (shapeshifter) (D:14)
  3 unseen horrors
  9 cane toads
  A green draconian zombie (Crypt:3)
  4 tengu conjurers
  A white draconian zombie (Crypt:1)
  2 efreet
  26 yaktaurs
  10 freezing wraiths
  9 komodo dragons
  A hellion (Pan)
  2 kobold demonologists (Abyss:1)
  A rime drake (Lair:3)
  A pale draconian zombie (Crypt:3)
  4 ice devils
  5 tormentors
  2 harpy zombies (Crypt:1)
  42 guardian mummies
  18 ancient zymes
  A queen bee (Abyss:3)
  10 trolls
  10 meliai
  A merfolk (shapeshifter) (Vaults:5)
  A hornet (shapeshifter) (Abyss:1)
  10 hellwings
  A polar bear (Lair:4)
  Prince Ribbit (D:5)
  15 tarantellas
  2 wind drakes
  2 hornets (Lair:4)
  18 merfolk
  A troll (shapeshifter) (Lair:5)
  9 saltlings (Orc:2)
  A satyr zombie (Crypt:1)
  A tarantella zombie (Crypt:2)
  29 blink frogs
  A guardian serpent zombie (Crypt:3)
  A harpy skeleton (Tomb:1)
  Grinder (D:5)
  48 raiju
  7 snapping turtles
  A boulder beetle zombie (Crypt:2)
  An ice dragon zombie (Crypt:1)
  57 slime creatures
  A fire dragon zombie (Tomb:2)
  4 black mamba zombies
  16 jumping spiders
  65 flying skulls
  2 spriggans (Lair:5)
  A centaur simulacrum (Abyss:1)
  2 air elementals
  17 vampires
  An ettin skeleton (Tomb:1)
  19 wraiths
  8 shadows
  11 ushabtiu
  5 water elementals
  5 wyverns
  A fire elemental (Abyss:1)
  9 culicivoras
  32 ynoxinuls
  16 fire bats
  3 hogs (shapeshifter)
  65 yaks
  6 golden eyes
  38 redbacks
  A black mamba skeleton (Tomb:2)
  7 basilisks
  2 steam dragons
  A redback (shapeshifter) (Abyss:1)
  9 vampire mosquitoes
  22 neqoxecs
  4 hogs (Lair:3)
  14 chaos spawn
  4 acid dragons
  A naga (shapeshifter) (Vaults:5)
  A naga (Abyss:3)
  10 wargs
  3 naga zombies (Crypt:3)
  8 hell hounds (Abyss:3)
  A floating eye (shapeshifter) (Abyss:1)
  21 water moccasins
  A glowing shapeshifter skeleton (Crypt:3)
  2 sky beasts (Abyss:1)
  5 black bears
  A fire dragon simulacrum (Tomb:1)
  25 orc warriors
  A cane toad skeleton (Crypt:3)
  2 ice beasts (D:6)
  74 large abominations
  8 ogres
  A snapping turtle zombie (Crypt:3)
  12 wolves
  6 boggarts
  A swamp dragon skeleton (Tomb:1)
  69 small abominations
  3 centaurs
  A phantom (D:6)
  6 kobold brigands
  9 bullfrogs
  5 scorpions
  15 wights
  12 killer bees
  A queen bee zombie (Crypt:3)
  10 howler monkeys
  A shapeshifter skeleton (Crypt:3)
  9 electric eels
  A crimson imp (Abyss:1)
  9 quasits
  A basilisk zombie (Crypt:2)
  A gnoll bouda (D:7)
  7 hounds
  3 jellies
  11 orc priests
  6 iron imps
  A human skeleton (Crypt:1)
  A scorpion zombie (Crypt:2)
  A sleepcap (D:6)
  6 iguanas
  20 orc wizards
  6 hell rats (Lair:1)
  A sky beast zombie (Crypt:2)
  An ogre zombie (Crypt:1)
  46 mummies
  13 adders
  8 gnolls (D:7)
  2 shadow imps
  6 white imps
  9 ufetubi
  3 dart slugs
  67 orcs
  4 bats
  A bat skeleton (Crypt:1)
  4 endoplasms (D:2)
  7 giant cockroaches
  8 goblins
  11 hobgoblins
  4 quokkas
  10 ball pythons
  3 frilled lizards
  A hobgoblin zombie (D:7)
  12 kobolds
  A kobold zombie (D:7)
  A quokka zombie (Crypt:1)
  5 rats
  2 lurking horrors (Abyss:1)
  35 starspawn tentacles
  4 tentacles (Shoals:3)
3218 creatures vanquished.

Vanquished Creatures (collateral kills)
  15 royal mummies
  Jory (Crypt:3)
  A tentacled monstrosity (Abyss:2)
  2 ancient champions (Tomb:1)
  9 tentacled starspawn
  A revenant (Crypt:3)
  A demonspawn warmonger (Pan)
  A balrug (Abyss:1)
  3 very ugly things
  6 cacodemons (Pan)
  A vampire knight (Crypt:3)
  2 lorocyprocas
  A demonspawn black sun (Pan)
  3 bennus
  A blizzard demon (Abyss:1)
  3 mummy priests (Tomb:3)
  A jiangshi (Crypt:3)
  2 rakshasas
  A dancing weapon (Abyss:1)
  A fenstrider witch skeleton (Abyss:3)
  4 death scarabs (Tomb:1)
  A vampire mage (Crypt:3)
  3 thrashing horrors (Abyss:1)
  3 soul eaters
  A sun demon (Pan)
  3 wretched stars
  A sixfirhy (Abyss:2)
  6 skeletal warriors
  2 phantasmal warriors
  2 worldbinders
  An ugly thing (Abyss:1)
  A centaur zombie (Abyss:1)
  5 apocalypse crabs
  A dire elephant zombie (Crypt:3)
  6 smoke demons
  9 orange demons
  4 demonic crawlers (Pan)
  20 large abominations
  An efreet (Abyss:3)
  A freezing wraith (Abyss:3)
  An ice devil (Abyss:1)
  8 guardian mummies
  3 ancient zymes
  2 meliai (Abyss:3)
  3 blink frogs
  2 harpy skeletons
  An ettin zombie (Tomb:1)
  15 raiju
  11 flying skulls
  4 vampires (Crypt:3)
  4 ynoxinuls
  7 starcursed masses
  2 ushabtiu (Tomb:3)
  A fire bat (Abyss:1)
  2 neqoxecs (Abyss:1)
  A golden eye (Abyss:1)
  4 chaos spawn
  12 small abominations
  4 quasits
  3 iron imps
  6 mummies
  2 shadow imps (Abyss:1)
  6 white imps
  3 ufetubi (Abyss:1)
  An orc zombie (Crypt:3)
239 creatures vanquished.

Vanquished Creatures (others)
  A demonspawn corrupter (Pan)
  A lorocyproca (Abyss:3)
  A sun demon (Pan)
  An ugly thing (Depths:2)
  A smoke demon (Pan)
  An ice devil (Pan)
  A red devil (Pan)
  A large abomination (Abyss:3)
  2 golden eyes (Abyss:3)
  A wight (Abyss:2)
  4 small abominations
  An iron imp (Abyss:1)
  An orc wizard (D:7)
  2 foxfires (Abyss:2)
  A lurking horror (Abyss:1)
  177 spectral weapons
  37 starspawn tentacles
  4 tentacles (Shoals:3)
238 creatures vanquished.

Grand Total: 3695 creatures vanquished

Notes
Turn   | Place    | Note
-------+----------+-------------------------------------------
     0 | D:1      | qw the Gargoyle Fighter began the quest for the Orb.
     0 | D:1      | Reached XP level 1. HP: 14/14 MP: 1/1
     0 | D:1      | 0 ||| qw: Version: 0.2-a-108-gee2c290
     0 | D:1      | 0 ||| qw: Game counter: 1472
     0 | D:1      | 0 ||| qw: Always use a shield: true
     0 | D:1      | 0 ||| qw: God list: Okawaru
     0 | D:1      | 0 ||| qw: Allow faded altars: false
     0 | D:1      | 0 ||| qw: Do Orc after D:15 true
     0 | D:1      | 0 ||| qw: Do second Lair branch before Depths: true
     0 | D:1      | 0 ||| qw: Lair rune preference: random
     0 | D:1      | 0 ||| qw: Plans: Normal, Zot:1-4, Slime:5, God:TSO, Crypt,
                  | Tomb, Abyss, Pan, Hells, Win
     0 | D:1      | 0 ||| PLANNING D:1-11
    14 | D:1      | Reached XP level 2. HP: 19/19 MP: 2/2
    63 | D:1      | 63 ||| Stepping ~*~*~tactically~*~*~ (stealth).
    99 | D:1      | 99 ||| Stepping ~*~*~tactically~*~*~ (stealth).
   133 | D:1      | Reached skill level 3 in Axes
   137 | D:1      | Reached XP level 3. HP: 20/23 MP: 3/3
   436 | D:1      | 436 ||| UPGRADING to +0 cloak.
   441 | D:1      | 441 ||| READING scroll labelled FIFU ZORUINYHU.
   442 | D:1      | 442 ||| READING scroll labelled DASAURA ZEPT.
   443 | D:1      | 443 ||| READING scroll labelled HISKAUG SEERR.
   444 | D:1      | 444 ||| READING 2 scrolls labelled GITWIOHUBU.
   508 | D:2      | 508 ||| Stepping ~*~*~tactically~*~*~ (hiding).
   674 | D:2      | Reached XP level 4. HP: 28/28 MP: 4/4
   696 | D:2      | 696 ||| Stepping ~*~*~tactically~*~*~ (stealth).
   725 | D:2      | You fall into a shaft and drop 1 floor!
   726 | D:3      | 726 ||| READING scroll labelled DYPPE NIOTRAVO.
   852 | D:2      | 852 ||| STAIRDANCE
  1055 | D:2      | Found a faded altar of an unknown god.
  1119 | D:2      | 1119 ||| READING scroll labelled KUEFOBR MAONG.
  1249 | D:3      | Reached XP level 5. HP: 29/32 MP: 5/5
  1285 | D:3      | Found Camualea's Antique Armour Shoppe.
  1294 | D:3      | 1294 ||| BUYING chain mail (103 gold).
  1294 | D:3      | Bought a chain mail for 103 gold pieces
  1294 | D:3      | 1294 ||| SHOPLISTING pair of embroidered gloves (172 gold,
                  | have 38).
  1309 | D:3      | Found an iron altar of Okawaru.
  1310 | D:3      | 1310 ||| PLANNING OKAWARU WORSHIP
  1311 | D:3      | 1311 ||| Stepping ~*~*~tactically~*~*~ (stealth).
  1314 | D:3      | 1314 ||| Stepping ~*~*~tactically~*~*~ (stealth).
  1326 | D:3      | 1326 ||| UPGRADING to +0 pair of boots.
  1331 | D:3      | 1331 ||| UPGRADING to +0 chain mail.
  1341 | D:3      | 1341 ||| DROPPING +0 scale mail.
  1342 | D:3      | 1342 ||| READING scroll labelled JUUGUQ VIRRUB.
  1343 | D:3      | 1343 ||| READING scroll labelled IMPUAL BOUKHUOTAO.
  1344 | D:3      | 1344 ||| READING scroll labelled GICVOH HUHICU.
  1345 | D:3      | 1345 ||| DRINKING 2 red potions.
  1352 | D:3      | Became a worshipper of Warmaster Okawaru
  1352 | D:3      | 1352 ||| PLANNING D:1-11
  1418 | D:3      | 1418 ||| DROPPING +0 club.
  1421 | D:3      | 1421 ||| Stepping ~*~*~tactically~*~*~ (stealth).
  1774 | D:3      | 1774 ||| READING 2 scrolls of identify.
  1774 | D:3      | 1774 ||| IDENTIFYING sedimented yellow potion
  2084 | D:4      | Reached XP level 6. HP: 28/38 MP: 6/6
  2297 | D:4      | 2297 ||| READING 3 scrolls of identify.
  2297 | D:4      | 2297 ||| IDENTIFYING blue potion
  2298 | D:4      | 2298 ||| READING 2 scrolls of identify.
  2298 | D:4      | 2298 ||| IDENTIFYING black potion
  2299 | D:4      | 2299 ||| DROPPING potion of berserk rage.
  2318 | D:5      | Entered Level 5 of the Dungeon
  2323 | D:5      | 2323 ||| Stepping ~*~*~tactically~*~*~ (stealth).
  2325 | D:5      | 2325 ||| Stepping ~*~*~tactically~*~*~ (hiding).
  2326 | D:5      | 2326 ||| Stepping ~*~*~tactically~*~*~ (hiding).
  2330 | D:5      | 2330 ||| STAIRDANCE
  2358 | D:5      | 2358 ||| DRINKING potion of curing.
  2358 | D:5      | 2358 ||| (to cure confusion)
  2361 | D:5      | Reached * piety under Okawaru
  2362 | D:5      | 2362 ||| FLEEEEING.
  2363 | D:5      | 2363 ||| STAIRDANCE
  2507 | D:5      | Noticed a black bear
  2508 | D:5      | 2508 ||| INVOKING Heroism.
  2517 | D:5      | Killed a black bear
  2604 | D:5      | Noticed Prince Ribbit
  2605 | D:5      | 2605 ||| INVOKING Heroism.
  2656 | D:5      | Killed Prince Ribbit
  2657 | D:5      | Reached skill level 6 in Axes
  2657 | D:5      | Reached XP level 7. HP: 25/43 MP: 7/7
  2790 | D:5      | 2790 ||| Stepping ~*~*~tactically~*~*~ (stealth).
  2910 | D:5      | 2910 ||| INVOKING Heroism.
  2921 | D:5      | Reached skill level 1 in Invocations
  3132 | D:5      | Noticed Grinder
  3133 | D:5      | 3133 ||| Stepping ~*~*~tactically~*~*~ (hiding).
  3138 | D:5      | 3138 ||| INVOKING Heroism.
  3144 | D:5      | Killed Grinder
  3145 | D:5      | Reached skill level 1 in Dodging
  3327 | D:5      | 3327 ||| READING scroll labelled EHIFFU PEJUGG.
  3370 | D:6      | Reached XP level 8. HP: 48/48 MP: 10/10
  3373 | D:6      | 3373 ||| INVOKING Heroism.
  3380 | D:6      | Reached skill level 3 in Invocations
  3414 | D:6      | 3414 ||| DROPPING +1 mace of holy wrath.
  3415 | D:6      | 3415 ||| READING scroll of enchant armour.
  3415 | D:6      | 3415 ||| ENCHANTING +0 pair of boots.
  3646 | D:6      | Reached ** piety under Okawaru
  3756 | D:6      | 3756 ||| INVOKING Heroism.
  3882 | D:6      | 3882 ||| INVOKING Heroism.
  4117 | D:6      | 4117 ||| INVOKING Heroism.
  4267 | D:6      | Reached XP level 9. HP: 54/54 MP: 12/12
  4514 | D:6      | 4514 ||| UPGRADING to +0 pair of gloves.
  4519 | D:6      | 4519 ||| UPGRADING to +2 plate armour of poison resistance.
  4529 | D:6      | 4529 ||| DROPPING +0 chain mail.
  4530 | D:6      | 4530 ||| UPGRADING to scarf of repulsion.
  4540 | D:6      | 4540 ||| READING scroll labelled LAXYEP GUOCEOH.
  4541 | D:6      | 4541 ||| READING 2 scrolls of identify.
  4541 | D:6      | 4541 ||| IDENTIFYING golden potion
  4542 | D:6      | 4542 ||| DROPPING potion of flight.
  4559 | D:7      | 4559 ||| PLANNING OSSUARY
  4579 | D:7      | 4579 ||| Stepping ~*~*~tactically~*~*~ (hiding).
  4585 | D:7      | 4585 ||| INVOKING Heroism.
  4610 | D:7      | 4610 ||| FLEEEEING.
  4611 | D:7      | 4611 ||| FLEEEEING.
  4621 | D:7      | 4621 ||| INVOKING Heroism.
  4648 | D:7      | 4648 ||| Stepping ~*~*~tactically~*~*~ (hiding).
  4715 | D:7      | 4715 ||| Stepping ~*~*~tactically~*~*~ (stealth).
  4717 | D:7      | 4717 ||| Stepping ~*~*~tactically~*~*~ (stealth).
  4723 | D:7      | 4723 ||| Stepping ~*~*~tactically~*~*~ (stealth).
  4732 | D:7      | 4732 ||| Stepping ~*~*~tactically~*~*~ (hiding).
  4733 | D:7      | 4733 ||| Stepping ~*~*~tactically~*~*~ (hiding).
  4735 | D:7      | 4735 ||| INVOKING Heroism.
  4747 | D:7      | Reached skill level 6 in Fighting
  4760 | D:7      | Found Dogestrag's Antique Armour Emporium.
  4768 | D:7      | 4768 ||| BUYING runed helmet (202 gold).
  4768 | D:7      | Bought a runed helmet for 202 gold pieces
  4807 | D:7      | Found Oxieff's Assorted Antiques.
  4815 | D:7      | 4815 ||| SHOPLISTING potion of curing (69 gold, have 58).
  4815 | D:7      | 4815 ||| SHOPLISTING runed morningstar (161 gold, have 58).
  4815 | D:7      | 4815 ||| BUYING scroll labelled HEX OTZEMI (23 gold).
  4815 | D:7      | Bought a scroll labelled HEX OTZEMI for 23 gold pieces
  4815 | D:7      | 4815 ||| BUYING viscous inky potion (20 gold).
  4815 | D:7      | Bought a viscous inky potion for 20 gold pieces
  4951 | D:7      | 4951 ||| Stepping ~*~*~tactically~*~*~ (hiding).
  4987 | D:7      | 4987 ||| Stepping ~*~*~tactically~*~*~ (hiding).
  4993 | D:7      | 4993 ||| DRINKING potion of curing.
  4993 | D:7      | 4993 ||| (to cure confusion)
  4996 | D:7      | 4996 ||| Stepping ~*~*~tactically~*~*~ (stealth).
  5008 | D:7      | 5008 ||| FLEEEEING.
  5009 | D:7      | 5009 ||| FLEEEEING.
  5010 | D:7      | 5010 ||| FLEEEEING.
  5011 | D:7      | 5011 ||| FLEEEEING.
  5012 | D:7      | 5012 ||| FLEEEEING.
  5014 | D:7      | 5014 ||| FLEEEEING.
  5015 | D:7      | 5015 ||| FLEEEEING.
  5080 | D:7      | Found a staircase to the Ecumenical Temple.
  5281 | D:7      | Reached *** piety under Okawaru
  5308 | D:7      | 5308 ||| RIP OSSUARY
  5333 | D:7      | 5333 ||| PLANNING D:1-11
  5394 | D:7      | 5394 ||| DROPPING +0 flail.
  5397 | D:7      | Found a runed translucent gate.
  5398 | D:7      | Found a runed translucent gate.
  5399 | D:7      | Found a runed translucent gate.
  5401 | D:7      | Noticed qw's ghost (novice GrFi)
  5473 | D:7      | Found a broken altar of Ashenzari.
  5473 | D:7      | Found a white marble altar of Elyvilon.
  5473 | D:7      | Found a snail-covered altar of Cheibriados.
  5473 | D:7      | Found a hazy altar of Hepliaklqana.
  5474 | D:7      | 5474 ||| Stepping ~*~*~tactically~*~*~ (stealth).
  5481 | D:7      | Reached skill level 9 in Axes
  5486 | D:7      | 5486 ||| INVOKING Heroism.
  5728 | D:7      | 5728 ||| UPGRADING to +1 helmet of intelligence.
  5733 | D:7      | 5733 ||| READING scroll labelled HEX OTZEMI.
  5785 | D:8      | 5785 ||| Stepping ~*~*~tactically~*~*~ (stealth).
  5792 | D:8      | 5792 ||| Stepping ~*~*~tactically~*~*~ (stealth).
  5866 | D:8      | 5866 ||| INVOKING Heroism.
  5871 | D:8      | Reached skill level 6 in Armour
  5899 | D:8      | 5899 ||| INVOKING Heroism.
  5917 | D:8      | 5917 ||| INVOKING Heroism.
  5985 | D:8      | 5985 ||| Stepping ~*~*~tactically~*~*~ (stealth).
  5986 | D:8      | 5986 ||| Stepping ~*~*~tactically~*~*~ (stealth).
  6119 | D:8      | 6119 ||| Stepping ~*~*~tactically~*~*~ (stealth).
  6121 | D:8      | 6121 ||| Stepping ~*~*~tactically~*~*~ (stealth).
  6123 | D:8      | 6123 ||| INVOKING Heroism.
  6127 | D:8      | 6127 ||| Stepping ~*~*~tactically~*~*~ (hiding).
  6138 | D:8      | Reached XP level 10. HP: 55/63 MP: 11/13
  6414 | D:8      | 6414 ||| INVOKING Heroism.
  6416 | D:8      | 6416 ||| Stepping ~*~*~tactically~*~*~ (cloud).
  6426 | D:8      | 6426 ||| Stepping ~*~*~tactically~*~*~ (cloud).
  6606 | D:8      | 6606 ||| UPGRADING to +0 kite shield.
  6616 | D:8      | 6616 ||| DROPPING +0 buckler.
  6617 | D:8      | 6617 ||| DRINKING 2 orange potions.
  6618 | D:8      | 6618 ||| READING 2 scrolls of identify.
  6618 | D:8      | 6618 ||| IDENTIFYING lumpy yellow potion
  6674 | D:9      | 6674 ||| STAIRDANCE
  6841 | D:8      | 6841 ||| READING 2 scrolls of identify.
  6841 | D:8      | 6841 ||| IDENTIFYING viscous inky potion
  6888 | D:9      | 6888 ||| STAIRDANCE
  6891 | D:8      | 6891 ||| INVOKING Heroism.
  6900 | D:8      | Reached skill level 6 in Shields
  7042 | D:9      | 7042 ||| Stepping ~*~*~tactically~*~*~ (hiding).
  7054 | D:9      | 7054 ||| INVOKING Heroism.
  7237 | D:9      | 7237 ||| Stepping ~*~*~tactically~*~*~ (hiding).
  7281 | D:9      | Reached **** piety under Okawaru
  7313 | D:9      | 7313 ||| INVOKING Heroism.
  7338 | D:9      | Noticed a two-headed ogre
  7339 | D:9      | 7339 ||| FLEEEEING.
  7340 | D:9      | 7340 ||| FLEEEEING.
  7341 | D:9      | 7341 ||| FLEEEEING.
  7342 | D:9      | 7342 ||| FLEEEEING.
  7343 | D:9      | 7343 ||| FLEEEEING.
  7344 | D:9      | 7344 ||| FLEEEEING.
  7345 | D:9      | 7345 ||| FLEEEEING.
  7346 | D:9      | 7346 ||| FLEEEEING.
  7348 | D:9      | 7348 ||| FLEEEEING.
  7349 | D:9      | 7349 ||| STAIRDANCE
  7451 | D:9      | 7451 ||| INVOKING Heroism.
  7459 | D:9      | Killed a two-headed ogre
  7519 | D:9      | 7519 ||| INVOKING Heroism.
  7637 | D:9      | 7637 ||| SWAPPING to +4 war axe.
  7638 | D:9      | 7638 ||| DROPPING +0 war axe of freezing.
  7827 | D:9      | Found a white marble altar of Elyvilon.
  7917 | D:9      | 7917 ||| READING scroll labelled UPUHEAZISS.
  7924 | D:9      | Noticed a two-headed ogre
  7928 | D:9      | 7928 ||| INVOKING Heroism.
  7930 | D:9      | 7930 ||| Stepping ~*~*~tactically~*~*~ (hiding).
  7939 | D:9      | Reached skill level 9 in Shields
  7940 | D:9      | Reached skill level 6 in Invocations
  7940 | D:9      | 7940 ||| INVOKING Heroism.
  7945 | D:9      | HP: 4/63 [two-headed ogre/+0 giant spiked club (15)]
  7946 | D:9      | 7946 ||| READING 3 scrolls of teleportation.
  7947 | D:9      | 7947 ||| DRINKING potion of heal wounds.
  7950 | D:9      | Reached XP level 11. HP: 29/67 MP: 12/15
  8131 | D:9      | 8131 ||| INVOKING Heroism.
  8136 | D:9      | Noticed a cyclops
  8151 | D:9      | Identified the +7 mace "Baufibyi" {distort, Stlth+}
  8175 | D:9      | 8175 ||| INVOKING Heroism.
  8182 | D:9      | Killed a two-headed ogre
  8188 | D:9      | 8188 ||| Stepping ~*~*~tactically~*~*~ (hiding).
  8189 | D:9      | 8189 ||| Stepping ~*~*~tactically~*~*~ (hiding).
  8190 | D:9      | 8190 ||| Stepping ~*~*~tactically~*~*~ (hiding).
  8192 | D:9      | 8192 ||| Stepping ~*~*~tactically~*~*~ (hiding).
  8208 | D:9      | 8208 ||| INVOKING Heroism.
  8210 | D:9      | HP: 16/67 [troll (4)]
  8211 | D:9      | 8211 ||| READING 2 scrolls of teleportation.
  8217 | D:9      | 8217 ||| FLEEEEING.
  8218 | D:9      | 8218 ||| STAIRDANCE
  8450 | D:9      | Noticed a centaur warrior
  8467 | D:9      | 8467 ||| INVOKING Heroism.
  8469 | D:9      | Killed a centaur warrior
  8540 | D:9      | 8540 ||| FLEEEEING.
  8562 | D:9      | 8562 ||| INVOKING Heroism.
  8564 | D:9      | Noticed a centaur warrior
  8567 | D:9      | 8567 ||| READING 2 scrolls of identify.
  8567 | D:9      | 8567 ||| IDENTIFYING metallic pink potion
  8568 | D:9      | 8568 ||| DROPPING potion of degeneration.
  8569 | D:9      | 8569 ||| Stepping ~*~*~tactically~*~*~ (hiding).
  8581 | D:9      | Killed a centaur warrior
  8682 | D:9      | Received a gift from Okawaru
  8723 | D:9      | 8723 ||| Stepping ~*~*~tactically~*~*~ (hiding).
  8727 | D:9      | 8727 ||| INVOKING Heroism.
  8735 | D:9      | Killed a cyclops
  8862 | D:10     | Entered Level 10 of the Dungeon
  8862 | D:10     | Found a portal to a secret trove of treasure.
  8886 | D:10     | Noticed a two-headed ogre
  8887 | D:10     | 8887 ||| INVOKING Heroism.
  8895 | D:10     | Killed a two-headed ogre
  8917 | D:10     | 8917 ||| Stepping ~*~*~tactically~*~*~ (hiding).
  8920 | D:10     | 8920 ||| Stepping ~*~*~tactically~*~*~ (hiding).
  8942 | D:10     | 8942 ||| INVOKING Heroism.
  9091 | D:10     | Noticed a two-headed ogre
  9092 | D:10     | 9092 ||| INVOKING Heroism.
  9098 | D:10     | Killed a two-headed ogre
  9117 | D:10     | Found a radiant altar of Vehumet.
  9118 | D:10     | Found a sparkling altar of Nemelex Xobeh.
  9126 | D:10     | Found a runed translucent door.
  9126 | D:10     | Found a shimmering altar of Xom.
  9126 | D:10     | Noticed qw's ghost (novice GrFi)
  9126 | D:10     | Noticed a +0 dire flail of chaos
  9145 | D:10     | Found a staircase to the Orcish Mines.
  9157 | D:10     | 9157 ||| INVOKING Heroism.
  9350 | D:10     | Identified the +9 war axe of Ravage {spect, rN+ Will+ SInv}
  9352 | D:10     | 9352 ||| SWAPPING to +9 war axe of Ravage {spect, rN+ Will+
                  | SInv}.
  9375 | D:10     | 9375 ||| INVOKING Heroism.
  9377 | D:10     | Reached skill level 3 in Throwing
  9377 | D:10     | Reached skill level 9 in Invocations
  9377 | D:10     | Reached XP level 12. HP: 46/74 MP: 15/18
  9466 | D:10     | 9466 ||| DROPPING +4 flail.
  9479 | D:10     | 9479 ||| Stepping ~*~*~tactically~*~*~ (stealth).
  9482 | D:10     | 9482 ||| Stepping ~*~*~tactically~*~*~ (hiding).
  9483 | D:10     | 9483 ||| Stepping ~*~*~tactically~*~*~ (hiding).
  9488 | D:10     | 9488 ||| INVOKING Heroism.
  9693 | D:10     | 9693 ||| Stepping ~*~*~tactically~*~*~ (stealth).
  9711 | D:10     | 9711 ||| INVOKING Heroism.
  9904 | D:10     | 9904 ||| DROPPING amulet of magic regeneration.
  9905 | D:10     | 9905 ||| READING scroll labelled POME TECUCRIDA.
  9905 | D:10     | Identified a scroll of acquirement
  9905 | D:10     | 9905 ||| ACQUIRING +3 heavy broad axe
  9905 | D:10     | Acquired a +3 heavy broad axe
  9907 | D:10     | 9907 ||| DROPPING +4 war axe.
  9962 | D:11     | Found Womuw's Distillery.
  9973 | D:11     | 9973 ||| Stepping ~*~*~tactically~*~*~ (hiding).
  9977 | D:11     | 9977 ||| INVOKING Heroism.
 10036 | D:11     | 10036 ||| BUYING potion of cancellation (128 gold).
 10036 | D:11     | Bought a potion of cancellation for 128 gold pieces
 10036 | D:11     | 10036 ||| BUYING potion of curing (48 gold).
 10036 | D:11     | Bought a potion of curing for 48 gold pieces
 10036 | D:11     | 10036 ||| BUYING potion of curing (48 gold).
 10036 | D:11     | Bought a potion of curing for 48 gold pieces
 10036 | D:11     | 10036 ||| BUYING potion of curing (48 gold).
 10036 | D:11     | Bought a potion of curing for 48 gold pieces
 10036 | D:11     | 10036 ||| BUYING potion of heal wounds (80 gold).
 10036 | D:11     | Bought a potion of heal wounds for 80 gold pieces
 10207 | D:11     | Identified the +2 robe of Focus {rF+ rCorr Str-3}
 10350 | D:11     | 10350 ||| Stepping ~*~*~tactically~*~*~ (stealth).
 10404 | D:11     | 10404 ||| INVOKING Heroism.
 10457 | D:11     | Found a staircase to the Lair.
 10522 | D:11     | 10522 ||| Stepping ~*~*~tactically~*~*~ (stealth).
 10524 | D:11     | 10524 ||| Stepping ~*~*~tactically~*~*~ (stealth).
 10538 | D:11     | Reached ***** piety under Okawaru
 10619 | D:11     | Noticed a two-headed ogre
 10626 | D:11     | Killed a two-headed ogre
 10722 | D:11     | 10722 ||| PLANNING LAIR
 10763 | Lair:1   | Entered Level 1 of the Lair of Beasts
 10807 | Lair:1   | Noticed Gastronok
 10808 | Lair:1   | 10808 ||| INVOKING Heroism.
 10826 | Lair:1   | Killed Gastronok
 10826 | Lair:1   | Received a gift from Okawaru
 10896 | Lair:1   | Reached skill level 9 in Fighting
 10919 | Lair:1   | 10919 ||| Stepping ~*~*~tactically~*~*~ (stealth).
 10955 | Lair:1   | 10955 ||| Stepping ~*~*~tactically~*~*~ (stealth).
 11149 | Lair:1   | 11149 ||| Stepping ~*~*~tactically~*~*~ (stealth).
 11151 | Lair:1   | 11151 ||| Stepping ~*~*~tactically~*~*~ (stealth).
 11258 | Lair:1   | Identified the +4 storm dragon scales of Valour {rElec
                  | Dex+4} (Okawaru gifted it to you on level 1 of the Lair of
                  | Beasts)
 11258 | Lair:1   | Received a gift from Okawaru
 11272 | Lair:1   | Identified the staff of poison "Suag" {rPois rF+}
 11436 | Lair:1   | 11436 ||| Stepping ~*~*~tactically~*~*~ (stealth).
 11437 | Lair:1   | 11437 ||| Stepping ~*~*~tactically~*~*~ (stealth).
 11618 | Lair:1   | 11618 ||| UPGRADING to +4 storm dragon scales of Valour
                  | {rElec Dex+4}.
 11628 | Lair:1   | 11628 ||| DROPPING +2 plate armour of poison resistance.
 11645 | Lair:2   | 11645 ||| INVOKING Heroism.
 11697 | Lair:2   | 11697 ||| Stepping ~*~*~tactically~*~*~ (stealth).
 11698 | Lair:2   | 11698 ||| Stepping ~*~*~tactically~*~*~ (stealth).
 11820 | Lair:2   | Noticed Harold
 11821 | Lair:2   | 11821 ||| Stepping ~*~*~tactically~*~*~ (hiding).
 11826 | Lair:2   | 11826 ||| INVOKING Heroism.
 11832 | Lair:2   | Killed Harold
 11833 | Lair:2   | Reached skill level 12 in Axes
 11833 | Lair:2   | Reached XP level 13. HP: 53/80 MP: 18/20
 11959 | Lair:2   | Found a glowing golden altar of the Shining One.
 11997 | Lair:2   | 11997 ||| Stepping ~*~*~tactically~*~*~ (hiding).
 12002 | Lair:2   | 12002 ||| INVOKING Heroism.
 12103 | Lair:2   | 12103 ||| INVOKING Heroism.
 12104 | Lair:2   | 12104 ||| Stepping ~*~*~tactically~*~*~ (stealth).
 12122 | Lair:2   | Reached skill level 9 in Armour
 12218 | Lair:2   | Found a snail-covered altar of Cheibriados.
 12219 | Lair:2   | 12219 ||| FLEEEEING.
 12220 | Lair:2   | 12220 ||| FLEEEEING.
 12221 | Lair:2   | 12221 ||| FLEEEEING.
 12222 | Lair:2   | 12222 ||| FLEEEEING.
 12223 | Lair:2   | 12223 ||| FLEEEEING.
 12224 | Lair:2   | 12224 ||| FLEEEEING.
 12226 | Lair:2   | 12226 ||| FLEEEEING.
 12228 | Lair:2   | 12228 ||| INVOKING Heroism.
 12233 | Lair:2   | Reached skill level 3 in Dodging
 12279 | Lair:2   | Found a hole to the Spider Nest.
 12393 | Lair:2   | 12393 ||| INVOKING Heroism.
 12447 | Lair:2   | 12447 ||| FLEEEEING.
 12448 | Lair:2   | 12448 ||| FLEEEEING.
 12449 | Lair:2   | 12449 ||| FLEEEEING.
 12450 | Lair:2   | 12450 ||| FLEEEEING.
 12452 | Lair:2   | 12452 ||| INVOKING Heroism.
 12591 | Lair:2   | 12591 ||| INVOKING Heroism.
 12708 | Lair:3   | Noticed Kirke
 12709 | Lair:3   | 12709 ||| INVOKING Heroism.
 12711 | Lair:3   | 12711 ||| DRINKING 2 potions of cancellation.
 12721 | Lair:3   | Killed Kirke
 12863 | Lair:3   | 12863 ||| INVOKING Heroism.
 12889 | Lair:3   | Found a staircase to the Shoals.
 12945 | Lair:3   | 12945 ||| Stepping ~*~*~tactically~*~*~ (hiding).
 13220 | Lair:3   | 13220 ||| INVOKING Heroism.
 13512 | Lair:3   | 13512 ||| READING 4 scrolls of identify.
 13512 | Lair:3   | 13512 ||| IDENTIFYING bubbling dark potion
 13537 | Lair:4   | 13537 ||| INVOKING Heroism.
 13614 | Lair:4   | 13614 ||| Stepping ~*~*~tactically~*~*~ (stealth).
 13696 | Lair:4   | 13696 ||| Stepping ~*~*~tactically~*~*~ (stealth).
 13713 | Lair:4   | 13713 ||| INVOKING Heroism.
 13948 | Lair:4   | 13948 ||| INVOKING Heroism.
 13983 | Lair:4   | 13983 ||| Stepping ~*~*~tactically~*~*~ (stealth).
 14003 | Lair:4   | Noticed a dire elephant
 14003 | Lair:4   | 14003 ||| INVOKING Heroism.
 14007 | Lair:4   | Gained mutation: Your large and strong wings let you fly.
                  | [Gargoyle growth]
 14007 | Lair:4   | Reached XP level 14. HP: 88/88 MP: 18/21
 14016 | Lair:4   | Killed a dire elephant
 14085 | Lair:4   | Noticed a dire elephant
 14086 | Lair:4   | 14086 ||| INVOKING Heroism.
 14094 | Lair:4   | 14094 ||| INVOKING Finesse.
 14101 | Lair:4   | 14101 ||| Stepping ~*~*~tactically~*~*~ (hiding).
 14111 | Lair:4   | Killed a dire elephant
 14111 | Lair:4   | Received a gift from Okawaru
 14202 | Lair:4   | 14202 ||| READING scroll of acquirement.
 14202 | Lair:4   | 14202 ||| ACQUIRING ring of Knowledge {rPois rC+ rN++
                  | Stlth+}
 14202 | Lair:4   | Acquired the ring of Knowledge {rPois rC+ rN++ Stlth+}
 14204 | Lair:4   | 14204 ||| UPGRADING to ring of Knowledge {rPois rC+ rN++
                  | Stlth+}.
 14376 | Lair:4   | 14376 ||| UPGRADING to amulet of the acrobat.
 14381 | Lair:4   | 14381 ||| READING 3 scrolls of identify.
 14381 | Lair:4   | 14381 ||| IDENTIFYING cyan potion
 14382 | Lair:4   | 14382 ||| READING 2 scrolls of identify.
 14382 | Lair:4   | 14382 ||| IDENTIFYING emerald potion
 14383 | Lair:4   | 14383 ||| DROPPING potion of brilliance.
 14384 | Lair:4   | 14384 ||| DROPPING potion of invisibility.
 14428 | Lair:5   | Entered Level 5 of the Lair of Beasts
 14445 | Lair:5   | 14445 ||| STAIRDANCE
 14485 | Lair:5   | 14485 ||| STAIRDANCE
 14542 | Lair:5   | Identified the +8 tower shield of Lust {Int+2}
 14806 | Lair:5   | 14806 ||| FLEEEEING.
 14881 | Lair:5   | 14881 ||| Stepping ~*~*~tactically~*~*~ (stealth).
 14911 | Lair:5   | 14911 ||| Stepping ~*~*~tactically~*~*~ (hiding).
 14913 | Lair:5   | 14913 ||| Stepping ~*~*~tactically~*~*~ (hiding).
 14914 | Lair:5   | 14914 ||| Stepping ~*~*~tactically~*~*~ (stealth).
 14916 | Lair:5   | 14916 ||| INVOKING Heroism.
 14931 | Lair:5   | 14931 ||| INVOKING Finesse.
 14938 | Lair:5   | Reached skill level 12 in Shields
 15234 | Lair:5   | 15234 ||| INVOKING Heroism.
 15235 | Lair:5   | 15235 ||| INVOKING Finesse.
 15237 | Lair:5   | 15237 ||| SWAPPING to +0 morningstar.
 15249 | Lair:5   | 15249 ||| SWAPPING to +9 war axe of Ravage {spect, rN+
                  | Will+ SInv}.
 15400 | Lair:5   | 15400 ||| Stepping ~*~*~tactically~*~*~ (hiding).
 15413 | Lair:5   | 15413 ||| INVOKING Heroism.
 15415 | Lair:5   | 15415 ||| Stepping ~*~*~tactically~*~*~ (cloud).
 15434 | Lair:5   | 15434 ||| Stepping ~*~*~tactically~*~*~ (stealth).
 15435 | Lair:5   | 15435 ||| FLEEEEING.
 15436 | Lair:5   | 15436 ||| FLEEEEING.
 15437 | Lair:5   | 15437 ||| FLEEEEING.
 15438 | Lair:5   | 15438 ||| FLEEEEING.
 15439 | Lair:5   | 15439 ||| FLEEEEING.
 15444 | Lair:5   | 15444 ||| STAIRDANCE
 15504 | Lair:4   | 15504 ||| UPGRADING to +8 tower shield of Lust {Int+2}.
 15514 | Lair:4   | 15514 ||| DROPPING +0 kite shield.
 15515 | Lair:4   | 15515 ||| READING 3 scrolls of identify.
 15515 | Lair:4   | 15515 ||| IDENTIFYING lumpy green potion
 15521 | Lair:5   | 15521 ||| Stepping ~*~*~tactically~*~*~ (hiding).
 15523 | Lair:5   | 15523 ||| Stepping ~*~*~tactically~*~*~ (hiding).
 15565 | Lair:5   | 15565 ||| Stepping ~*~*~tactically~*~*~ (stealth).
 15681 | Lair:5   | 15681 ||| Stepping ~*~*~tactically~*~*~ (stealth).
 15682 | Lair:5   | 15682 ||| Stepping ~*~*~tactically~*~*~ (stealth).
 15704 | Lair:5   | 15704 ||| Stepping ~*~*~tactically~*~*~ (hiding).
 15726 | Lair:5   | Received a gift from Okawaru
 15784 | Lair:5   | Received a gift from Okawaru
 15785 | Lair:5   | Reached XP level 15. HP: 74/94 MP: 22/22
 15844 | Lair:5   | Found a corrupted altar of Lugonu.
 15844 | Lair:5   | Found a one-way gate to the infinite horrors of the Abyss.
 15863 | Lair:5   | Identified the +3 rapier "Marcheaz" {flame, Str-3 Int+5
                  | SInv}
 16021 | Lair:5   | 16021 ||| INVOKING Heroism.
 16314 | Lair:5   | 16314 ||| INVOKING Heroism.
 16315 | Lair:5   | 16315 ||| INVOKING Finesse.
 16316 | Lair:5   | Found a staircase to the Slime Pits.
 16462 | Lair:5   | 16462 ||| PLANNING D
 16788 | D:12     | 16788 ||| Stepping ~*~*~tactically~*~*~ (stealth).
 16836 | D:12     | 16836 ||| READING 2 scrolls of enchant armour.
 16836 | D:12     | 16836 ||| ENCHANTING +0 pair of gloves.
 16837 | D:12     | 16837 ||| READING scroll of enchant armour.
 16837 | D:12     | 16837 ||| ENCHANTING +1 pair of gloves.
 16874 | D:12     | Received a gift from Okawaru
 17183 | D:12     | 17183 ||| READING scroll labelled VUHAICR YRHIS.
 17415 | D:13     | 17415 ||| INVOKING Heroism.
 17476 | D:13     | 17476 ||| FLEEEEING.
 17477 | D:13     | 17477 ||| FLEEEEING.
 17478 | D:13     | 17478 ||| FLEEEEING.
 17480 | D:13     | 17480 ||| Stepping ~*~*~tactically~*~*~ (hiding).
 17483 | D:13     | 17483 ||| INVOKING Heroism.
 17512 | D:13     | Reached skill level 15 in Shields
 17789 | D:13     | Found a gate to the Vaults.
 18019 | D:14     | 18019 ||| Stepping ~*~*~tactically~*~*~ (hiding).
 18301 | D:14     | Received a gift from Okawaru
 18382 | D:14     | 18382 ||| Stepping ~*~*~tactically~*~*~ (hiding).
 18597 | D:14     | 18597 ||| Stepping ~*~*~tactically~*~*~ (hiding).
 18634 | D:14     | 18634 ||| Stepping ~*~*~tactically~*~*~ (hiding).
 18890 | D:14     | 18890 ||| Stepping ~*~*~tactically~*~*~ (hiding).
 18891 | D:14     | 18891 ||| Stepping ~*~*~tactically~*~*~ (hiding).
 18929 | D:14     | Received a gift from Okawaru
 19022 | D:14     | 19022 ||| Stepping ~*~*~tactically~*~*~ (hiding).
 19023 | D:14     | 19023 ||| Stepping ~*~*~tactically~*~*~ (hiding).
 19032 | D:14     | Reached skill level 15 in Axes
 19089 | D:14     | 19089 ||| INVOKING Heroism.
 19090 | D:14     | 19090 ||| INVOKING Finesse.
 19092 | D:14     | 19092 ||| SWAPPING to +0 morningstar.
 19102 | D:14     | 19102 ||| SWAPPING to +9 war axe of Ravage {spect, rN+
                  | Will+ SInv}.
 19257 | D:15     | Entered Level 15 of the Dungeon
 19265 | D:15     | 19265 ||| STAIRDANCE
 19327 | D:15     | Received a gift from Okawaru
 19480 | D:15     | 19480 ||| Stepping ~*~*~tactically~*~*~ (hiding).
 19523 | D:15     | Found a frozen archway.
 19524 | D:15     | 19524 ||| INVOKING Heroism.
 19525 | D:15     | 19525 ||| INVOKING Finesse.
 19526 | D:15     | 19526 ||| INVOKING Finesse.
 19533 | D:15     | 19533 ||| Stepping ~*~*~tactically~*~*~ (cloud).
 19584 | D:15     | Found a staircase to the Depths.
 19584 | D:15     | Noticed a fire giant
 19585 | D:15     | 19585 ||| INVOKING Heroism.
 19591 | D:15     | HP: 20/96 [fire giant/fireball (17)]
 19592 | D:15     | 19592 ||| READING 5 scrolls of teleportation.
 19593 | D:15     | 19593 ||| DRINKING 2 potions of heal wounds.
 19594 | D:15     | HP: 4/96 [fire giant/+0 great sword of flaming (9)]
 19595 | D:15     | 19595 ||| DRINKING potion of heal wounds.
 19601 | D:15     | HP: 22/96 [barbs]
 19602 | D:15     | 19602 ||| READING 4 scrolls of teleportation.
 19948 | D:15     | Reached skill level 12 in Fighting
 19955 | D:15     | 19955 ||| INVOKING Heroism.
 19965 | D:15     | Killed a fire giant
 19966 | D:15     | 19966 ||| FLEEEEING.
 19967 | D:15     | 19967 ||| FLEEEEING.
 19968 | D:15     | 19968 ||| FLEEEEING.
 19969 | D:15     | 19969 ||| FLEEEEING.
 19970 | D:15     | 19970 ||| FLEEEEING.
 19971 | D:15     | 19971 ||| FLEEEEING.
 19972 | D:15     | 19972 ||| FLEEEEING.
 19973 | D:15     | 19973 ||| FLEEEEING.
 19974 | D:15     | 19974 ||| FLEEEEING.
 19976 | D:15     | 19976 ||| FLEEEEING.
 19977 | D:15     | 19977 ||| FLEEEEING.
 19978 | D:15     | 19978 ||| FLEEEEING.
 19979 | D:15     | 19979 ||| FLEEEEING.
 19980 | D:15     | 19980 ||| FLEEEEING.
 19981 | D:15     | 19981 ||| FLEEEEING.
 19989 | D:15     | Received a gift from Okawaru
 19990 | D:15     | 19990 ||| FLEEEEING.
 19991 | D:15     | 19991 ||| FLEEEEING.
 19992 | D:15     | 19992 ||| FLEEEEING.
 19993 | D:15     | 19993 ||| FLEEEEING.
 19994 | D:15     | 19994 ||| FLEEEEING.
 19995 | D:15     | 19995 ||| FLEEEEING.
 19996 | D:15     | 19996 ||| FLEEEEING.
 19997 | D:15     | 19997 ||| FLEEEEING.
 19998 | D:15     | 19998 ||| FLEEEEING.
 19999 | D:15     | 19999 ||| FLEEEEING.
 20000 | D:15     | 20000 ||| FLEEEEING.
 20001 | D:15     | 20001 ||| STAIRDANCE
 20134 | D:14     | 20134 ||| DROPPING +6 ring of intelligence.
 20170 | D:15     | Found Paits's Antique Weapon Boutique.
 20323 | D:15     | 20323 ||| INVOKING Heroism.
 20327 | D:15     | 20327 ||| Stepping ~*~*~tactically~*~*~ (hiding).
 20333 | D:15     | Reached XP level 16. HP: 101/101 MP: 21/23
 20362 | D:15     | 20362 ||| Stepping ~*~*~tactically~*~*~ (hiding).
 20420 | D:15     | Received a gift from Okawaru
 20456 | D:15     | 20456 ||| INVOKING Heroism.
 20697 | D:15     | Received a gift from Okawaru
 20795 | D:15     | 20795 ||| PLANNING ORC
 20795 | D:15     | 20795 ||| DROPPING 7 boomerangs.
 20914 | Orc:1    | Entered Level 1 of the Orcish Mines
 20918 | Orc:1    | 20918 ||| Stepping ~*~*~tactically~*~*~ (stealth).
 20930 | Orc:1    | 20930 ||| DROPPING +0 morningstar.
 20949 | Orc:1    | 20949 ||| Stepping ~*~*~tactically~*~*~ (hiding).
 20963 | Orc:1    | 20963 ||| Stepping ~*~*~tactically~*~*~ (hiding).
 20966 | Orc:1    | 20966 ||| Stepping ~*~*~tactically~*~*~ (hiding).
 20967 | Orc:1    | 20967 ||| Stepping ~*~*~tactically~*~*~ (hiding).
 20975 | Orc:1    | 20975 ||| FLEEEEING.
 20976 | Orc:1    | 20976 ||| FLEEEEING.
 20977 | Orc:1    | 20977 ||| FLEEEEING.
 20978 | Orc:1    | 20978 ||| FLEEEEING.
 20979 | Orc:1    | 20979 ||| FLEEEEING.
 20980 | Orc:1    | 20980 ||| FLEEEEING.
 20981 | Orc:1    | 20981 ||| FLEEEEING.
 20983 | Orc:1    | 20983 ||| FLEEEEING.
 20984 | Orc:1    | 20984 ||| FLEEEEING.
 21058 | Orc:1    | 21058 ||| Stepping ~*~*~tactically~*~*~ (hiding).
 21139 | Orc:1    | Identified the +4 ring mail of the Tundras {Rampage rElec
                  | rCorr Str+3} (Okawaru gifted it to you on level 1 of the
                  | Orcish Mines)
 21139 | Orc:1    | Received a gift from Okawaru
 21495 | Orc:1    | 21495 ||| DROPPING +0 acid dragon scales.
 21496 | Orc:1    | 21496 ||| DROPPING 4 boomerangs.
 21503 | Orc:2    | Entered Level 2 of the Orcish Mines
 21508 | Orc:2    | 21508 ||| INVOKING Heroism.
 21570 | Orc:2    | 21570 ||| Stepping ~*~*~tactically~*~*~ (stealth).
 21572 | Orc:2    | 21572 ||| Stepping ~*~*~tactically~*~*~ (hiding).
 21573 | Orc:2    | 21573 ||| Stepping ~*~*~tactically~*~*~ (hiding).
 21765 | Orc:2    | 21765 ||| Stepping ~*~*~tactically~*~*~ (stealth).
 21767 | Orc:2    | 21767 ||| Stepping ~*~*~tactically~*~*~ (stealth).
 21769 | Orc:2    | Noticed Josephine
 21778 | Orc:2    | Killed Josephine
 21872 | Orc:2    | 21872 ||| INVOKING Heroism.
 21880 | Orc:2    | 21880 ||| INVOKING Finesse.
 21984 | Orc:2    | 21984 ||| INVOKING Heroism.
 22067 | Orc:2    | 22067 ||| INVOKING Heroism.
 22068 | Orc:2    | 22068 ||| Stepping ~*~*~tactically~*~*~ (hiding).
 22078 | Orc:2    | Found Dyjon's Antique Armour Shoppe.
 22187 | Orc:2    | Found Daagg's General Store.
 22198 | Orc:2    | 22198 ||| BUYING ice dragon scales (1500 gold).
 22198 | Orc:2    | Bought ice dragon scales for 1500 gold pieces
 22202 | Orc:2    | 22202 ||| BUYING potion of attraction (42 gold).
 22202 | Orc:2    | Bought a potion of attraction for 42 gold pieces
 22202 | Orc:2    | 22202 ||| SHOPLISTING potion of curing (42 gold, have 6).
 22202 | Orc:2    | 22202 ||| SHOPLISTING potion of heal wounds (70 gold, have
                  | 6).
 22202 | Orc:2    | 22202 ||| SHOPLISTING scroll of teleportation (42 gold,
                  | have 6).
 22212 | Orc:2    | 22212 ||| INVOKING Heroism.
 22242 | Orc:2    | Found Kivosul's Antique Weapon Shop.
 22298 | Orc:2    | Found Conkad's Antique Armour Shoppe.
 22299 | Orc:2    | 22299 ||| INVOKING Heroism.
 22507 | Orc:2    | 22507 ||| INVOKING Heroism.
 22563 | Orc:2    | Found Lagaw's Antique Armour Shoppe.
 22602 | Orc:2    | 22602 ||| INVOKING Heroism.
 22730 | Orc:2    | Found a staircase to the Elven Halls.
 23000 | Orc:2    | 23000 ||| PLANNING SHOALS:1-3
 23000 | Orc:2    | 23000 ||| DROPPING 2 boomerangs.
 23105 | Shoals:1 | Entered Level 1 of the Shoals
 23106 | Shoals:1 | 23106 ||| INVOKING Heroism.
 23137 | Shoals:1 | 23137 ||| Stepping ~*~*~tactically~*~*~ (hiding).
 23389 | Shoals:1 | Reached skill level 12 in Armour
 23590 | Shoals:1 | 23590 ||| INVOKING Heroism.
 23724 | Shoals:1 | Reached XP level 17. HP: 108/108 MP: 24/24
 23731 | Shoals:1 | 23731 ||| Stepping ~*~*~tactically~*~*~ (hiding).
 23732 | Shoals:1 | 23732 ||| Stepping ~*~*~tactically~*~*~ (hiding).
 23734 | Shoals:1 | 23734 ||| Stepping ~*~*~tactically~*~*~ (hiding).
 23735 | Shoals:1 | 23735 ||| Stepping ~*~*~tactically~*~*~ (hiding).
 23736 | Shoals:1 | 23736 ||| Stepping ~*~*~tactically~*~*~ (hiding).
 23874 | Shoals:1 | 23874 ||| Stepping ~*~*~tactically~*~*~ (hiding).
 23875 | Shoals:1 | 23875 ||| INVOKING Heroism.
 23882 | Shoals:1 | Reached skill level 6 in Throwing
 23887 | Shoals:1 | 23887 ||| Stepping ~*~*~tactically~*~*~ (hiding).
 23888 | Shoals:1 | 23888 ||| Stepping ~*~*~tactically~*~*~ (hiding).
 23893 | Shoals:1 | 23893 ||| Stepping ~*~*~tactically~*~*~ (stealth).
 23902 | Shoals:1 | 23902 ||| Stepping ~*~*~tactically~*~*~ (stealth).
 23940 | Shoals:1 | 23940 ||| INVOKING Heroism.
 23959 | Shoals:1 | Received a gift from Okawaru
 23966 | Shoals:1 | 23966 ||| Stepping ~*~*~tactically~*~*~ (stealth).
 23975 | Shoals:1 | 23975 ||| Stepping ~*~*~tactically~*~*~ (stealth).
 23978 | Shoals:1 | 23978 ||| Stepping ~*~*~tactically~*~*~ (stealth).
 23990 | Shoals:1 | 23990 ||| INVOKING Heroism.
 24318 | Shoals:2 | 24318 ||| INVOKING Heroism.
 24376 | Shoals:2 | 24376 ||| READING scroll of enchant armour.
 24376 | Shoals:2 | 24376 ||| ENCHANTING +1 helmet of intelligence.
 24545 | Shoals:2 | Found a runed translucent door.
 24545 | Shoals:2 | Found a shimmering altar of Xom.
 24545 | Shoals:2 | Noticed popps's ghost (adept GrFi)
 24900 | Shoals:2 | 24900 ||| READING scroll labelled RUDOHEICEL.
 24948 | Shoals:2 | 24948 ||| READING 8 scrolls of identify.
 24948 | Shoals:2 | 24948 ||| IDENTIFYING coppery potion
 24949 | Shoals:2 | 24949 ||| DRINKING potion of experience.
 24949 | Shoals:2 | Reached XP level 18. HP: 117/117 MP: 25/25
 24950 | Shoals:2 | 24950 ||| DROPPING +1 hand axe of flaming.
 25009 | Shoals:3 | 25009 ||| INVOKING Heroism.
 25038 | Shoals:3 | Reached skill level 18 in Shields
 25071 | Shoals:3 | Found a runed translucent gate.
 25071 | Shoals:3 | Found a runed translucent gate.
 25071 | Shoals:3 | Found a runed translucent gate.
 25083 | Shoals:3 | 25083 ||| INVOKING Heroism.
 25119 | Shoals:3 | 25119 ||| Stepping ~*~*~tactically~*~*~ (stealth).
 25120 | Shoals:3 | 25120 ||| Stepping ~*~*~tactically~*~*~ (stealth).
 25121 | Shoals:3 | 25121 ||| Stepping ~*~*~tactically~*~*~ (stealth).
 25153 | Shoals:3 | Noticed Ilsuiw
 25156 | Shoals:3 | 25156 ||| Stepping ~*~*~tactically~*~*~ (hiding).
 25157 | Shoals:3 | 25157 ||| Stepping ~*~*~tactically~*~*~ (hiding).
 25158 | Shoals:3 | 25158 ||| Stepping ~*~*~tactically~*~*~ (hiding).
 25162 | Shoals:3 | 25162 ||| INVOKING Heroism.
 25171 | Shoals:3 | Killed Ilsuiw
 25514 | Shoals:3 | 25514 ||| Stepping ~*~*~tactically~*~*~ (hiding).
 25636 | Shoals:3 | 25636 ||| Stepping ~*~*~tactically~*~*~ (hiding).
 25799 | Shoals:3 | 25799 ||| Stepping ~*~*~tactically~*~*~ (stealth).
 25976 | Shoals:3 | Noticed Amuaxidi's ghost (adept FoCK)
 25977 | Shoals:3 | Noticed Tang's ghost (adept TeAE)
 25977 | Shoals:3 | Noticed Heh's ghost (adept DsGl)
 25980 | Shoals:3 | 25980 ||| PLANNING SPIDER:1-3
 25980 | Shoals:3 | 25980 ||| UPGRADING to amulet of faith.
 25990 | Shoals:3 | 25990 ||| READING scroll labelled ZOBLOXUJOL.
 26096 | Spider:1 | Entered Level 1 of the Spider Nest
 26110 | Spider:1 | 26110 ||| Stepping ~*~*~tactically~*~*~ (stealth).
 26118 | Spider:1 | 26118 ||| Stepping ~*~*~tactically~*~*~ (hiding).
 26165 | Spider:1 | Found a runed translucent door.
 26169 | Spider:1 | Noticed qw's ghost (adept GrFi)
 26242 | Spider:1 | 26242 ||| Stepping ~*~*~tactically~*~*~ (stealth).
 26319 | Spider:1 | Received a gift from Okawaru
 26365 | Spider:1 | 26365 ||| INVOKING Finesse.
 26441 | Spider:1 | 26441 ||| FLEEEEING.
 26442 | Spider:1 | 26442 ||| FLEEEEING.
 26443 | Spider:1 | 26443 ||| FLEEEEING.
 26444 | Spider:1 | 26444 ||| FLEEEEING.
 26445 | Spider:1 | 26445 ||| FLEEEEING.
 26446 | Spider:1 | 26446 ||| FLEEEEING.
 26449 | Spider:1 | 26449 ||| FLEEEEING.
 26450 | Spider:1 | 26450 ||| FLEEEEING.
 26451 | Spider:1 | 26451 ||| FLEEEEING.
 26452 | Spider:1 | 26452 ||| FLEEEEING.
 26454 | Spider:1 | 26454 ||| FLEEEEING.
 26455 | Spider:1 | 26455 ||| FLEEEEING.
 26456 | Spider:1 | 26456 ||| FLEEEEING.
 26457 | Spider:1 | 26457 ||| FLEEEEING.
 26458 | Spider:1 | 26458 ||| FLEEEEING.
 26459 | Spider:1 | 26459 ||| FLEEEEING.
 26460 | Spider:1 | 26460 ||| FLEEEEING.
 26461 | Spider:1 | 26461 ||| FLEEEEING.
 26462 | Spider:1 | 26462 ||| FLEEEEING.
 26463 | Spider:1 | 26463 ||| FLEEEEING.
 26464 | Spider:1 | 26464 ||| FLEEEEING.
 26465 | Spider:1 | 26465 ||| FLEEEEING.
 26466 | Spider:1 | 26466 ||| FLEEEEING.
 26467 | Spider:1 | 26467 ||| FLEEEEING.
 26468 | Spider:1 | 26468 ||| FLEEEEING.
 26469 | Spider:1 | 26469 ||| FLEEEEING.
 26527 | Spider:1 | 26527 ||| Stepping ~*~*~tactically~*~*~ (hiding).
 26528 | Spider:1 | 26528 ||| Stepping ~*~*~tactically~*~*~ (hiding).
 26687 | Spider:1 | 26687 ||| Stepping ~*~*~tactically~*~*~ (stealth).
 26718 | Spider:1 | 26718 ||| Stepping ~*~*~tactically~*~*~ (stealth).
 26719 | Spider:1 | 26719 ||| Stepping ~*~*~tactically~*~*~ (stealth).
 26720 | Spider:1 | 26720 ||| Stepping ~*~*~tactically~*~*~ (stealth).
 26760 | Spider:1 | 26760 ||| INVOKING Finesse.
 26764 | Spider:1 | Reached skill level 15 in Fighting
 26848 | Spider:1 | 26848 ||| Stepping ~*~*~tactically~*~*~ (stealth).
 27023 | Spider:2 | 27023 ||| Stepping ~*~*~tactically~*~*~ (hiding).
 27036 | Spider:2 | Received a gift from Okawaru
 27087 | Spider:2 | 27087 ||| INVOKING Finesse.
 27090 | Spider:2 | 27090 ||| INVOKING Heroism.
 27251 | Spider:2 | 27251 ||| INVOKING Heroism.
 27253 | Spider:2 | 27253 ||| Stepping ~*~*~tactically~*~*~ (stealth).
 27255 | Spider:2 | 27255 ||| Stepping ~*~*~tactically~*~*~ (stealth).
 27340 | Spider:2 | 27340 ||| Stepping ~*~*~tactically~*~*~ (stealth).
 27341 | Spider:2 | 27341 ||| Stepping ~*~*~tactically~*~*~ (stealth).
 27348 | Spider:2 | 27348 ||| Stepping ~*~*~tactically~*~*~ (stealth).
 27349 | Spider:2 | 27349 ||| INVOKING Heroism.
 27486 | Spider:2 | 27486 ||| Stepping ~*~*~tactically~*~*~ (hiding).
 27596 | Spider:2 | 27596 ||| Stepping ~*~*~tactically~*~*~ (stealth).
 27742 | Spider:3 | Received a gift from Okawaru
 27867 | Spider:3 | 27867 ||| Stepping ~*~*~tactically~*~*~ (stealth).
 27903 | Spider:3 | Received a gift from Okawaru
 27961 | Spider:3 | 27961 ||| Stepping ~*~*~tactically~*~*~ (stealth).
 27962 | Spider:3 | 27962 ||| Stepping ~*~*~tactically~*~*~ (stealth).
 27969 | Spider:3 | 27969 ||| Stepping ~*~*~tactically~*~*~ (stealth).
 28088 | Spider:3 | Noticed Arachne
 28105 | Spider:3 | Killed Arachne
 28137 | Spider:3 | 28137 ||| PLANNING SHOALS:4
 28137 | Spider:3 | 28137 ||| UPGRADING to ring of protection from fire.
 28291 | Shoals:4 | Entered Level 4 of the Shoals
 28292 | Shoals:4 | 28292 ||| INVOKING Heroism.
 28384 | Shoals:4 | 28384 ||| INVOKING Heroism.
 28412 | Shoals:4 | 28412 ||| Stepping ~*~*~tactically~*~*~ (hiding).
 28786 | Shoals:4 | 28786 ||| INVOKING Heroism.
 28789 | Shoals:4 | Received a gift from Okawaru
 28795 | Shoals:4 | Reached XP level 19. HP: 91/124 MP: 24/26
 28807 | Shoals:4 | HP: 21/124 [merfolk impaler/+6 demon trident of
                  | electrocution (11)]
 28808 | Shoals:4 | 28808 ||| READING 8 scrolls of teleportation.
 28809 | Shoals:4 | 28809 ||| DRINKING 3 potions of heal wounds.
 28810 | Shoals:4 | 28810 ||| DRINKING 2 potions of heal wounds.
 28812 | Shoals:4 | Noticed a Hell Sentinel
 28914 | Shoals:4 | 28914 ||| INVOKING Heroism.
 29068 | Shoals:4 | 29068 ||| Stepping ~*~*~tactically~*~*~ (hiding).
 29070 | Shoals:4 | 29070 ||| Stepping ~*~*~tactically~*~*~ (hiding).
 29072 | Shoals:4 | 29072 ||| INVOKING Heroism.
 29078 | Shoals:4 | Received a gift from Okawaru
 29091 | Shoals:4 | 29091 ||| INVOKING Heroism.
 29097 | Shoals:4 | 29097 ||| Stepping ~*~*~tactically~*~*~ (hiding).
 29128 | Shoals:4 | 29128 ||| Stepping ~*~*~tactically~*~*~ (stealth).
 29131 | Shoals:4 | 29131 ||| Stepping ~*~*~tactically~*~*~ (stealth).
 29139 | Shoals:4 | 29139 ||| Stepping ~*~*~tactically~*~*~ (stealth).
 29151 | Shoals:4 | 29151 ||| Stepping ~*~*~tactically~*~*~ (stealth).
 29165 | Shoals:4 | 29165 ||| Stepping ~*~*~tactically~*~*~ (hiding).
 29168 | Shoals:4 | 29168 ||| Stepping ~*~*~tactically~*~*~ (stealth).
 29170 | Shoals:4 | 29170 ||| INVOKING Heroism.
 29187 | Shoals:4 | 29187 ||| Stepping ~*~*~tactically~*~*~ (stealth).
 29191 | Shoals:4 | 29191 ||| Stepping ~*~*~tactically~*~*~ (stealth).
 29201 | Shoals:4 | 29201 ||| Stepping ~*~*~tactically~*~*~ (hiding).
 29202 | Shoals:4 | 29202 ||| Stepping ~*~*~tactically~*~*~ (hiding).
 29203 | Shoals:4 | 29203 ||| Stepping ~*~*~tactically~*~*~ (hiding).
 29204 | Shoals:4 | 29204 ||| Stepping ~*~*~tactically~*~*~ (hiding).
 29215 | Shoals:4 | 29215 ||| Stepping ~*~*~tactically~*~*~ (hiding).
 29219 | Shoals:4 | 29219 ||| INVOKING Heroism.
 29254 | Shoals:4 | 29254 ||| INVOKING Heroism.
 29259 | Shoals:4 | Reached skill level 9 in Throwing
 29271 | Shoals:4 | Killed a Hell Sentinel
 29420 | Shoals:4 | 29420 ||| Stepping ~*~*~tactically~*~*~ (stealth).
 29421 | Shoals:4 | 29421 ||| Stepping ~*~*~tactically~*~*~ (stealth).
 29422 | Shoals:4 | 29422 ||| Stepping ~*~*~tactically~*~*~ (stealth).
 29465 | Shoals:4 | 29465 ||| INVOKING Heroism.
 29583 | Shoals:4 | Got a barnacled rune of Zot
 29611 | Shoals:4 | 29611 ||| INVOKING Heroism.
 29636 | Shoals:4 | Found Lodbrok's Dragon-Slaying Spoils.
 29643 | Shoals:4 | 29643 ||| SHOPLISTING +0 fire dragon scales (1080 gold,
                  | have 1050).
 29643 | Shoals:4 | 29643 ||| SHOPLISTING +1 gold dragon scales (1566 gold,
                  | have 1050).
 29695 | Shoals:4 | 29695 ||| Stepping ~*~*~tactically~*~*~ (hiding).
 29709 | Shoals:4 | 29709 ||| Stepping ~*~*~tactically~*~*~ (stealth).
 29710 | Shoals:4 | 29710 ||| Stepping ~*~*~tactically~*~*~ (stealth).
 29767 | Shoals:4 | 29767 ||| INVOKING Heroism.
 29811 | Shoals:4 | 29811 ||| Stepping ~*~*~tactically~*~*~ (hiding).
 29813 | Shoals:4 | 29813 ||| Stepping ~*~*~tactically~*~*~ (hiding).
 29818 | Shoals:4 | 29818 ||| INVOKING Heroism.
 30131 | Shoals:4 | 30131 ||| PLANNING VAULTS:1-4
 30131 | Shoals:4 | 30131 ||| DROPPING +1 plate armour of positive energy.
 30132 | Shoals:4 | 30132 ||| DROPPING ring of ice.
 30358 | Vaults:1 | Entered Level 1 of the Vaults
 30363 | Vaults:1 | Received a gift from Okawaru
 30411 | Vaults:1 | 30411 ||| Stepping ~*~*~tactically~*~*~ (hiding).
 30493 | Vaults:1 | 30493 ||| Stepping ~*~*~tactically~*~*~ (stealth).
 30496 | Vaults:1 | 30496 ||| INVOKING Heroism.
 30724 | Vaults:1 | 30724 ||| INVOKING Heroism.
 30736 | Vaults:1 | 30736 ||| Stepping ~*~*~tactically~*~*~ (hiding).
 30738 | Vaults:1 | 30738 ||| Stepping ~*~*~tactically~*~*~ (hiding).
 30871 | Vaults:1 | 30871 ||| INVOKING Heroism.
 30877 | Vaults:1 | Received a gift from Okawaru
 30882 | Vaults:1 | Reached skill level 6 in Dodging
 30934 | Vaults:1 | 30934 ||| Stepping ~*~*~tactically~*~*~ (stealth).
 30935 | Vaults:1 | 30935 ||| Stepping ~*~*~tactically~*~*~ (stealth).
 31090 | Vaults:1 | 31090 ||| Stepping ~*~*~tactically~*~*~ (stealth).
 31097 | Vaults:1 | 31097 ||| Stepping ~*~*~tactically~*~*~ (hiding).
 31100 | Vaults:1 | 31100 ||| Stepping ~*~*~tactically~*~*~ (hiding).
 31204 | Vaults:1 | Received a gift from Okawaru
 31251 | Vaults:1 | 31251 ||| INVOKING Heroism.
 31254 | Vaults:1 | Received a gift from Okawaru
 31476 | Vaults:1 | 31476 ||| INVOKING Heroism.
 31500 | Vaults:1 | Reached skill level 15 in Armour
 32188 | Vaults:2 | 32188 ||| PLANNING WIZLAB
 32196 | Vaults:2 | 32196 ||| STAIRDANCE
 32315 | Vaults:2 | 32315 ||| FLEEEEING.
 32319 | Vaults:2 | 32319 ||| FLEEEEING.
 32320 | Vaults:2 | 32320 ||| FLEEEEING.
 32321 | Vaults:2 | 32321 ||| FLEEEEING.
 32322 | Vaults:2 | 32322 ||| FLEEEEING.
 32323 | Vaults:2 | 32323 ||| FLEEEEING.
 32324 | Vaults:2 | 32324 ||| FLEEEEING.
 32325 | Vaults:2 | 32325 ||| FLEEEEING.
 32326 | Vaults:2 | 32326 ||| FLEEEEING.
 32327 | Vaults:2 | 32327 ||| STAIRDANCE
 32431 | Vaults:2 | 32431 ||| STAIRDANCE
 32685 | Vaults:2 | 32685 ||| INVOKING Heroism.
 32686 | Vaults:2 | 32686 ||| INVOKING Finesse.
 32690 | Vaults:2 | Received a gift from Okawaru
 32747 | Vaults:2 | Found Byonatac's General Store.
 32762 | Vaults:2 | 32762 ||| SHOPLISTING +11 plate armour "Zydghi" {Will+
                  | Str+3 Int+2} (1611 gold, have 1223).
 32762 | Vaults:2 | 32762 ||| BUYING potion of cancellation (128 gold).
 32762 | Vaults:2 | Bought a potion of cancellation for 128 gold pieces
 32844 | Vaults:2 | 32844 ||| FLEEEEING.
 32854 | Vaults:2 | 32854 ||| INVOKING Heroism.
 32869 | Vaults:2 | 32869 ||| RIP WIZLAB
 32955 | Vaults:2 | 32955 ||| PLANNING VAULTS:1-4
 32970 | Vaults:2 | 32970 ||| Stepping ~*~*~tactically~*~*~ (hiding).
 32983 | Vaults:2 | 32983 ||| Stepping ~*~*~tactically~*~*~ (hiding).
 32990 | Vaults:2 | Reached XP level 20. HP: 106/134 MP: 27/27
 32999 | Vaults:2 | Identified the +0 crystal plate armour of Mezcal {rF+}
                  | (Okawaru gifted it to you on level 2 of the Vaults)
 32999 | Vaults:2 | Received a gift from Okawaru
 33281 | Vaults:2 | 33281 ||| Stepping ~*~*~tactically~*~*~ (hiding).
 33285 | Vaults:2 | 33285 ||| Stepping ~*~*~tactically~*~*~ (hiding).
 33440 | Vaults:2 | 33440 ||| INVOKING Finesse.
 33597 | Vaults:2 | Noticed a bone dragon
 33613 | Vaults:2 | Killed a bone dragon
 33709 | Vaults:2 | 33709 ||| Stepping ~*~*~tactically~*~*~ (hiding).
 33813 | Vaults:2 | Found a staircase to the Crypt.
 33824 | Vaults:2 | You are sucked into a shaft and drop 1 floor!
 33895 | Vaults:3 | Identified the +9 dagger of Foolhardiness {holy, rPois
                  | Will- rCorr Stlth+}
 33923 | Vaults:3 | 33923 ||| Stepping ~*~*~tactically~*~*~ (stealth).
 33970 | Vaults:3 | Noticed an ancient lich
 33971 | Vaults:3 | 33971 ||| Stepping ~*~*~tactically~*~*~ (hiding).
 33975 | Vaults:3 | 33975 ||| INVOKING Heroism.
 33983 | Vaults:3 | Killed an ancient lich
 34008 | Vaults:3 | 34008 ||| INVOKING Heroism.
 34019 | Vaults:3 | 34019 ||| Stepping ~*~*~tactically~*~*~ (hiding).
 34020 | Vaults:3 | 34020 ||| Stepping ~*~*~tactically~*~*~ (hiding).
 34021 | Vaults:3 | 34021 ||| Stepping ~*~*~tactically~*~*~ (hiding).
 34054 | Vaults:3 | 34054 ||| INVOKING Heroism.
 34390 | Vaults:3 | Found a runed translucent gate.
 34390 | Vaults:3 | Found a runed translucent gate.
 34392 | Vaults:3 | Noticed a dread lich
 34427 | Vaults:3 | Reached skill level 18 in Fighting
 34501 | Vaults:3 | 34501 ||| UPGRADING to +0 crystal plate armour of Mezcal
                  | {rF+}.
 34511 | Vaults:3 | 34511 ||| DROPPING +4 storm dragon scales of Valour {rElec
                  | Dex+4}.
 34991 | Vaults:2 | 34991 ||| FLEEEEING.
 34992 | Vaults:2 | 34992 ||| FLEEEEING.
 34993 | Vaults:2 | 34993 ||| FLEEEEING.
 34994 | Vaults:2 | 34994 ||| FLEEEEING.
 34995 | Vaults:2 | 34995 ||| FLEEEEING.
 34996 | Vaults:2 | 34996 ||| FLEEEEING.
 34997 | Vaults:2 | 34997 ||| FLEEEEING.
 34998 | Vaults:2 | 34998 ||| FLEEEEING.
 34999 | Vaults:2 | 34999 ||| FLEEEEING.
 35005 | Vaults:2 | 35005 ||| FLEEEEING.
 35006 | Vaults:2 | 35006 ||| FLEEEEING.
 35007 | Vaults:2 | 35007 ||| FLEEEEING.
 35008 | Vaults:2 | 35008 ||| FLEEEEING.
 35009 | Vaults:2 | 35009 ||| FLEEEEING.
 35010 | Vaults:2 | 35010 ||| FLEEEEING.
 35016 | Vaults:2 | 35016 ||| FLEEEEING.
 35017 | Vaults:2 | 35017 ||| FLEEEEING.
 35018 | Vaults:2 | 35018 ||| FLEEEEING.
 35019 | Vaults:2 | 35019 ||| FLEEEEING.
 35020 | Vaults:2 | 35020 ||| FLEEEEING.
 35021 | Vaults:2 | 35021 ||| FLEEEEING.
 35022 | Vaults:2 | 35022 ||| FLEEEEING.
 35023 | Vaults:2 | 35023 ||| FLEEEEING.
 35034 | Vaults:2 | 35034 ||| FLEEEEING.
 35549 | Vaults:3 | Found Neus's Armour Boutique.
 35780 | Vaults:3 | Noticed an ancient lich
 35781 | Vaults:3 | 35781 ||| Stepping ~*~*~tactically~*~*~ (hiding).
 35782 | Vaults:3 | 35782 ||| Stepping ~*~*~tactically~*~*~ (hiding).
 35786 | Vaults:3 | 35786 ||| INVOKING Heroism.
 35787 | Vaults:3 | 35787 ||| INVOKING Finesse.
 35799 | Vaults:3 | Killed a dread lich
 35801 | Vaults:3 | Killed an ancient lich
 35801 | Vaults:3 | Identified the +3 demon trident of Experimentation {vamp,
                  | rCorr Str+2} (Okawaru gifted it to you on level 3 of the
                  | Vaults)
 35801 | Vaults:3 | Received a gift from Okawaru
 36055 | Vaults:3 | Found a runed translucent gate.
 36056 | Vaults:3 | Noticed Faydane's ghost (veteran HuFi)
 36057 | Vaults:3 | Found an ancient bone altar of Kikubaaqudgha.
 36057 | Vaults:3 | Noticed Xafer's ghost (adept DsGl)
 36131 | Vaults:3 | 36131 ||| UPGRADING to ring of willpower.
 36177 | Vaults:4 | 36177 ||| STAIRDANCE
 36300 | Vaults:4 | 36300 ||| STAIRDANCE
 36582 | Vaults:4 | 36582 ||| FLEEEEING.
 36583 | Vaults:4 | 36583 ||| FLEEEEING.
 36724 | Vaults:4 | Reached skill level 18 in Armour
 36759 | Vaults:4 | 36759 ||| Stepping ~*~*~tactically~*~*~ (stealth).
 36882 | Vaults:4 | Identified the +7 spear "Poph" {heavy, rPois rN++ Str+3}
 36911 | Vaults:4 | 36911 ||| Stepping ~*~*~tactically~*~*~ (hiding).
 36943 | Vaults:4 | Identified the +2 cloak of Intuition {+Inv rC+ Int+2}
                  | (Okawaru gifted it to you on level 4 of the Vaults)
 36943 | Vaults:4 | Received a gift from Okawaru
 36944 | Vaults:4 | Reached XP level 21. HP: 133/141 MP: 28/28
 37366 | Vaults:4 | Found Fosail's Book Shop.
 37412 | Vaults:4 | 37412 ||| Stepping ~*~*~tactically~*~*~ (hiding).
 37414 | Vaults:4 | 37414 ||| Stepping ~*~*~tactically~*~*~ (hiding).
 37432 | Vaults:4 | 37432 ||| INVOKING Heroism.
 37490 | Vaults:4 | 37490 ||| INVOKING Heroism.
 37527 | Vaults:4 | 37527 ||| FLEEEEING.
 37528 | Vaults:4 | 37528 ||| FLEEEEING.
 37529 | Vaults:4 | 37529 ||| FLEEEEING.
 37530 | Vaults:4 | 37530 ||| FLEEEEING.
 37531 | Vaults:4 | 37531 ||| FLEEEEING.
 37532 | Vaults:4 | 37532 ||| FLEEEEING.
 37533 | Vaults:4 | 37533 ||| FLEEEEING.
 37534 | Vaults:4 | 37534 ||| FLEEEEING.
 37535 | Vaults:4 | 37535 ||| FLEEEEING.
 37536 | Vaults:4 | 37536 ||| FLEEEEING.
 37537 | Vaults:4 | 37537 ||| FLEEEEING.
 37538 | Vaults:4 | 37538 ||| FLEEEEING.
 37542 | Vaults:4 | 37542 ||| INVOKING Heroism.
 38097 | Vaults:4 | 38097 ||| PLANNING SPIDER:4
 38097 | Vaults:4 | 38097 ||| DROPPING +0 cloak.
 38098 | Vaults:4 | 38098 ||| UPGRADING to +2 cloak of Intuition {+Inv rC+
                  | Int+2}.
 38108 | Vaults:4 | 38108 ||| DROPPING scarf of repulsion.
 38413 | Spider:4 | Entered Level 4 of the Spider Nest
 38419 | Spider:4 | 38419 ||| FLEEEEING.
 38420 | Spider:4 | 38420 ||| STAIRDANCE
 38494 | Spider:4 | 38494 ||| Stepping ~*~*~tactically~*~*~ (hiding).
 38502 | Spider:4 | 38502 ||| FLEEEEING.
 38506 | Spider:4 | 38506 ||| FLEEEEING.
 38507 | Spider:4 | 38507 ||| FLEEEEING.
 38511 | Spider:4 | 38511 ||| FLEEEEING.
 38512 | Spider:4 | 38512 ||| FLEEEEING.
 38513 | Spider:4 | 38513 ||| STAIRDANCE
 38694 | Spider:4 | 38694 ||| Stepping ~*~*~tactically~*~*~ (stealth).
 38732 | Spider:4 | 38732 ||| Stepping ~*~*~tactically~*~*~ (stealth).
 38740 | Spider:4 | 38740 ||| Stepping ~*~*~tactically~*~*~ (stealth).
 38746 | Spider:4 | 38746 ||| Stepping ~*~*~tactically~*~*~ (stealth).
 38753 | Spider:4 | 38753 ||| Stepping ~*~*~tactically~*~*~ (stealth).
 38757 | Spider:4 | 38757 ||| Stepping ~*~*~tactically~*~*~ (stealth).
 38772 | Spider:4 | 38772 ||| Stepping ~*~*~tactically~*~*~ (stealth).
 38783 | Spider:4 | 38783 ||| Stepping ~*~*~tactically~*~*~ (stealth).
 38784 | Spider:4 | 38784 ||| Stepping ~*~*~tactically~*~*~ (stealth).
 38786 | Spider:4 | 38786 ||| Stepping ~*~*~tactically~*~*~ (stealth).
 38789 | Spider:4 | 38789 ||| Stepping ~*~*~tactically~*~*~ (stealth).
 38927 | Spider:4 | 38927 ||| INVOKING Finesse.
 38937 | Spider:4 | Identified the +0 robe "Hekhliduo" {Fly rN+ Will+ Stlth+}
                  | (Okawaru gifted it to you on level 4 of the Spider Nest)
 38937 | Spider:4 | Received a gift from Okawaru
 39041 | Spider:4 | 39041 ||| FLEEEEING.
 39042 | Spider:4 | 39042 ||| FLEEEEING.
 39043 | Spider:4 | 39043 ||| FLEEEEING.
 39044 | Spider:4 | 39044 ||| FLEEEEING.
 39045 | Spider:4 | 39045 ||| FLEEEEING.
 39050 | Spider:4 | 39050 ||| FLEEEEING.
 39051 | Spider:4 | 39051 ||| FLEEEEING.
 39052 | Spider:4 | 39052 ||| FLEEEEING.
 39053 | Spider:4 | 39053 ||| FLEEEEING.
 39054 | Spider:4 | 39054 ||| FLEEEEING.
 39055 | Spider:4 | 39055 ||| FLEEEEING.
 39056 | Spider:4 | 39056 ||| FLEEEEING.
 39101 | Spider:4 | 39101 ||| Stepping ~*~*~tactically~*~*~ (stealth).
 39321 | Spider:4 | 39321 ||| Stepping ~*~*~tactically~*~*~ (stealth).
 39322 | Spider:4 | 39322 ||| Stepping ~*~*~tactically~*~*~ (stealth).
 39329 | Spider:4 | Identified the -1 hat of the Evil One {Str+6}
 39344 | Spider:4 | Got a gossamer rune of Zot
 39353 | Spider:4 | 39353 ||| INVOKING Heroism.
 39749 | Spider:4 | 39749 ||| Stepping ~*~*~tactically~*~*~ (stealth).
 39752 | Spider:4 | 39752 ||| FLEEEEING.
 39753 | Spider:4 | 39753 ||| FLEEEEING.
 39754 | Spider:4 | 39754 ||| FLEEEEING.
 39755 | Spider:4 | 39755 ||| FLEEEEING.
 39756 | Spider:4 | 39756 ||| FLEEEEING.
 39942 | Spider:4 | Identified Roxanne's Discursus on the Xenolith
 39942 | Spider:4 | Noticed Roxanne
 39957 | Spider:4 | Killed Roxanne
 40052 | Spider:4 | 40052 ||| PLANNING DEPTHS
 40052 | Spider:4 | 40052 ||| DROPPING +1 hat of willpower.
 40053 | Spider:4 | 40053 ||| DROPPING -1 hat of the Evil One {Str+6}.
 40339 | Depths:1 | Entered Level 1 of the Depths
 40340 | Depths:1 | 40340 ||| INVOKING Heroism.
 40341 | Depths:1 | 40341 ||| INVOKING Finesse.
 40353 | Depths:1 | Reached skill level 21 in Armour
 40411 | Depths:1 | 40411 ||| Stepping ~*~*~tactically~*~*~ (hiding).
 40522 | Depths:1 | 40522 ||| Stepping ~*~*~tactically~*~*~ (stealth).
 40524 | Depths:1 | 40524 ||| Stepping ~*~*~tactically~*~*~ (stealth).
 40536 | Depths:1 | 40536 ||| FLEEEEING.
 40537 | Depths:1 | 40537 ||| FLEEEEING.
 40538 | Depths:1 | 40538 ||| FLEEEEING.
 40539 | Depths:1 | 40539 ||| FLEEEEING.
 40540 | Depths:1 | 40540 ||| STAIRDANCE
 40590 | Depths:1 | 40590 ||| STAIRDANCE
 40641 | Depths:1 | 40641 ||| STAIRDANCE
 40704 | Depths:1 | 40704 ||| STAIRDANCE
 40803 | Depths:1 | 40803 ||| INVOKING Heroism.
 40804 | Depths:1 | 40804 ||| INVOKING Finesse.
 40852 | Depths:1 | Found a gateway to Hell.
 40859 | Depths:1 | 40859 ||| INVOKING Heroism.
 40979 | Depths:1 | Found Degriech's Weapon Shoppe.
 40989 | Depths:1 | Found Qafeum's One-of-a-Kind Books.
 41040 | Depths:1 | Found Feanuex's Superior Scales.
 41147 | Depths:1 | Found a bloodstained altar of Trog.
 41232 | Depths:1 | 41232 ||| DROPPING +0 cloak of preservation.
 41248 | Depths:2 | Noticed a caustic shrike
 41248 | Depths:2 | Noticed a caustic shrike
 41248 | Depths:2 | Noticed a caustic shrike
 41248 | Depths:2 | Noticed a caustic shrike
 41248 | Depths:2 | Noticed a caustic shrike
 41249 | Depths:2 | 41249 ||| INVOKING Heroism.
 41255 | Depths:2 | Killed a caustic shrike
 41256 | Depths:2 | 41256 ||| INVOKING Finesse.
 41258 | Depths:2 | Killed a caustic shrike
 41258 | Depths:2 | Received a gift from Okawaru
 41259 | Depths:2 | Killed a caustic shrike
 41260 | Depths:2 | Reached XP level 22. HP: 82/147 MP: 22/29
 41260 | Depths:2 | Killed a caustic shrike
 41261 | Depths:2 | Killed a caustic shrike
 41262 | Depths:2 | Received a gift from Okawaru
 41446 | Depths:2 | Found Tunkiem's Magic Scroll Boutique.
 41454 | Depths:2 | 41454 ||| BUYING scroll of brand weapon (123 gold).
 41454 | Depths:2 | Bought a scroll of brand weapon for 123 gold pieces
 41454 | Depths:2 | 41454 ||| BUYING scroll of brand weapon (123 gold).
 41454 | Depths:2 | Bought a scroll of brand weapon for 123 gold pieces
 41460 | Depths:2 | 41460 ||| Stepping ~*~*~tactically~*~*~ (hiding).
 41463 | Depths:2 | 41463 ||| INVOKING Heroism.
 41466 | Depths:2 | 41466 ||| INVOKING Finesse.
 41581 | Depths:2 | Found Wopnok's Antique Weapon Shop.
 41698 | Depths:2 | Found a one-way gate leading to the halls of Pandemonium.
 41760 | Depths:2 | 41760 ||| INVOKING Heroism.
 41880 | Depths:2 | Found a one-way gateway to a ziggurat.
 41884 | Depths:2 | 41884 ||| INVOKING Finesse.
 41900 | Depths:2 | Received a gift from Okawaru
 42057 | Depths:2 | Found a transporter.
 42061 | Depths:2 | Found Irruakke's Antique Armour Emporium.
 42168 | Depths:2 | Found a transporter.
 42185 | Depths:2 | Found Wosopt's Weapon Emporium.
 42193 | Depths:2 | 42193 ||| Stepping ~*~*~tactically~*~*~ (hiding).
 42225 | Depths:2 | 42225 ||| Stepping ~*~*~tactically~*~*~ (stealth).
 42226 | Depths:2 | 42226 ||| Stepping ~*~*~tactically~*~*~ (stealth).
 42265 | Depths:2 | 42265 ||| Stepping ~*~*~tactically~*~*~ (hiding).
 42267 | Depths:2 | 42267 ||| Stepping ~*~*~tactically~*~*~ (hiding).
 42290 | Depths:2 | Received a gift from Okawaru
 42311 | Depths:2 | 42311 ||| FLEEEEING.
 42320 | Depths:2 | 42320 ||| STAIRDANCE
 42382 | Depths:2 | 42382 ||| Stepping ~*~*~tactically~*~*~ (hiding).
 42418 | Depths:2 | Found a white marble altar of Elyvilon.
 42419 | Depths:2 | 42419 ||| Stepping ~*~*~tactically~*~*~ (hiding).
 42456 | Depths:2 | 42456 ||| Stepping ~*~*~tactically~*~*~ (stealth).
 42457 | Depths:2 | 42457 ||| Stepping ~*~*~tactically~*~*~ (stealth).
 42459 | Depths:2 | 42459 ||| Stepping ~*~*~tactically~*~*~ (hiding).
 42460 | Depths:2 | 42460 ||| Stepping ~*~*~tactically~*~*~ (hiding).
 42462 | Depths:2 | 42462 ||| Stepping ~*~*~tactically~*~*~ (hiding).
 42515 | Depths:2 | 42515 ||| INVOKING Heroism.
 42517 | Depths:2 | Received a gift from Okawaru
 42621 | Depths:2 | 42621 ||| Stepping ~*~*~tactically~*~*~ (stealth).
 42622 | Depths:2 | 42622 ||| Stepping ~*~*~tactically~*~*~ (stealth).
 42623 | Depths:2 | 42623 ||| Stepping ~*~*~tactically~*~*~ (stealth).
 42624 | Depths:2 | 42624 ||| Stepping ~*~*~tactically~*~*~ (stealth).
 42644 | Depths:2 | Received a gift from Okawaru
 42646 | Depths:2 | 42646 ||| INVOKING Heroism.
 42912 | Depths:2 | 42912 ||| Stepping ~*~*~tactically~*~*~ (stealth).
 42914 | Depths:2 | 42914 ||| Stepping ~*~*~tactically~*~*~ (hiding).
 43198 | Depths:3 | 43198 ||| INVOKING Finesse.
 43219 | Depths:3 | Received a gift from Okawaru
 43343 | Depths:3 | 43343 ||| Stepping ~*~*~tactically~*~*~ (stealth).
 43353 | Depths:3 | 43353 ||| INVOKING Heroism.
 43381 | Depths:3 | 43381 ||| FLEEEEING.
 43382 | Depths:3 | 43382 ||| FLEEEEING.
 43383 | Depths:3 | 43383 ||| FLEEEEING.
 43384 | Depths:3 | 43384 ||| FLEEEEING.
 43385 | Depths:3 | 43385 ||| FLEEEEING.
 43389 | Depths:3 | 43389 ||| FLEEEEING.
 43390 | Depths:3 | 43390 ||| FLEEEEING.
 43391 | Depths:3 | 43391 ||| FLEEEEING.
 43392 | Depths:3 | 43392 ||| FLEEEEING.
 43393 | Depths:3 | 43393 ||| FLEEEEING.
 43394 | Depths:3 | 43394 ||| FLEEEEING.
 43395 | Depths:3 | 43395 ||| FLEEEEING.
 43397 | Depths:3 | 43397 ||| FLEEEEING.
 43398 | Depths:3 | 43398 ||| FLEEEEING.
 43399 | Depths:3 | 43399 ||| FLEEEEING.
 43400 | Depths:3 | 43400 ||| FLEEEEING.
 43401 | Depths:3 | 43401 ||| STAIRDANCE
 43480 | Depths:2 | 43480 ||| UPGRADING to +6 ring of dexterity.
 43484 | Depths:3 | 43484 ||| STAIRDANCE
 43564 | Depths:3 | 43564 ||| INVOKING Heroism.
 43614 | Depths:3 | 43614 ||| FLEEEEING.
 43615 | Depths:3 | 43615 ||| FLEEEEING.
 43616 | Depths:3 | 43616 ||| FLEEEEING.
 43617 | Depths:3 | 43617 ||| FLEEEEING.
 43618 | Depths:3 | 43618 ||| FLEEEEING.
 43619 | Depths:3 | 43619 ||| FLEEEEING.
 43620 | Depths:3 | 43620 ||| FLEEEEING.
 43623 | Depths:3 | 43623 ||| FLEEEEING.
 43624 | Depths:3 | 43624 ||| FLEEEEING.
 43625 | Depths:3 | 43625 ||| FLEEEEING.
 43626 | Depths:3 | 43626 ||| INVOKING Heroism.
 43704 | Depths:3 | 43704 ||| FLEEEEING.
 43705 | Depths:3 | 43705 ||| FLEEEEING.
 43706 | Depths:3 | 43706 ||| FLEEEEING.
 43707 | Depths:3 | 43707 ||| STAIRDANCE
 43793 | Depths:3 | Noticed a golden dragon
 43794 | Depths:3 | 43794 ||| INVOKING Heroism.
 43806 | Depths:3 | Killed a golden dragon
 43881 | Depths:3 | 43881 ||| INVOKING Heroism.
 43920 | Depths:3 | Received a gift from Okawaru
 43980 | Depths:3 | Noticed Louise
 43994 | Depths:3 | Killed Louise
 44063 | Depths:3 | 44063 ||| INVOKING Heroism.
 44096 | Depths:3 | Received a gift from Okawaru
 44122 | Depths:3 | 44122 ||| INVOKING Finesse.
 44124 | Depths:3 | HP: 37/150 [deep troll (2)]
 44125 | Depths:3 | 44125 ||| READING 10 scrolls of teleportation.
 44126 | Depths:3 | 44126 ||| DRINKING 8 potions of heal wounds.
 44127 | Depths:3 | 44127 ||| INVOKING Heroism.
 44146 | Depths:3 | Received a gift from Okawaru
 44158 | Depths:3 | 44158 ||| INVOKING Heroism.
 44227 | Depths:3 | Received a gift from Okawaru
 44463 | Depths:3 | 44463 ||| Stepping ~*~*~tactically~*~*~ (stealth).
 44465 | Depths:3 | 44465 ||| Stepping ~*~*~tactically~*~*~ (stealth).
 44498 | Depths:3 | 44498 ||| FLEEEEING.
 44592 | Depths:3 | You are sucked into a shaft and drop 1 floor!
 44592 | Depths:4 | Entered Level 4 of the Depths
 44594 | Depths:4 | 44594 ||| INVOKING Heroism.
 44630 | Depths:4 | 44630 ||| DROPPING +1 plate armour of cold resistance.
 44631 | Depths:4 | 44631 ||| DROPPING +0 ice dragon scales.
 44640 | Depths:4 | Reached XP level 23. HP: 156/156 MP: 30/30
 44704 | Depths:3 | Noticed Margery
 44705 | Depths:3 | 44705 ||| DRINKING 3 potions of resistance.
 44712 | Depths:3 | Received a gift from Okawaru
 44719 | Depths:3 | 44719 ||| INVOKING Heroism.
 44724 | Depths:3 | Killed Margery
 45296 | Depths:4 | 45296 ||| Stepping ~*~*~tactically~*~*~ (hiding).
 45298 | Depths:4 | 45298 ||| Stepping ~*~*~tactically~*~*~ (hiding).
 45443 | Depths:4 | Received a gift from Okawaru
 45545 | Depths:4 | 45545 ||| Stepping ~*~*~tactically~*~*~ (hiding).
 45576 | Depths:4 | Noticed a golden dragon
 45577 | Depths:4 | 45577 ||| Stepping ~*~*~tactically~*~*~ (stealth).
 45579 | Depths:4 | 45579 ||| INVOKING Heroism.
 45589 | Depths:4 | Killed a golden dragon
 45590 | Depths:4 | Reached skill level 21 in Shields
 45763 | Depths:4 | Found a gate to the Realm of Zot.
 45766 | Depths:4 | 45766 ||| Stepping ~*~*~tactically~*~*~ (hiding).
 45768 | Depths:4 | 45768 ||| Stepping ~*~*~tactically~*~*~ (hiding).
 45807 | Depths:4 | 45807 ||| FLEEEEING.
 45808 | Depths:4 | 45808 ||| FLEEEEING.
 45816 | Depths:4 | 45816 ||| FLEEEEING.
 45817 | Depths:4 | 45817 ||| FLEEEEING.
 45818 | Depths:4 | 45818 ||| FLEEEEING.
 45819 | Depths:4 | 45819 ||| FLEEEEING.
 45830 | Depths:4 | 45830 ||| Stepping ~*~*~tactically~*~*~ (hiding).
 45831 | Depths:4 | 45831 ||| Stepping ~*~*~tactically~*~*~ (hiding).
 46227 | Depths:4 | 46227 ||| Stepping ~*~*~tactically~*~*~ (stealth).
 46229 | Depths:4 | 46229 ||| Stepping ~*~*~tactically~*~*~ (hiding).
 46573 | Depths:4 | 46573 ||| PLANNING VAULTS:5
 46772 | Vaults:5 | Entered Level 5 of the Vaults
 46774 | Vaults:5 | 46774 ||| INVOKING Heroism.
 46780 | Vaults:5 | Noticed a golden dragon
 46783 | Vaults:5 | Received a gift from Okawaru
 46787 | Vaults:5 | 46787 ||| INVOKING Finesse.
 46792 | Vaults:5 | Reached skill level 21 in Fighting
 46792 | Vaults:5 | 46792 ||| STAIRDANCE
 46794 | Vaults:5 | 46794 ||| STAIRDANCE
 46794 | Vaults:5 | HP: 40/160 [tengu reaver/+0 long sword (2)]
 46796 | Vaults:4 | 46796 ||| READING 11 scrolls of teleportation.
 46797 | Vaults:4 | 46797 ||| DRINKING 8 potions of heal wounds.
 47077 | Vaults:5 | 47077 ||| INVOKING Heroism.
 47093 | Vaults:5 | HP: 40/160 [storm dragon (6)]
 47094 | Vaults:5 | 47094 ||| READING 10 scrolls of teleportation.
 47096 | Vaults:5 | Reached skill level 12 in Throwing
 47096 | Vaults:5 | 47096 ||| STAIRDANCE
 47204 | Vaults:4 | 47204 ||| INVOKING Heroism.
 47391 | Vaults:5 | Noticed a golden dragon
 47392 | Vaults:5 | 47392 ||| INVOKING Heroism.
 47402 | Vaults:5 | 47402 ||| INVOKING Finesse.
 47403 | Vaults:5 | 47403 ||| STAIRDANCE
 47410 | Vaults:4 | Killed a golden dragon
 47515 | Vaults:4 | 47515 ||| Stepping ~*~*~tactically~*~*~ (stealth).
 47516 | Vaults:4 | 47516 ||| Stepping ~*~*~tactically~*~*~ (stealth).
 47527 | Vaults:4 | 47527 ||| Stepping ~*~*~tactically~*~*~ (stealth).
 47528 | Vaults:4 | 47528 ||| Stepping ~*~*~tactically~*~*~ (stealth).
 47529 | Vaults:4 | 47529 ||| Stepping ~*~*~tactically~*~*~ (stealth).
 47614 | Vaults:5 | 47614 ||| INVOKING Heroism.
 47625 | Vaults:5 | 47625 ||| INVOKING Finesse.
 47634 | Vaults:5 | 47634 ||| STAIRDANCE
 47636 | Vaults:4 | 47636 ||| INVOKING Heroism.
 47812 | Vaults:5 | 47812 ||| INVOKING Heroism.
 47826 | Vaults:5 | Received a gift from Okawaru
 47834 | Vaults:5 | Killed a golden dragon
 47836 | Vaults:5 | 47836 ||| INVOKING Heroism.
 47848 | Vaults:5 | Received a gift from Okawaru
 47874 | Vaults:5 | 47874 ||| FLEEEEING.
 47875 | Vaults:5 | 47875 ||| STAIRDANCE
 48089 | Vaults:5 | Noticed a golden dragon
 48090 | Vaults:5 | 48090 ||| INVOKING Heroism.
 48104 | Vaults:5 | Killed a golden dragon
 48113 | Vaults:5 | 48113 ||| Stepping ~*~*~tactically~*~*~ (stealth).
 48150 | Vaults:5 | Reached XP level 24. HP: 161/168 MP: 30/30
 48150 | Vaults:5 | 48150 ||| Stepping ~*~*~tactically~*~*~ (stealth).
 48151 | Vaults:5 | 48151 ||| Stepping ~*~*~tactically~*~*~ (hiding).
 48153 | Vaults:5 | 48153 ||| Stepping ~*~*~tactically~*~*~ (hiding).
 48154 | Vaults:5 | 48154 ||| Stepping ~*~*~tactically~*~*~ (hiding).
 48155 | Vaults:5 | 48155 ||| Stepping ~*~*~tactically~*~*~ (hiding).
 48156 | Vaults:5 | 48156 ||| INVOKING Heroism.
 48219 | Vaults:5 | 48219 ||| INVOKING Heroism.
 48321 | Vaults:5 | 48321 ||| Stepping ~*~*~tactically~*~*~ (stealth).
 48322 | Vaults:5 | 48322 ||| Stepping ~*~*~tactically~*~*~ (stealth).
 48323 | Vaults:5 | 48323 ||| Stepping ~*~*~tactically~*~*~ (stealth).
 48328 | Vaults:5 | 48328 ||| INVOKING Heroism.
 48411 | Vaults:5 | Identified the +6 mace "Qeuwna Tege" {vamp, rF+ Dex+5}
 48517 | Vaults:5 | Identified the +8 long sword of Pride {antimagic, rElec
                  | rPois rC- SInv}
 48523 | Vaults:5 | Identified the staff of cold "Enosirih" {rC+ MP+9}
 48584 | Vaults:5 | Identified the +4 lajatang of the Vine {heavy, Will++ Str-5
                  | Dex+4}
 48612 | Vaults:5 | 48612 ||| Stepping ~*~*~tactically~*~*~ (stealth).
 48642 | Vaults:5 | 48642 ||| INVOKING Heroism.
 48664 | Vaults:5 | Received a gift from Okawaru
 48796 | Vaults:5 | Noticed a dread lich
 48797 | Vaults:5 | 48797 ||| INVOKING Heroism.
 48801 | Vaults:5 | Killed a dread lich
 48802 | Vaults:5 | Reached skill level 9 in Dodging
 48824 | Vaults:5 | Got a silver rune of Zot
 49006 | Vaults:5 | Identified the ring "Fayreckoi" {Fly rPois Str-3 Dex+2
                  | Stlth+}
 49022 | Vaults:5 | Identified the +5 short sword "Sazasmuu" {flame, Fly rPois
                  | Str+7 Int-2}
 49185 | Vaults:5 | 49185 ||| PLANNING SHOPPING SPREE
 49185 | Vaults:5 | 49185 ||| DROPPING +2 helmet.
 49186 | Vaults:5 | 49186 ||| DROPPING ring of positive energy.
 49187 | Vaults:5 | 49187 ||| DROPPING ring "Fayreckoi" {Fly rPois Str-3 Dex+2
                  | Stlth+}.
 49451 | Orc:2    | 49451 ||| BUYING potion of curing (42 gold).
 49451 | Orc:2    | Bought a potion of curing for 42 gold pieces
 49451 | Orc:2    | 49451 ||| BUYING potion of heal wounds (70 gold).
 49451 | Orc:2    | Bought a potion of heal wounds for 70 gold pieces
 49451 | Orc:2    | 49451 ||| BUYING scroll of teleportation (42 gold).
 49451 | Orc:2    | Bought a scroll of teleportation for 42 gold pieces
 49603 | D:7      | 49603 ||| BUYING potion of curing (69 gold).
 49603 | D:7      | Bought a potion of curing for 69 gold pieces
 49716 | D:3      | 49716 ||| BUYING pair of embroidered gloves (172 gold).
 49716 | D:3      | Bought a pair of embroidered gloves for 172 gold pieces
 49716 | D:3      | 49716 ||| UPGRADING to +1 pair of gloves of strength.
 49726 | D:3      | 49726 ||| DROPPING +2 pair of gloves.
 50032 | Shoals:4 | 50032 ||| BUYING +1 gold dragon scales (1566 gold).
 50032 | Shoals:4 | Bought +1 gold dragon scales for 1566 gold pieces
 50032 | Shoals:4 | 50032 ||| DROPPING +0 gold dragon scales.
 50033 | Shoals:4 | 50033 ||| DROPPING +1 ice dragon scales.
 50341 | Vaults:2 | 50341 ||| BUYING +11 plate armour "Zydghi" {Will+ Str+3
                  | Int+2} (1611 gold).
 50341 | Vaults:2 | Bought the +11 plate armour "Zydghi" {Will+ Str+3 Int+2}
                  | for 1611 gold pieces
 50341 | Vaults:2 | 50341 ||| UPGRADING to +11 plate armour "Zydghi" {Will+
                  | Str+3 Int+2}.
 50351 | Vaults:2 | 50351 ||| DROPPING +0 crystal plate armour of Mezcal {rF+}.
 50352 | Vaults:2 | 50352 ||| UPGRADING to ring of protection from fire.
 50354 | Vaults:2 | 50354 ||| UPGRADING to +6 ring of dexterity.
 50356 | Vaults:2 | 50356 ||| PLANNING ZOT:1-4
 50548 | Zot:1    | Entered Level 1 of the Realm of Zot
 50570 | Zot:1    | 50570 ||| INVOKING Heroism.
 50633 | Zot:1    | 50633 ||| INVOKING Heroism.
 50756 | Zot:1    | 50756 ||| FLEEEEING.
 50778 | Zot:1    | 50778 ||| FLEEEEING.
 50956 | Zot:1    | Found a transporter.
 50991 | Zot:1    | 50991 ||| Stepping ~*~*~tactically~*~*~ (stealth).
 51079 | Zot:1    | Received a gift from Okawaru
 51097 | Zot:1    | 51097 ||| FLEEEEING.
 51098 | Zot:1    | 51098 ||| FLEEEEING.
 51102 | Zot:1    | 51102 ||| INVOKING Heroism.
 51436 | Zot:1    | 51436 ||| INVOKING Heroism.
 51461 | Zot:1    | HP: 42/168 [storm dragon (7)]
 51462 | Zot:1    | 51462 ||| READING 12 scrolls of teleportation.
 51463 | Zot:1    | 51463 ||| DRINKING 9 potions of heal wounds.
 51470 | Zot:1    | Received a gift from Okawaru
 51477 | Zot:1    | HP: 39/168 [storm dragon/bolt of lightning (8)]
 51478 | Zot:1    | 51478 ||| READING 11 scrolls of teleportation.
 51479 | Zot:1    | 51479 ||| DRINKING 8 potions of heal wounds.
 51482 | Zot:1    | 51482 ||| DRINKING 7 potions of heal wounds.
 51485 | Zot:1    | 51485 ||| INVOKING Heroism.
 51486 | Zot:1    | HP: 34/168 [storm dragon (10)]
 51487 | Zot:1    | 51487 ||| DRINKING 6 potions of heal wounds.
 51489 | Zot:1    | 51489 ||| DRINKING 5 potions of heal wounds.
 51661 | Zot:1    | 51661 ||| INVOKING Heroism.
 51870 | Zot:1    | 51870 ||| INVOKING Heroism.
 51898 | Zot:1    | 51898 ||| Stepping ~*~*~tactically~*~*~ (stealth).
 51924 | Zot:1    | 51924 ||| Stepping ~*~*~tactically~*~*~ (stealth).
 52005 | Zot:1    | 52005 ||| INVOKING Heroism.
 52086 | Zot:1    | 52086 ||| READING scroll of enchant armour.
 52086 | Zot:1    | 52086 ||| ENCHANTING +1 pair of gloves of strength.
 52122 | Zot:1    | 52122 ||| READING scroll of acquirement.
 52122 | Zot:1    | 52122 ||| ACQUIRING 804 gold pieces
 52122 | Zot:1    | Acquired 804 gold pieces
 52301 | Zot:1    | 52301 ||| Stepping ~*~*~tactically~*~*~ (stealth).
 52304 | Zot:1    | 52304 ||| Stepping ~*~*~tactically~*~*~ (hiding).
 52305 | Zot:1    | 52305 ||| Stepping ~*~*~tactically~*~*~ (hiding).
 52707 | Zot:1    | 52707 ||| Stepping ~*~*~tactically~*~*~ (hiding).
 52713 | Zot:1    | 52713 ||| INVOKING Heroism.
 52784 | Zot:1    | 52784 ||| UPGRADING to ring of protection from fire.
 52846 | Zot:1    | 52846 ||| Stepping ~*~*~tactically~*~*~ (hiding).
 52899 | Zot:2    | Noticed qw's ghost (veteran GrFi)
 52917 | Zot:2    | 52917 ||| Stepping ~*~*~tactically~*~*~ (hiding).
 52919 | Zot:2    | 52919 ||| INVOKING Heroism.
 52931 | Zot:2    | 52931 ||| Stepping ~*~*~tactically~*~*~ (hiding).
 52932 | Zot:2    | 52932 ||| Stepping ~*~*~tactically~*~*~ (hiding).
 52944 | Zot:2    | 52944 ||| Stepping ~*~*~tactically~*~*~ (hiding).
 52955 | Zot:2    | 52955 ||| Stepping ~*~*~tactically~*~*~ (hiding).
 52961 | Zot:2    | 52961 ||| Stepping ~*~*~tactically~*~*~ (hiding).
 52976 | Zot:2    | Received a gift from Okawaru
 52995 | Zot:2    | 52995 ||| INVOKING Heroism.
 53093 | Zot:2    | 53093 ||| Stepping ~*~*~tactically~*~*~ (stealth).
 53094 | Zot:2    | 53094 ||| Stepping ~*~*~tactically~*~*~ (stealth).
 53095 | Zot:2    | 53095 ||| Stepping ~*~*~tactically~*~*~ (hiding).
 53121 | Zot:2    | 53121 ||| INVOKING Heroism.
 53403 | Zot:2    | Found a runed translucent door.
 53622 | Zot:2    | 53622 ||| INVOKING Heroism.
 53971 | Zot:2    | Received a gift from Okawaru
 53972 | Zot:2    | Reached XP level 25. HP: 176/176 MP: 30/30
 53990 | Zot:2    | 53990 ||| Stepping ~*~*~tactically~*~*~ (hiding).
 53991 | Zot:2    | 53991 ||| Stepping ~*~*~tactically~*~*~ (hiding).
 53992 | Zot:2    | 53992 ||| Stepping ~*~*~tactically~*~*~ (hiding).
 54056 | Zot:2    | 54056 ||| Stepping ~*~*~tactically~*~*~ (hiding).
 54071 | Zot:2    | 54071 ||| INVOKING Heroism.
 54353 | Zot:3    | 54353 ||| Stepping ~*~*~tactically~*~*~ (hiding).
 54356 | Zot:3    | 54356 ||| INVOKING Heroism.
 54412 | Zot:3    | 54412 ||| INVOKING Heroism.
 54597 | Zot:3    | 54597 ||| Stepping ~*~*~tactically~*~*~ (stealth).
 54608 | Zot:3    | 54608 ||| INVOKING Heroism.
 54840 | Zot:3    | 54840 ||| Stepping ~*~*~tactically~*~*~ (hiding).
 54852 | Zot:3    | Reached skill level 24 in Fighting
 54940 | Zot:3    | 54940 ||| INVOKING Heroism.
 54964 | Zot:3    | 54964 ||| INVOKING Heroism.
 55294 | Zot:3    | 55294 ||| Stepping ~*~*~tactically~*~*~ (hiding).
 55295 | Zot:3    | 55295 ||| Stepping ~*~*~tactically~*~*~ (hiding).
 55296 | Zot:3    | 55296 ||| INVOKING Heroism.
 55400 | Zot:3    | 55400 ||| INVOKING Heroism.
 55434 | Zot:3    | Received a gift from Okawaru
 55554 | Zot:3    | 55554 ||| Stepping ~*~*~tactically~*~*~ (hiding).
 55555 | Zot:3    | 55555 ||| Stepping ~*~*~tactically~*~*~ (hiding).
 55696 | Zot:3    | 55696 ||| INVOKING Heroism.
 56199 | Zot:4    | 56199 ||| INVOKING Heroism.
 56209 | Zot:4    | Received a gift from Okawaru
 56288 | Zot:4    | Identified the +0 pair of boots of Tempters {Fly rF- Str+2
                  | Dex+5}
 56304 | Zot:4    | 56304 ||| INVOKING Heroism.
 56397 | Zot:4    | 56397 ||| INVOKING Heroism.
 56479 | Zot:4    | 56479 ||| Stepping ~*~*~tactically~*~*~ (stealth).
 56481 | Zot:4    | 56481 ||| Stepping ~*~*~tactically~*~*~ (hiding).
 56484 | Zot:4    | 56484 ||| INVOKING Heroism.
 56532 | Zot:4    | 56532 ||| INVOKING Heroism.
 56541 | Zot:4    | Received a gift from Okawaru
 56612 | Zot:4    | 56612 ||| INVOKING Heroism.
 56696 | Zot:4    | 56696 ||| INVOKING Heroism.
 56738 | Zot:4    | 56738 ||| Stepping ~*~*~tactically~*~*~ (stealth).
 56739 | Zot:4    | 56739 ||| Stepping ~*~*~tactically~*~*~ (stealth).
 56740 | Zot:4    | 56740 ||| Stepping ~*~*~tactically~*~*~ (stealth).
 56742 | Zot:4    | 56742 ||| Stepping ~*~*~tactically~*~*~ (hiding).
 56748 | Zot:4    | 56748 ||| INVOKING Heroism.
 56750 | Zot:4    | Received a gift from Okawaru
 56827 | Zot:4    | 56827 ||| INVOKING Heroism.
 56831 | Zot:4    | Received a gift from Okawaru
 57185 | Zot:4    | 57185 ||| INVOKING Heroism.
 57276 | Zot:4    | 57276 ||| INVOKING Heroism.
 57427 | Zot:4    | 57427 ||| PLANNING SLIME:5
 57427 | Zot:4    | 57427 ||| UPGRADING to +0 pair of boots of Tempters {Fly
                  | rF- Str+2 Dex+5}.
 57437 | Zot:4    | 57437 ||| REMOVING ring of protection from fire.
 57438 | Zot:4    | 57438 ||| REMOVING ring of protection from fire.
 57439 | Zot:4    | 57439 ||| UPGRADING to +4 ring mail of the Tundras {Rampage
                  | rElec rCorr Str+3}.
 57449 | Zot:4    | 57449 ||| UPGRADING to ring of Knowledge {rPois rC+ rN++
                  | Stlth+}.
 57450 | Zot:4    | 57450 ||| UPGRADING to ring of protection from cold.
 57451 | Zot:4    | 57451 ||| UPGRADING to +6 ring of dexterity.
 57885 | Slime:1  | Entered Level 1 of the Pits of Slime
 57890 | Slime:1  | 57890 ||| STAIRDANCE
 57896 | Slime:1  | 57896 ||| STAIRDANCE
 57932 | Slime:2  | 57932 ||| STAIRDANCE
 57937 | Slime:2  | 57937 ||| STAIRDANCE
 57938 | Slime:1  | Gained mutation: You occasionally lose the ability to read
                  | scrolls when taking damage. [a shining eye]
 57940 | Slime:1  | Gained mutation: Your body sometimes deteriorates upon
                  | taking damage. [a shining eye]
 57949 | Slime:1  | 57949 ||| DRINKING 8 potions of mutation.
 57949 | Slime:1  | Lost mutation: You occasionally lose the ability to read
                  | scrolls when taking damage. [potion of mutation]
 57949 | Slime:1  | Lost mutation: Your body sometimes deteriorates upon taking
                  | damage. [potion of mutation]
 57949 | Slime:1  | Gained mutation: You occasionally lose the ability to read
                  | scrolls when taking damage. [potion of mutation]
 57949 | Slime:1  | Gained mutation: Your body sometimes deteriorates upon
                  | taking damage. [potion of mutation]
 57949 | Slime:1  | Gained mutation: You have sharp toenails. [potion of
                  | mutation]
 57950 | Slime:1  | 57950 ||| DRINKING 7 potions of mutation.
 57950 | Slime:1  | Lost mutation: You occasionally lose the ability to read
                  | scrolls when taking damage. [potion of mutation]
 57950 | Slime:1  | Lost mutation: Your body sometimes deteriorates upon taking
                  | damage. [potion of mutation]
 57950 | Slime:1  | Lost mutation: You have sharp toenails. [potion of
                  | mutation]
 57950 | Slime:1  | Gained mutation: You are agile. (Dex +4, Str/Int -1)
                  | [potion of mutation]
 57950 | Slime:1  | Gained mutation: Your spells are a little harder to cast,
                  | but a little more powerful. [potion of mutation]
 57950 | Slime:1  | Gained mutation: You are partially covered in iridescent
                  | scales. (AC +2) [potion of mutation]
 57997 | Slime:3  | 57997 ||| STAIRDANCE
 58003 | Slime:3  | 58003 ||| STAIRDANCE
 58032 | Slime:5  | Entered Level 5 of the Pits of Slime
 58094 | Slime:5  | Found a viscous altar of Jiyva.
 58095 | Slime:5  | Noticed the Royal Jelly
 58096 | Slime:5  | Found the +6 lightning scales {swift, rElec}
 58099 | Slime:5  | 58099 ||| INVOKING Heroism.
 58108 | Slime:5  | Killed the Royal Jelly
 58174 | Slime:5  | 58174 ||| INVOKING Heroism.
 58332 | Slime:5  | Identified the +10 great sword "Luno" {protect, rElec rPois
                  | rF+}
 58359 | Slime:5  | Got a slimy rune of Zot
 58410 | Slime:5  | Identified the +4 whip "Tushi" {heavy, rN+}
 58467 | Slime:5  | Received a gift from Okawaru
 58562 | Slime:5  | Gained mutation: You occasionally lose the ability to drink
                  | potions when taking damage. [a shining eye]
 58564 | Slime:5  | 58564 ||| DRINKING 6 potions of mutation.
 58564 | Slime:5  | Lost mutation: Your spells are a little harder to cast, but
                  | a little more powerful. [potion of mutation]
 58564 | Slime:5  | Lost mutation: You occasionally lose the ability to drink
                  | potions when taking damage. [potion of mutation]
 58564 | Slime:5  | Gained mutation: Your flesh is heat resistant. (rF+)
                  | [potion of mutation]
 58564 | Slime:5  | Gained mutation: You have a pair of small horns on your
                  | head. [potion of mutation]
 58564 | Slime:5  | Gained mutation: You have sharp toenails. [potion of
                  | mutation]
 58564 | Slime:5  | Gained mutation: You have sharp fingernails. [potion of
                  | mutation]
 58629 | Slime:5  | 58629 ||| INVOKING Heroism.
 58640 | Slime:5  | Reached XP level 26. HP: 169/188 MP: 29/30
 58853 | Slime:5  | 58853 ||| PLANNING THE SHINING ONE WORSHIP
 58853 | Slime:5  | 58853 ||| UPGRADING to +1 gold dragon scales.
 58863 | Slime:5  | 58863 ||| DROPPING +2 helmet of intelligence.
 58864 | Slime:5  | 58864 ||| UPGRADING to +11 plate armour "Zydghi" {Will+
                  | Str+3 Int+2}.
 58874 | Slime:5  | 58874 ||| UPGRADING to +1 pair of boots.
 58884 | Slime:5  | 58884 ||| DROPPING +4 ring mail of the Tundras {Rampage
                  | rElec rCorr Str+3}.
 58885 | Slime:5  | 58885 ||| DROPPING +2 cloak.
 58886 | Slime:5  | 58886 ||| DROPPING scarf of shadows.
 58887 | Slime:5  | 58887 ||| DROPPING amulet of the acrobat.
 58888 | Slime:5  | 58888 ||| UPGRADING to ring of willpower.
 58890 | Slime:5  | 58890 ||| DROPPING ring of resist corrosion.
 58891 | Slime:5  | 58891 ||| DROPPING ring of magical power.
 59028 | Lair:2   | Fell from the grace of Okawaru
 59028 | Lair:2   | Became a worshipper of the Shining One
 59028 | Lair:2   | 59028 ||| PLANNING CRYPT
 59227 | Crypt:1  | Entered Level 1 of the Crypt
 59250 | Crypt:1  | 59250 ||| Stepping ~*~*~tactically~*~*~ (hiding).
 59261 | Crypt:1  | Reached * piety under the Shining One
 59346 | Crypt:1  | Reached ** piety under the Shining One
 59347 | Crypt:1  | 59347 ||| Stepping ~*~*~tactically~*~*~ (stealth).
 59348 | Crypt:1  | 59348 ||| Stepping ~*~*~tactically~*~*~ (hiding).
 59392 | Crypt:1  | Reached *** piety under the Shining One
 59489 | Crypt:1  | Reached **** piety under the Shining One
 59753 | Crypt:1  | 59753 ||| Stepping ~*~*~tactically~*~*~ (hiding).
 59755 | Crypt:1  | 59755 ||| Stepping ~*~*~tactically~*~*~ (hiding).
 59797 | Crypt:1  | 59797 ||| Stepping ~*~*~tactically~*~*~ (stealth).
 59922 | Crypt:1  | Reached skill level 12 in Invocations
 60136 | Crypt:1  | Reached ***** piety under the Shining One
 60221 | Crypt:1  | 60221 ||| DROPPING amulet of guardian spirit.
 60222 | Crypt:1  | 60222 ||| DROPPING ring of see invisible.
 60259 | Crypt:2  | 60259 ||| Stepping ~*~*~tactically~*~*~ (stealth).
 60261 | Crypt:2  | 60261 ||| Stepping ~*~*~tactically~*~*~ (hiding).
 60283 | Crypt:2  | 60283 ||| Stepping ~*~*~tactically~*~*~ (stealth).
 60284 | Crypt:2  | 60284 ||| Stepping ~*~*~tactically~*~*~ (stealth).
 60312 | Crypt:2  | 60312 ||| Stepping ~*~*~tactically~*~*~ (stealth).
 60538 | Crypt:2  | 60538 ||| INVOKING Cleansing Flame.
 61101 | Crypt:3  | Entered Level 3 of the Crypt
 61103 | Crypt:3  | Reached ****** piety under the Shining One
 61104 | Crypt:3  | 61104 ||| Stepping ~*~*~tactically~*~*~ (hiding).
 61140 | Crypt:3  | 61140 ||| INVOKING Brand Weapon With Holy Wrath.
 61140 | Crypt:3  | Identified a +5 broad axe of holy wrath (a +3 heavy broad
                  | axe blessed by the Shining One)
 61140 | Crypt:3  | Received a gift from the Shining One
 61142 | Crypt:3  | 61142 ||| Stepping ~*~*~tactically~*~*~ (hiding).
 61147 | Crypt:3  | 61147 ||| Stepping ~*~*~tactically~*~*~ (hiding).
 61171 | Crypt:3  | Identified the +6 broad axe "Jihonozi" {heavy, rPois Dex+3}
 61173 | Crypt:3  | 61173 ||| DROPPING +6 broad axe "Jihonozi" {heavy, rPois
                  | Dex+3}.
 61189 | Crypt:3  | Noticed an ancient lich
 61190 | Crypt:3  | 61190 ||| INVOKING Summon Divine Warrior.
 61194 | Crypt:3  | 61194 ||| INVOKING Cleansing Flame.
 61200 | Crypt:3  | 61200 ||| INVOKING Cleansing Flame.
 61202 | Crypt:3  | Killed an ancient lich
 61316 | Crypt:3  | Reached skill level 15 in Invocations
 61404 | Crypt:3  | Noticed Jory
 61416 | Crypt:3  | Killed Jory
 61457 | Crypt:3  | 61457 ||| INVOKING Cleansing Flame.
 61664 | Crypt:3  | Identified the ring "Besaz" {rC+ rN+ Str+3 Int+5}
 61665 | Crypt:3  | 61665 ||| Stepping ~*~*~tactically~*~*~ (stealth).
 61781 | Crypt:3  | 61781 ||| READING scroll of acquirement.
 61781 | Crypt:3  | 61781 ||| ACQUIRING ring of the Evening {Fire Slay+2}
 61781 | Crypt:3  | Acquired the ring of the Evening {Fire Slay+2}
 61782 | Crypt:3  | 61782 ||| UPGRADING to +4 ring of protection.
 61910 | Crypt:3  | Identified the +2 plate armour of Tulips {rF- rC+ Dex+3}
 62176 | Crypt:3  | 62176 ||| Stepping ~*~*~tactically~*~*~ (stealth).
 62202 | Crypt:3  | Identified the ring of Obry {*Corrode rF- rN+ Int+6}
 62237 | Crypt:3  | 62237 ||| Stepping ~*~*~tactically~*~*~ (hiding).
 62449 | Crypt:3  | 62449 ||| Stepping ~*~*~tactically~*~*~ (stealth).
 62506 | Crypt:3  | 62506 ||| DRINKING potion of experience.
 62506 | Crypt:3  | Reached XP level 27. HP: 193/193 MP: 35/35
 62720 | Crypt:3  | 62720 ||| Stepping ~*~*~tactically~*~*~ (stealth).
 62734 | Crypt:3  | Found a staircase to the Tomb.
 63086 | Crypt:3  | 63086 ||| PLANNING TOMB
 63086 | Crypt:3  | 63086 ||| DROPPING ring of protection from cold.
 63087 | Crypt:3  | 63087 ||| SWAPPING to +5 broad axe of holy wrath.
 63088 | Crypt:3  | 63088 ||| READING 4 scrolls of enchant weapon.
 63088 | Crypt:3  | 63088 ||| ENCHANTING +5 broad axe of holy wrath.
 63089 | Crypt:3  | 63089 ||| READING 3 scrolls of enchant weapon.
 63089 | Crypt:3  | 63089 ||| ENCHANTING +6 broad axe of holy wrath.
 63090 | Crypt:3  | 63090 ||| READING 2 scrolls of enchant weapon.
 63090 | Crypt:3  | 63090 ||| ENCHANTING +7 broad axe of holy wrath.
 63091 | Crypt:3  | 63091 ||| READING scroll of enchant weapon.
 63091 | Crypt:3  | 63091 ||| ENCHANTING +8 broad axe of holy wrath.
 63092 | Crypt:3  | 63092 ||| UPGRADING to ring "Besaz" {rC+ rN+ Str+3 Int+5}.
 63094 | Crypt:3  | 63094 ||| DROPPING ring of Obry {*Corrode rF- rN+ Int+6}.
 63095 | Crypt:3  | 63095 ||| DROPPING ring of resist corrosion.
 63096 | Crypt:3  | 63096 ||| DROPPING ring of willpower.
 63183 | Tomb:1   | Entered Level 1 of the Tomb of the Ancients
 63311 | Tomb:1   | 63311 ||| INVOKING Cleansing Flame.
 63318 | Tomb:1   | Paralysed by a sphinx for 2 turns
 63364 | Tomb:1   | 63364 ||| INVOKING Summon Divine Warrior.
 63390 | Tomb:1   | 63390 ||| INVOKING Summon Divine Warrior.
 63644 | Tomb:1   | 63644 ||| INVOKING Summon Divine Warrior.
 63848 | Tomb:1   | Noticed a royal mummy
 63849 | Tomb:1   | 63849 ||| INVOKING Summon Divine Warrior.
 63851 | Tomb:1   | Noticed a royal mummy
 63853 | Tomb:1   | 63853 ||| INVOKING Cleansing Flame.
 63854 | Tomb:1   | 63854 ||| INVOKING Cleansing Flame.
 63855 | Tomb:1   | 63855 ||| INVOKING Cleansing Flame.
 63855 | Tomb:1   | Killed a royal mummy
 63856 | Tomb:1   | 63856 ||| INVOKING Cleansing Flame.
 63857 | Tomb:1   | 63857 ||| INVOKING Cleansing Flame.
 63858 | Tomb:1   | 63858 ||| INVOKING Cleansing Flame.
 63860 | Tomb:1   | Killed a royal mummy
 63927 | Tomb:1   | 63927 ||| INVOKING Cleansing Flame.
 64155 | Tomb:1   | 64155 ||| INVOKING Cleansing Flame.
 64156 | Tomb:1   | 64156 ||| INVOKING Cleansing Flame.
 64489 | Tomb:1   | 64489 ||| UPGRADING to +5 ring of evasion.
 64491 | Tomb:1   | 64491 ||| DROPPING +6 ring of dexterity.
 64492 | Tomb:1   | 64492 ||| UPGRADING to +4 ring of protection.
 64848 | Tomb:2   | 64848 ||| DRINKING 14 potions of haste.
 64849 | Tomb:2   | 64849 ||| DRINKING 13 potions of attraction.
 64850 | Tomb:2   | 64850 ||| INVOKING Cleansing Flame.
 64850 | Tomb:2   | Noticed a royal mummy
 64850 | Tomb:2   | Noticed a royal mummy
 64850 | Tomb:2   | Noticed a royal mummy
 64850 | Tomb:2   | Noticed a royal mummy
 64851 | Tomb:2   | 64851 ||| INVOKING Summon Divine Warrior.
 64852 | Tomb:2   | 64852 ||| INVOKING Cleansing Flame.
 64853 | Tomb:2   | 64853 ||| INVOKING Cleansing Flame.
 64856 | Tomb:2   | Killed a royal mummy
 64859 | Tomb:2   | Killed a royal mummy
 64860 | Tomb:2   | 64860 ||| INVOKING Cleansing Flame.
 64861 | Tomb:2   | 64861 ||| INVOKING Cleansing Flame.
 64862 | Tomb:2   | 64862 ||| INVOKING Cleansing Flame.
 64863 | Tomb:2   | Killed a royal mummy
 64863 | Tomb:2   | Killed a royal mummy
 64865 | Tomb:2   | Reached skill level 18 in Axes
 64926 | Tomb:2   | Reached skill level 18 in Invocations
 65017 | Tomb:2   | 65017 ||| Stepping ~*~*~tactically~*~*~ (stealth).
 65019 | Tomb:2   | 65019 ||| Stepping ~*~*~tactically~*~*~ (stealth).
 65022 | Tomb:2   | 65022 ||| Stepping ~*~*~tactically~*~*~ (stealth).
 65049 | Tomb:2   | 65049 ||| Stepping ~*~*~tactically~*~*~ (stealth).
 65050 | Tomb:2   | 65050 ||| Stepping ~*~*~tactically~*~*~ (stealth).
 65051 | Tomb:2   | 65051 ||| Stepping ~*~*~tactically~*~*~ (stealth).
 65069 | Tomb:2   | 65069 ||| Stepping ~*~*~tactically~*~*~ (stealth).
 65071 | Tomb:2   | Was forgiven by Okawaru
 65107 | Tomb:2   | 65107 ||| Stepping ~*~*~tactically~*~*~ (hiding).
 65108 | Tomb:2   | 65108 ||| Stepping ~*~*~tactically~*~*~ (hiding).
 65112 | Tomb:2   | 65112 ||| Stepping ~*~*~tactically~*~*~ (hiding).
 65463 | Tomb:1   | Noticed a royal mummy
 65464 | Tomb:1   | 65464 ||| INVOKING Summon Divine Warrior.
 65467 | Tomb:1   | 65467 ||| INVOKING Cleansing Flame.
 65470 | Tomb:1   | Killed a royal mummy
 65474 | Tomb:1   | Noticed a royal mummy
 65476 | Tomb:1   | 65476 ||| INVOKING Cleansing Flame.
 65477 | Tomb:1   | 65477 ||| INVOKING Cleansing Flame.
 65478 | Tomb:1   | 65478 ||| INVOKING Cleansing Flame.
 65480 | Tomb:1   | Killed a royal mummy
 65598 | Tomb:1   | Noticed a royal mummy
 65603 | Tomb:1   | 65603 ||| INVOKING Cleansing Flame.
 65605 | Tomb:1   | Killed a royal mummy
 65705 | Tomb:1   | Noticed a royal mummy
 65705 | Tomb:1   | Noticed a royal mummy
 65706 | Tomb:1   | 65706 ||| INVOKING Summon Divine Warrior.
 65712 | Tomb:1   | 65712 ||| INVOKING Cleansing Flame.
 65715 | Tomb:1   | Killed a royal mummy
 65716 | Tomb:1   | 65716 ||| INVOKING Cleansing Flame.
 65720 | Tomb:1   | Killed a royal mummy
 65722 | Tomb:1   | Noticed a royal mummy
 65727 | Tomb:1   | 65727 ||| INVOKING Cleansing Flame.
 65727 | Tomb:1   | Noticed a royal mummy
 65728 | Tomb:1   | 65728 ||| INVOKING Cleansing Flame.
 65728 | Tomb:1   | Noticed a royal mummy
 65729 | Tomb:1   | 65729 ||| INVOKING Cleansing Flame.
 65730 | Tomb:1   | 65730 ||| INVOKING Cleansing Flame.
 65730 | Tomb:1   | Killed a royal mummy
 65731 | Tomb:1   | Noticed a royal mummy
 65732 | Tomb:1   | HP: 38/193 [royal mummy/divine providence (12)]
 65733 | Tomb:1   | 65733 ||| READING 15 scrolls of teleportation.
 65733 | Tomb:1   | Noticed a royal mummy
 65734 | Tomb:1   | 65734 ||| DRINKING 7 potions of heal wounds.
 65734 | Tomb:1   | Noticed a royal mummy
 65744 | Tomb:1   | 65744 ||| INVOKING Summon Divine Warrior.
 65773 | Tomb:1   | Killed a royal mummy
 65776 | Tomb:1   | 65776 ||| INVOKING Cleansing Flame.
 65780 | Tomb:1   | Killed a royal mummy
 65781 | Tomb:1   | 65781 ||| INVOKING Cleansing Flame.
 65781 | Tomb:1   | Noticed a royal mummy
 65782 | Tomb:1   | 65782 ||| INVOKING Cleansing Flame.
 65783 | Tomb:1   | Killed a royal mummy
 65785 | Tomb:1   | Killed a royal mummy
 65788 | Tomb:1   | Killed a royal mummy
 65788 | Tomb:1   | HP: 35/193 [something (18)]
 65788 | Tomb:1   | Noticed a royal mummy
 65789 | Tomb:1   | 65789 ||| READING 14 scrolls of teleportation.
 65790 | Tomb:1   | 65790 ||| DRINKING 6 potions of heal wounds.
 66178 | Tomb:1   | Noticed a royal mummy
 66179 | Tomb:1   | 66179 ||| INVOKING Summon Divine Warrior.
 66181 | Tomb:1   | 66181 ||| INVOKING Cleansing Flame.
 66181 | Tomb:1   | Killed a royal mummy
 66183 | Tomb:1   | Noticed a royal mummy
 66184 | Tomb:1   | 66184 ||| INVOKING Cleansing Flame.
 66190 | Tomb:1   | Killed a royal mummy
 66191 | Tomb:1   | 66191 ||| INVOKING Cleansing Flame.
 66193 | Tomb:1   | 66193 ||| INVOKING Summon Divine Warrior.
 66201 | Tomb:1   | Killed a royal mummy
 66237 | Tomb:1   | Noticed a royal mummy
 66239 | Tomb:1   | 66239 ||| INVOKING Cleansing Flame.
 66240 | Tomb:1   | 66240 ||| INVOKING Cleansing Flame.
 66241 | Tomb:1   | 66241 ||| INVOKING Cleansing Flame.
 66241 | Tomb:1   | Killed a royal mummy
 66473 | Tomb:1   | Noticed a royal mummy
 66474 | Tomb:1   | 66474 ||| Stepping ~*~*~tactically~*~*~ (stealth).
 66476 | Tomb:1   | 66476 ||| Stepping ~*~*~tactically~*~*~ (stealth).
 66477 | Tomb:1   | 66477 ||| Stepping ~*~*~tactically~*~*~ (stealth).
 66478 | Tomb:1   | 66478 ||| INVOKING Summon Divine Warrior.
 66480 | Tomb:1   | 66480 ||| INVOKING Cleansing Flame.
 66481 | Tomb:1   | 66481 ||| INVOKING Summon Divine Warrior.
 66484 | Tomb:1   | 66484 ||| INVOKING Cleansing Flame.
 66484 | Tomb:1   | Killed a royal mummy
 66668 | Tomb:1   | 66668 ||| INVOKING Summon Divine Warrior.
 66676 | Tomb:1   | 66676 ||| INVOKING Summon Divine Warrior.
 66681 | Tomb:1   | 66681 ||| INVOKING Cleansing Flame.
 66682 | Tomb:1   | 66682 ||| INVOKING Cleansing Flame.
 66682 | Tomb:1   | Killed a royal mummy
 67043 | Tomb:2   | 67043 ||| INVOKING Cleansing Flame.
 67050 | Tomb:2   | 67050 ||| INVOKING Cleansing Flame.
 67051 | Tomb:2   | Gained mutation: You are frail. (-10% HP) [mutagenic glow]
 67065 | Tomb:2   | 67065 ||| INVOKING Cleansing Flame.
 67068 | Tomb:2   | Gained mutation: You are very frail. (-20% HP) [mutagenic
                  | glow]
 67081 | Tomb:2   | Gained mutation: You sometimes lose your temper in combat.
                  | [mutagenic glow]
 67094 | Tomb:2   | Gained mutation: You occasionally shout uncontrollably at
                  | your foes. [mutagenic glow]
 67112 | Tomb:2   | Gained mutation: You have an uncontrollable temper.
                  | [mutagenic glow]
 67139 | Tomb:2   | Gained mutation: Armour fits poorly on your strangely
                  | shaped body. [mutagenic glow]
 67146 | Tomb:2   | 67146 ||| DRINKING 6 potions of mutation.
 67146 | Tomb:2   | Lost mutation: Your flesh is heat resistant. (rF+) [potion
                  | of mutation]
 67146 | Tomb:2   | Lost mutation: You have sharp fingernails. [potion of
                  | mutation]
 67146 | Tomb:2   | Lost mutation: Armour fits poorly on your strangely shaped
                  | body. [potion of mutation]
 67146 | Tomb:2   | Gained mutation: You are dopey. (Int -2) [potion of
                  | mutation]
 67146 | Tomb:2   | Gained mutation: You are strong-willed. (Will+) [potion of
                  | mutation]
 67147 | Tomb:2   | 67147 ||| DRINKING 5 potions of mutation.
 67147 | Tomb:2   | Lost mutation: You have an uncontrollable temper. [potion
                  | of mutation]
 67147 | Tomb:2   | Lost mutation: You are agile. (Dex +4, Str/Int -1) [potion
                  | of mutation]
 67147 | Tomb:2   | Lost mutation: You occasionally shout uncontrollably at
                  | your foes. [potion of mutation]
 67147 | Tomb:2   | Lost mutation: You have sharp toenails. [potion of
                  | mutation]
 67147 | Tomb:2   | Gained mutation: You have hidden genetic defects. [potion
                  | of mutation]
 67148 | Tomb:2   | 67148 ||| DRINKING 4 potions of mutation.
 67148 | Tomb:2   | Lost mutation: You have hidden genetic defects. [potion of
                  | mutation]
 67148 | Tomb:2   | Lost mutation: You are strong-willed. (Will+) [potion of
                  | mutation]
 67148 | Tomb:2   | Gained mutation: You are agile. (Dex +4, Str/Int -1)
                  | [potion of mutation]
 67149 | Tomb:2   | 67149 ||| DRINKING 3 potions of mutation.
 67149 | Tomb:2   | Lost mutation: You have a pair of small horns on your head.
                  | [potion of mutation]
 67149 | Tomb:2   | Lost mutation: You are partially covered in iridescent
                  | scales. (AC +2) [potion of mutation]
 67149 | Tomb:2   | Lost mutation: You are dopey. (Int -2) [potion of mutation]
 67149 | Tomb:2   | Gained mutation: You have hidden genetic potential. [potion
                  | of mutation]
 67150 | Tomb:2   | 67150 ||| DRINKING 2 potions of mutation.
 67150 | Tomb:2   | Lost mutation: You are agile. (Dex +4, Str/Int -1) [potion
                  | of mutation]
 67150 | Tomb:2   | Lost mutation: You have hidden genetic potential. [potion
                  | of mutation]
 67150 | Tomb:2   | Gained mutation: You are partially covered in iridescent
                  | scales. (AC +2) [potion of mutation]
 67151 | Tomb:2   | 67151 ||| DRINKING potion of mutation.
 67151 | Tomb:2   | Lost mutation: You are partially covered in iridescent
                  | scales. (AC +2) [potion of mutation]
 67151 | Tomb:2   | Lost mutation: You sometimes lose your temper in combat.
                  | [potion of mutation]
 67151 | Tomb:2   | Gained mutation: Your magical capacity is low. (-10% MP)
                  | [potion of mutation]
 67212 | Tomb:2   | 67212 ||| UPGRADING to +0 pair of boots of Tempters {Fly
                  | rF- Str+2 Dex+5}.
 67244 | Tomb:2   | Gained mutation: Your muscles are strong. (Str +4, Int/Dex
                  | -1) [mutagenic glow]
 67260 | Tomb:2   | Gained mutation: You occasionally lose the ability to read
                  | scrolls when taking damage. [mutagenic glow]
 67263 | Tomb:3   | Entered Level 3 of the Tomb of the Ancients
 67264 | Tomb:3   | 67264 ||| DRINKING 14 potions of haste.
 67265 | Tomb:3   | 67265 ||| DRINKING 12 potions of attraction.
 67292 | Tomb:3   | Noticed a royal mummy
 67292 | Tomb:3   | Noticed a royal mummy
 67293 | Tomb:3   | 67293 ||| INVOKING Summon Divine Warrior.
 67309 | Tomb:3   | 67309 ||| INVOKING Cleansing Flame.
 67310 | Tomb:3   | 67310 ||| INVOKING Cleansing Flame.
 67311 | Tomb:3   | 67311 ||| INVOKING Cleansing Flame.
 67313 | Tomb:3   | Killed a royal mummy
 67314 | Tomb:3   | 67314 ||| INVOKING Cleansing Flame.
 67314 | Tomb:3   | Killed a royal mummy
 67315 | Tomb:3   | 67315 ||| INVOKING Cleansing Flame.
 67316 | Tomb:3   | 67316 ||| INVOKING Cleansing Flame.
 67316 | Tomb:3   | Noticed a royal mummy
 67317 | Tomb:3   | 67317 ||| INVOKING Cleansing Flame.
 67318 | Tomb:3   | 67318 ||| INVOKING Cleansing Flame.
 67319 | Tomb:3   | Noticed a royal mummy
 67321 | Tomb:3   | Killed a royal mummy
 67322 | Tomb:3   | 67322 ||| INVOKING Cleansing Flame.
 67326 | Tomb:3   | Killed a royal mummy
 67336 | Tomb:3   | Noticed a royal mummy
 67337 | Tomb:3   | 67337 ||| INVOKING Summon Divine Warrior.
 67338 | Tomb:3   | Noticed a royal mummy
 67339 | Tomb:3   | 67339 ||| INVOKING Cleansing Flame.
 67340 | Tomb:3   | 67340 ||| INVOKING Cleansing Flame.
 67341 | Tomb:3   | 67341 ||| INVOKING Cleansing Flame.
 67341 | Tomb:3   | HP: 34/156 [something (13)]
 67341 | Tomb:3   | Killed a royal mummy
 67342 | Tomb:3   | 67342 ||| READING 13 scrolls of teleportation.
 67343 | Tomb:3   | 67343 ||| DRINKING 5 potions of heal wounds.
 67343 | Tomb:3   | Killed a royal mummy
 67344 | Tomb:3   | Reached skill level 24 in Armour
 67345 | Tomb:3   | 67345 ||| INVOKING Cleansing Flame.
 67345 | Tomb:3   | Noticed a royal mummy
 67346 | Tomb:3   | 67346 ||| DRINKING 3 potions of magic.
 67347 | Tomb:3   | 67347 ||| INVOKING Summon Divine Warrior.
 67355 | Tomb:3   | Noticed a royal mummy
 67358 | Tomb:3   | Noticed a royal mummy
 67368 | Tomb:3   | 67368 ||| INVOKING Cleansing Flame.
 67368 | Tomb:3   | HP: 38/156 [??? (7)]
 67369 | Tomb:3   | 67369 ||| READING 12 scrolls of teleportation.
 67370 | Tomb:3   | 67370 ||| DRINKING 4 potions of heal wounds.
 67371 | Tomb:3   | 67371 ||| INVOKING Summon Divine Warrior.
 67378 | Tomb:3   | 67378 ||| INVOKING Cleansing Flame.
 67379 | Tomb:3   | 67379 ||| INVOKING Cleansing Flame.
 67380 | Tomb:3   | 67380 ||| INVOKING Cleansing Flame.
 67381 | Tomb:3   | 67381 ||| DRINKING 2 potions of magic.
 67382 | Tomb:3   | 67382 ||| INVOKING Cleansing Flame.
 67382 | Tomb:3   | HP: 30/156 [emperor scorpion[a royal mummy] (16)]
 67383 | Tomb:3   | 67383 ||| READING 11 scrolls of teleportation.
 67384 | Tomb:3   | 67384 ||| DRINKING 3 potions of heal wounds.
 67385 | Tomb:3   | Killed a royal mummy
 67387 | Tomb:3   | 67387 ||| INVOKING Summon Divine Warrior.
 67388 | Tomb:3   | 67388 ||| INVOKING Cleansing Flame.
 67389 | Tomb:3   | 67389 ||| INVOKING Summon Divine Warrior.
 67390 | Tomb:3   | 67390 ||| INVOKING Cleansing Flame.
 67392 | Tomb:3   | Killed a royal mummy
 67392 | Tomb:3   | HP: 38/156 [something (9)]
 67393 | Tomb:3   | 67393 ||| READING 10 scrolls of teleportation.
 67394 | Tomb:3   | 67394 ||| DRINKING 2 potions of heal wounds.
 67395 | Tomb:3   | 67395 ||| DRINKING potion of heal wounds.
 67397 | Tomb:3   | 67397 ||| DRINKING potion of magic.
 67398 | Tomb:3   | 67398 ||| INVOKING Summon Divine Warrior.
 67414 | Tomb:3   | 67414 ||| INVOKING Cleansing Flame.
 67414 | Tomb:3   | Killed a royal mummy
 67796 | Tomb:3   | Identified the +1 leather armour of the Thistle {Str-3
                  | Int+4 Dex+8 Slay-2}
 67869 | Tomb:3   | Identified the +8 sling of Instant Death {drain, Fly rF+
                  | Dex+3}
 67872 | Tomb:3   | Identified the +2 robe of Sin {Slay+2}
 67873 | Tomb:3   | Identified the amulet of Mixur {Faith rF- rCorr Slay+3}
 67878 | Tomb:3   | Identified the +6 great sword of Trial by Ordeal {heavy,
                  | *Corrode Str+7 SInv}
 67894 | Tomb:3   | Identified the +7 plate armour of the First Artists {Int+3}
 67895 | Tomb:3   | Identified the +1 short sword of Terra Cotta {holy, *Noise
                  | rC+ rN+ Will+}
 67898 | Tomb:3   | Identified the ring "Jirchuot" {Fire Drain Int+5 Dex+2}
 67902 | Tomb:3   | Identified the +12 shortbow "Jeizotem" {heavy, Will+++
                  | Int+5 Dex-4 Stlth+}
 67976 | Tomb:3   | Got a golden rune of Zot
 68045 | Tomb:3   | 68045 ||| PLANNING ABYSS
 68045 | Tomb:3   | 68045 ||| SWAPPING to +9 war axe of Ravage {spect, rN+
                  | Will+ SInv}.
 68046 | Tomb:3   | 68046 ||| UPGRADING to +1 pair of boots.
 68056 | Tomb:3   | 68056 ||| UPGRADING to amulet of Mixur {Faith rF- rCorr
                  | Slay+3}.
 68066 | Tomb:3   | 68066 ||| UPGRADING to +0 pair of boots of Tempters {Fly
                  | rF- Str+2 Dex+5}.
 68571 | Depths:3 | Voluntarily entered the Abyss.
 68582 | Abyss:1  | 68582 ||| Stepping ~*~*~tactically~*~*~ (stealth).
 68584 | Abyss:1  | 68584 ||| Stepping ~*~*~tactically~*~*~ (stealth).
 68588 | Abyss:1  | 68588 ||| Stepping ~*~*~tactically~*~*~ (stealth).
 68673 | Abyss:1  | 68673 ||| Stepping ~*~*~tactically~*~*~ (hiding).
 68719 | Abyss:1  | 68719 ||| Stepping ~*~*~tactically~*~*~ (stealth).
 68725 | Abyss:1  | 68725 ||| Stepping ~*~*~tactically~*~*~ (stealth).
 68728 | Abyss:1  | 68728 ||| Stepping ~*~*~tactically~*~*~ (stealth).
 68729 | Abyss:1  | 68729 ||| Stepping ~*~*~tactically~*~*~ (stealth).
 68775 | Abyss:1  | 68775 ||| Stepping ~*~*~tactically~*~*~ (stealth).
 68777 | Abyss:1  | 68777 ||| Stepping ~*~*~tactically~*~*~ (hiding).
 68790 | Abyss:1  | 68790 ||| Stepping ~*~*~tactically~*~*~ (stealth).
 68805 | Abyss:1  | 68805 ||| Stepping ~*~*~tactically~*~*~ (hiding).
 68869 | Abyss:1  | 68869 ||| Stepping ~*~*~tactically~*~*~ (stealth).
 68940 | Abyss:1  | 68940 ||| Stepping ~*~*~tactically~*~*~ (stealth).
 68947 | Abyss:1  | 68947 ||| Stepping ~*~*~tactically~*~*~ (stealth).
 68950 | Abyss:1  | 68950 ||| Stepping ~*~*~tactically~*~*~ (hiding).
 68992 | Abyss:1  | 68992 ||| Stepping ~*~*~tactically~*~*~ (stealth).
 69104 | Abyss:1  | 69104 ||| Stepping ~*~*~tactically~*~*~ (stealth).
 69117 | Abyss:1  | 69117 ||| Stepping ~*~*~tactically~*~*~ (stealth).
 69125 | Abyss:1  | 69125 ||| Stepping ~*~*~tactically~*~*~ (stealth).
 69139 | Abyss:1  | 69139 ||| Stepping ~*~*~tactically~*~*~ (hiding).
 69140 | Abyss:1  | 69140 ||| Stepping ~*~*~tactically~*~*~ (hiding).
 69142 | Abyss:1  | 69142 ||| Stepping ~*~*~tactically~*~*~ (hiding).
 69158 | Abyss:1  | 69158 ||| Stepping ~*~*~tactically~*~*~ (stealth).
 69159 | Abyss:1  | 69159 ||| Stepping ~*~*~tactically~*~*~ (stealth).
 69161 | Abyss:1  | 69161 ||| Stepping ~*~*~tactically~*~*~ (hiding).
 69180 | Abyss:1  | 69180 ||| INVOKING Summon Divine Warrior.
 69186 | Abyss:1  | 69186 ||| INVOKING Summon Divine Warrior.
 69416 | Abyss:1  | Found a runed translucent door.
 69426 | Abyss:1  | Found a runed translucent door.
 69426 | Abyss:1  | Found a runed translucent door.
 69433 | Abyss:1  | Reached skill level 15 in Throwing
 69460 | Abyss:1  | Found a runed translucent door.
 69639 | Abyss:1  | Found a runed translucent door.
 69687 | Abyss:1  | 69687 ||| INVOKING Cleansing Flame.
 69716 | Abyss:1  | Paralysed by a floating eye for 2 turns
 69753 | Abyss:1  | 69753 ||| Stepping ~*~*~tactically~*~*~ (hiding).
 69844 | Abyss:1  | 69844 ||| Stepping ~*~*~tactically~*~*~ (hiding).
 69897 | Abyss:1  | 69897 ||| Stepping ~*~*~tactically~*~*~ (hiding).
 69899 | Abyss:1  | 69899 ||| INVOKING Cleansing Flame.
 70089 | Abyss:1  | 70089 ||| Stepping ~*~*~tactically~*~*~ (cloud).
 70156 | Abyss:1  | HP: 26/156 [smoke demon/divine providence (15)]
 70157 | Abyss:1  | 70157 ||| READING 9 scrolls of teleportation.
 70238 | Abyss:1  | 70238 ||| Stepping ~*~*~tactically~*~*~ (stealth).
 70243 | Abyss:1  | 70243 ||| Stepping ~*~*~tactically~*~*~ (stealth).
 70246 | Abyss:1  | 70246 ||| INVOKING Summon Divine Warrior.
 70248 | Abyss:1  | 70248 ||| INVOKING Summon Divine Warrior.
 70329 | Abyss:1  | 70329 ||| Stepping ~*~*~tactically~*~*~ (cloud).
 70381 | Abyss:1  | Gained mutation: Your body sometimes deteriorates upon
                  | taking damage. [a neqoxec]
 70634 | Abyss:1  | Paralysed by an air elemental for 1 turns
 70707 | Abyss:1  | 70707 ||| INVOKING Summon Divine Warrior.
 70730 | Abyss:1  | Found a corrupted altar of Lugonu.
 70897 | Abyss:1  | 70897 ||| Stepping ~*~*~tactically~*~*~ (hiding).
 70903 | Abyss:1  | 70903 ||| Stepping ~*~*~tactically~*~*~ (stealth).
 70907 | Abyss:1  | 70907 ||| Stepping ~*~*~tactically~*~*~ (stealth).
 70908 | Abyss:1  | 70908 ||| Stepping ~*~*~tactically~*~*~ (stealth).
 70909 | Abyss:1  | 70909 ||| Stepping ~*~*~tactically~*~*~ (stealth).
 70915 | Abyss:1  | 70915 ||| Stepping ~*~*~tactically~*~*~ (stealth).
 70954 | Abyss:1  | 70954 ||| Stepping ~*~*~tactically~*~*~ (stealth).
 70960 | Abyss:1  | 70960 ||| Stepping ~*~*~tactically~*~*~ (hiding).
 70984 | Abyss:1  | 70984 ||| Stepping ~*~*~tactically~*~*~ (stealth).
 70985 | Abyss:1  | 70985 ||| Stepping ~*~*~tactically~*~*~ (stealth).
 70988 | Abyss:1  | 70988 ||| Stepping ~*~*~tactically~*~*~ (stealth).
 70990 | Abyss:1  | 70990 ||| Stepping ~*~*~tactically~*~*~ (stealth).
 71017 | Abyss:1  | 71017 ||| Stepping ~*~*~tactically~*~*~ (stealth).
 71046 | Abyss:1  | 71046 ||| Stepping ~*~*~tactically~*~*~ (stealth).
 71047 | Abyss:1  | 71047 ||| Stepping ~*~*~tactically~*~*~ (stealth).
 71059 | Abyss:1  | 71059 ||| Stepping ~*~*~tactically~*~*~ (hiding).
 71073 | Abyss:1  | 71073 ||| Stepping ~*~*~tactically~*~*~ (hiding).
 71076 | Abyss:1  | 71076 ||| Stepping ~*~*~tactically~*~*~ (hiding).
 71079 | Abyss:1  | 71079 ||| Stepping ~*~*~tactically~*~*~ (hiding).
 71080 | Abyss:1  | 71080 ||| Stepping ~*~*~tactically~*~*~ (hiding).
 71085 | Abyss:1  | 71085 ||| Stepping ~*~*~tactically~*~*~ (hiding).
 71102 | Abyss:1  | 71102 ||| Stepping ~*~*~tactically~*~*~ (stealth).
 71118 | Abyss:1  | 71118 ||| Stepping ~*~*~tactically~*~*~ (stealth).
 71119 | Abyss:1  | 71119 ||| Stepping ~*~*~tactically~*~*~ (stealth).
 71130 | Abyss:1  | 71130 ||| Stepping ~*~*~tactically~*~*~ (hiding).
 71154 | Abyss:1  | 71154 ||| Stepping ~*~*~tactically~*~*~ (stealth).
 71165 | Abyss:1  | 71165 ||| Stepping ~*~*~tactically~*~*~ (stealth).
 71202 | Abyss:1  | Reached skill level 27 in Fighting
 71258 | Abyss:1  | 71258 ||| Stepping ~*~*~tactically~*~*~ (stealth).
 71259 | Abyss:1  | 71259 ||| Stepping ~*~*~tactically~*~*~ (stealth).
 71263 | Abyss:1  | 71263 ||| Stepping ~*~*~tactically~*~*~ (stealth).
 71297 | Abyss:1  | 71297 ||| Stepping ~*~*~tactically~*~*~ (stealth).
 71298 | Abyss:1  | 71298 ||| Stepping ~*~*~tactically~*~*~ (stealth).
 71334 | Abyss:1  | 71334 ||| Stepping ~*~*~tactically~*~*~ (stealth).
 71336 | Abyss:1  | 71336 ||| Stepping ~*~*~tactically~*~*~ (hiding).
 71337 | Abyss:1  | 71337 ||| INVOKING Summon Divine Warrior.
 71661 | Abyss:1  | Noticed a dread lich
 71666 | Abyss:1  | 71666 ||| INVOKING Cleansing Flame.
 71668 | Abyss:1  | Killed a dread lich
 72258 | Abyss:1  | Reached skill level 12 in Dodging
 72379 | Abyss:1  | 72379 ||| INVOKING Cleansing Flame.
 72380 | Abyss:1  | Reached skill level 21 in Invocations
 72462 | Abyss:1  | Noticed a dread lich
 72473 | Abyss:1  | Killed a dread lich
 72504 | Abyss:1  | Found a runed translucent door.
 72512 | Abyss:1  | Found a runed translucent door.
 72514 | Abyss:1  | Found a runed translucent door.
 72722 | Abyss:1  | Gained mutation: You sometimes lose the ability to read
                  | scrolls when taking damage. [a neqoxec]
 72807 | Abyss:2  | 72807 ||| Stepping ~*~*~tactically~*~*~ (stealth).
 72809 | Abyss:2  | 72809 ||| Stepping ~*~*~tactically~*~*~ (stealth).
 72812 | Abyss:2  | 72812 ||| Stepping ~*~*~tactically~*~*~ (stealth).
 72815 | Abyss:2  | 72815 ||| Stepping ~*~*~tactically~*~*~ (hiding).
 72896 | Abyss:2  | 72896 ||| Stepping ~*~*~tactically~*~*~ (hiding).
 72900 | Abyss:2  | 72900 ||| INVOKING Summon Divine Warrior.
 72964 | Abyss:2  | 72964 ||| Stepping ~*~*~tactically~*~*~ (hiding).
 73010 | Abyss:2  | 73010 ||| Stepping ~*~*~tactically~*~*~ (stealth).
 73047 | Abyss:2  | 73047 ||| Stepping ~*~*~tactically~*~*~ (stealth).
 73048 | Abyss:2  | 73048 ||| Stepping ~*~*~tactically~*~*~ (stealth).
 73052 | Abyss:2  | 73052 ||| Stepping ~*~*~tactically~*~*~ (stealth).
 73060 | Abyss:2  | 73060 ||| Stepping ~*~*~tactically~*~*~ (hiding).
 73062 | Abyss:2  | 73062 ||| Stepping ~*~*~tactically~*~*~ (hiding).
 73066 | Abyss:2  | 73066 ||| Stepping ~*~*~tactically~*~*~ (hiding).
 73080 | Abyss:2  | 73080 ||| Stepping ~*~*~tactically~*~*~ (stealth).
 73083 | Abyss:2  | 73083 ||| Stepping ~*~*~tactically~*~*~ (stealth).
 73088 | Abyss:2  | 73088 ||| Stepping ~*~*~tactically~*~*~ (stealth).
 73089 | Abyss:2  | 73089 ||| Stepping ~*~*~tactically~*~*~ (stealth).
 73109 | Abyss:2  | 73109 ||| Stepping ~*~*~tactically~*~*~ (stealth).
 73123 | Abyss:2  | 73123 ||| Stepping ~*~*~tactically~*~*~ (hiding).
 73136 | Abyss:2  | 73136 ||| INVOKING Summon Divine Warrior.
 73138 | Abyss:2  | HP: 7/159 [red draconian scorcher/searing blast (63)]
 73144 | Abyss:2  | HP: 18/159 [rakshasa (illusionary)/lance of force (13)]
 73149 | Abyss:2  | HP: 15/159 [hell knight/+4 broad axe of flaming (4)]
 73187 | Abyss:2  | 73187 ||| READING 8 scrolls of teleportation.
 73246 | Abyss:2  | 73246 ||| Stepping ~*~*~tactically~*~*~ (stealth).
 73248 | Abyss:2  | 73248 ||| Stepping ~*~*~tactically~*~*~ (stealth).
 73249 | Abyss:2  | 73249 ||| INVOKING Summon Divine Warrior.
 73340 | Abyss:2  | 73340 ||| Stepping ~*~*~tactically~*~*~ (stealth).
 73416 | Abyss:2  | 73416 ||| Stepping ~*~*~tactically~*~*~ (stealth).
 73432 | Abyss:2  | 73432 ||| Stepping ~*~*~tactically~*~*~ (hiding).
 73446 | Abyss:2  | 73446 ||| Stepping ~*~*~tactically~*~*~ (stealth).
 73455 | Abyss:2  | 73455 ||| Stepping ~*~*~tactically~*~*~ (stealth).
 73503 | Abyss:2  | 73503 ||| Stepping ~*~*~tactically~*~*~ (stealth).
 73525 | Abyss:2  | 73525 ||| Stepping ~*~*~tactically~*~*~ (stealth).
 73526 | Abyss:2  | Gained mutation: You occasionally lose the ability to drink
                  | potions when taking damage. [a cacodemon]
 73531 | Abyss:2  | Found a corrupted altar of Lugonu.
 73534 | Abyss:2  | 73534 ||| Stepping ~*~*~tactically~*~*~ (cloud).
 73535 | Abyss:2  | 73535 ||| Stepping ~*~*~tactically~*~*~ (hiding).
 73537 | Abyss:2  | 73537 ||| Stepping ~*~*~tactically~*~*~ (hiding).
 73541 | Abyss:2  | 73541 ||| INVOKING Cleansing Flame.
 73542 | Abyss:2  | 73542 ||| INVOKING Cleansing Flame.
 73548 | Abyss:2  | 73548 ||| INVOKING Summon Divine Warrior.
 73585 | Abyss:2  | 73585 ||| Stepping ~*~*~tactically~*~*~ (stealth).
 73586 | Abyss:2  | 73586 ||| Stepping ~*~*~tactically~*~*~ (stealth).
 73589 | Abyss:2  | 73589 ||| Stepping ~*~*~tactically~*~*~ (stealth).
 73591 | Abyss:2  | 73591 ||| Stepping ~*~*~tactically~*~*~ (stealth).
 73592 | Abyss:2  | Noticed a dread lich
 73593 | Abyss:2  | 73593 ||| INVOKING Summon Divine Warrior.
 73601 | Abyss:2  | 73601 ||| INVOKING Cleansing Flame.
 73601 | Abyss:2  | Killed a dread lich
 73633 | Abyss:2  | 73633 ||| Stepping ~*~*~tactically~*~*~ (cloud).
 73756 | Abyss:2  | Found a corrupted altar of Lugonu.
 73811 | Abyss:2  | 73811 ||| Stepping ~*~*~tactically~*~*~ (hiding).
 74042 | Abyss:2  | 74042 ||| Stepping ~*~*~tactically~*~*~ (cloud).
 74193 | Abyss:2  | 74193 ||| Stepping ~*~*~tactically~*~*~ (cloud).
 74337 | Abyss:2  | Paralysed by an air elemental for 1 turns
 74345 | Abyss:2  | 74345 ||| Stepping ~*~*~tactically~*~*~ (stealth).
 74347 | Abyss:2  | 74347 ||| Stepping ~*~*~tactically~*~*~ (hiding).
 74379 | Abyss:2  | 74379 ||| Stepping ~*~*~tactically~*~*~ (stealth).
 74428 | Abyss:2  | 74428 ||| Stepping ~*~*~tactically~*~*~ (stealth).
 74502 | Abyss:2  | 74502 ||| Stepping ~*~*~tactically~*~*~ (stealth).
 74503 | Abyss:2  | 74503 ||| Stepping ~*~*~tactically~*~*~ (stealth).
 74504 | Abyss:2  | 74504 ||| Stepping ~*~*~tactically~*~*~ (hiding).
 74508 | Abyss:2  | 74508 ||| Stepping ~*~*~tactically~*~*~ (cloud).
 74516 | Abyss:2  | 74516 ||| Stepping ~*~*~tactically~*~*~ (cloud).
 74521 | Abyss:2  | 74521 ||| Stepping ~*~*~tactically~*~*~ (stealth).
 74522 | Abyss:2  | 74522 ||| Stepping ~*~*~tactically~*~*~ (hiding).
 74531 | Abyss:2  | 74531 ||| Stepping ~*~*~tactically~*~*~ (hiding).
 74599 | Abyss:2  | 74599 ||| Stepping ~*~*~tactically~*~*~ (hiding).
 74601 | Abyss:2  | 74601 ||| Stepping ~*~*~tactically~*~*~ (hiding).
 74659 | Abyss:2  | 74659 ||| Stepping ~*~*~tactically~*~*~ (hiding).
 74706 | Abyss:2  | 74706 ||| Stepping ~*~*~tactically~*~*~ (stealth).
 74731 | Abyss:2  | 74731 ||| Stepping ~*~*~tactically~*~*~ (stealth).
 74732 | Abyss:2  | 74732 ||| Stepping ~*~*~tactically~*~*~ (stealth).
 74733 | Abyss:2  | 74733 ||| Stepping ~*~*~tactically~*~*~ (stealth).
 74735 | Abyss:2  | 74735 ||| Stepping ~*~*~tactically~*~*~ (stealth).
 74795 | Abyss:2  | 74795 ||| Stepping ~*~*~tactically~*~*~ (hiding).
 74802 | Abyss:2  | 74802 ||| Stepping ~*~*~tactically~*~*~ (hiding).
 74821 | Abyss:2  | 74821 ||| Stepping ~*~*~tactically~*~*~ (hiding).
 74822 | Abyss:2  | 74822 ||| Stepping ~*~*~tactically~*~*~ (hiding).
 74836 | Abyss:2  | 74836 ||| Stepping ~*~*~tactically~*~*~ (stealth).
 74837 | Abyss:2  | 74837 ||| Stepping ~*~*~tactically~*~*~ (stealth).
 74856 | Abyss:2  | Paralysed by accursed screaming for 1 turns
 74941 | Abyss:2  | 74941 ||| DRINKING 3 potions of resistance.
 74981 | Abyss:2  | 74981 ||| Stepping ~*~*~tactically~*~*~ (stealth).
 74982 | Abyss:2  | 74982 ||| Stepping ~*~*~tactically~*~*~ (stealth).
 74986 | Abyss:2  | 74986 ||| Stepping ~*~*~tactically~*~*~ (stealth).
 74986 | Abyss:2  | Found a corrupted altar of Lugonu.
 75021 | Abyss:2  | Found a corrupted altar of Lugonu.
 75072 | Abyss:2  | 75072 ||| Stepping ~*~*~tactically~*~*~ (hiding).
 75152 | Abyss:2  | Found a corrupted altar of Lugonu.
 75269 | Abyss:3  | Found a broken altar of Ashenzari.
 75281 | Abyss:3  | 75281 ||| Stepping ~*~*~tactically~*~*~ (stealth).
 75297 | Abyss:3  | 75297 ||| Stepping ~*~*~tactically~*~*~ (hiding).
 75312 | Abyss:3  | 75312 ||| Stepping ~*~*~tactically~*~*~ (hiding).
 75335 | Abyss:3  | 75335 ||| Stepping ~*~*~tactically~*~*~ (stealth).
 75344 | Abyss:3  | 75344 ||| FLEEEEING.
 75345 | Abyss:3  | 75345 ||| FLEEEEING.
 75346 | Abyss:3  | 75346 ||| FLEEEEING.
 75351 | Abyss:3  | 75351 ||| Stepping ~*~*~tactically~*~*~ (hiding).
 75353 | Abyss:3  | Paralysed by you for 2 turns
 75372 | Abyss:3  | 75372 ||| Stepping ~*~*~tactically~*~*~ (stealth).
 75403 | Abyss:3  | 75403 ||| Stepping ~*~*~tactically~*~*~ (stealth).
 75405 | Abyss:3  | 75405 ||| Stepping ~*~*~tactically~*~*~ (hiding).
 75407 | Abyss:3  | 75407 ||| Stepping ~*~*~tactically~*~*~ (hiding).
 75414 | Abyss:3  | 75414 ||| Stepping ~*~*~tactically~*~*~ (hiding).
 75464 | Abyss:3  | 75464 ||| Stepping ~*~*~tactically~*~*~ (stealth).
 75549 | Abyss:3  | 75549 ||| Stepping ~*~*~tactically~*~*~ (stealth).
 75562 | Abyss:3  | 75562 ||| Stepping ~*~*~tactically~*~*~ (hiding).
 75564 | Abyss:3  | 75564 ||| Stepping ~*~*~tactically~*~*~ (hiding).
 75572 | Abyss:3  | 75572 ||| Stepping ~*~*~tactically~*~*~ (hiding).
 75610 | Abyss:3  | 75610 ||| Stepping ~*~*~tactically~*~*~ (stealth).
 75612 | Abyss:3  | Gained mutation: You sometimes lose the ability to drink
                  | potions when taking damage. [a neqoxec]
 75623 | Abyss:3  | 75623 ||| Stepping ~*~*~tactically~*~*~ (stealth).
 75629 | Abyss:3  | 75629 ||| Stepping ~*~*~tactically~*~*~ (stealth).
 75652 | Abyss:3  | 75652 ||| Stepping ~*~*~tactically~*~*~ (stealth).
 75656 | Abyss:3  | 75656 ||| Stepping ~*~*~tactically~*~*~ (stealth).
 75659 | Abyss:3  | 75659 ||| Stepping ~*~*~tactically~*~*~ (hiding).
 75660 | Abyss:3  | 75660 ||| Stepping ~*~*~tactically~*~*~ (stealth).
 75662 | Abyss:3  | Gained mutation: Potions are less effective at restoring
                  | your health. [a neqoxec]
 75666 | Abyss:3  | 75666 ||| Stepping ~*~*~tactically~*~*~ (hiding).
 75679 | Abyss:3  | 75679 ||| Stepping ~*~*~tactically~*~*~ (hiding).
 75692 | Abyss:3  | 75692 ||| Stepping ~*~*~tactically~*~*~ (hiding).
 75696 | Abyss:3  | 75696 ||| Stepping ~*~*~tactically~*~*~ (stealth).
 75707 | Abyss:3  | 75707 ||| Stepping ~*~*~tactically~*~*~ (stealth).
 75710 | Abyss:3  | 75710 ||| Stepping ~*~*~tactically~*~*~ (hiding).
 75743 | Abyss:3  | 75743 ||| Stepping ~*~*~tactically~*~*~ (stealth).
 75744 | Abyss:3  | 75744 ||| Stepping ~*~*~tactically~*~*~ (stealth).
 75766 | Abyss:3  | 75766 ||| Stepping ~*~*~tactically~*~*~ (stealth).
 75772 | Abyss:3  | Noticed a dread lich
 75773 | Abyss:3  | 75773 ||| INVOKING Summon Divine Warrior.
 75776 | Abyss:3  | Killed a dread lich
 76124 | Abyss:3  | Found a corrupted altar of Lugonu.
 76154 | Abyss:3  | Found a corrupted altar of Lugonu.
 76161 | Abyss:3  | 76161 ||| Stepping ~*~*~tactically~*~*~ (hiding).
 76243 | Abyss:3  | Found a corrupted altar of Lugonu.
 76337 | Abyss:3  | Reached skill level 27 in Armour
 76382 | Abyss:3  | Got an abyssal rune of Zot
 76506 | Abyss:3  | 76506 ||| INVOKING Cleansing Flame.
 76608 | Abyss:3  | Reached skill level 24 in Shields
 76627 | Abyss:3  | Found a corrupted altar of Lugonu.
 76628 | Abyss:3  | 76628 ||| PLANNING PAN
 76628 | Abyss:3  | 76628 ||| SWAPPING to +9 broad axe of holy wrath.
 76638 | Depths:3 | Escaped the Abyss
 76664 | Pan      | Entered Pandemonium
 76672 | Pan      | 76672 ||| Stepping ~*~*~tactically~*~*~ (stealth).
 76674 | Pan      | 76674 ||| Stepping ~*~*~tactically~*~*~ (hiding).
 76675 | Pan      | Noticed Xontun the pandemonium lord
 76676 | Pan      | 76676 ||| INVOKING Summon Divine Warrior.
 76682 | Pan      | 76682 ||| INVOKING Cleansing Flame.
 76684 | Pan      | Killed Xontun the pandemonium lord
 76695 | Pan      | Gained mutation: Armour fits poorly on your strangely
                  | shaped body. [a neqoxec]
 76773 | Pan      | 76773 ||| INVOKING Cleansing Flame.
 76792 | Pan      | 76792 ||| INVOKING Cleansing Flame.
 76800 | Pan      | 76800 ||| INVOKING Cleansing Flame.
 76801 | Pan      | 76801 ||| INVOKING Cleansing Flame.
 76802 | Pan      | 76802 ||| INVOKING Cleansing Flame.
 76803 | Pan      | 76803 ||| INVOKING Cleansing Flame.
 76910 | Pan      | Gained mutation: You are extremely frail. (-30% HP) [a
                  | cacodemon]
 76972 | Pan      | Found an exit through the horrors of the Abyss.
 77142 | Pan      | Gained mutation: You occasionally shout uncontrollably at
                  | your foes. [a cacodemon]
 77353 | Pan      | 77353 ||| DROPPING scarf of resistance.
 77428 | Pan      | Noticed Pimiquko the pandemonium lord
 77428 | Pan      | 77428 ||| INVOKING Summon Divine Warrior.
 77430 | Pan      | 77430 ||| INVOKING Cleansing Flame.
 77433 | Pan      | Noticed Ignacio
 77439 | Pan      | 77439 ||| INVOKING Cleansing Flame.
 77440 | Pan      | 77440 ||| INVOKING Cleansing Flame.
 77443 | Pan      | Killed Ignacio
 77452 | Pan      | Killed Pimiquko the pandemonium lord
 77815 | Pan      | Reached skill level 24 in Invocations
 78121 | Pan      | 78121 ||| Stepping ~*~*~tactically~*~*~ (stealth).
 78123 | Pan      | 78123 ||| Stepping ~*~*~tactically~*~*~ (stealth).
 78125 | Pan      | 78125 ||| Stepping ~*~*~tactically~*~*~ (stealth).
 78184 | Pan      | Found a transporter.
 78195 | Pan      | 78195 ||| Stepping ~*~*~tactically~*~*~ (hiding).
 78272 | Pan      | Found a transporter.
 78289 | Pan      | 78289 ||| Stepping ~*~*~tactically~*~*~ (hiding).
 78294 | Pan      | 78294 ||| INVOKING Summon Divine Warrior.
 78712 | Pan      | Noticed Luwirib the pandemonium lord
 78712 | Pan      | Gained mutation: You have hidden genetic defects. [a
                  | neqoxec]
 78713 | Pan      | 78713 ||| INVOKING Summon Divine Warrior.
 78715 | Pan      | 78715 ||| INVOKING Cleansing Flame.
 78722 | Pan      | Killed Luwirib the pandemonium lord
 78725 | Pan      | Gained mutation: Your body often deteriorates upon taking
                  | damage. [a neqoxec]
 78750 | Pan      | 78750 ||| DRINKING potion of mutation.
 78750 | Pan      | Lost mutation: You have hidden genetic defects. [potion of
                  | mutation]
 78750 | Pan      | Lost mutation: Your magical capacity is low. (-10% MP)
                  | [potion of mutation]
 78750 | Pan      | Lost mutation: Your muscles are strong. (Str +4, Int/Dex
                  | -1) [potion of mutation]
 78750 | Pan      | Lost mutation: You are extremely frail. (-30% HP) [potion
                  | of mutation]
 78750 | Pan      | Gained mutation: You have very sharp teeth. [potion of
                  | mutation]
 78805 | Pan      | Identified the +8 demon trident of Jeopn {freeze, Str+3}
 78813 | Pan      | 78813 ||| Stepping ~*~*~tactically~*~*~ (hiding).
 78845 | Pan      | 78845 ||| Stepping ~*~*~tactically~*~*~ (hiding).
 78847 | Pan      | 78847 ||| Stepping ~*~*~tactically~*~*~ (hiding).
 78848 | Pan      | 78848 ||| Stepping ~*~*~tactically~*~*~ (hiding).
 78909 | Pan      | 78909 ||| Stepping ~*~*~tactically~*~*~ (stealth).
 78991 | Pan      | 78991 ||| Stepping ~*~*~tactically~*~*~ (hiding).
 78992 | Pan      | 78992 ||| Stepping ~*~*~tactically~*~*~ (hiding).
 78995 | Pan      | Gained mutation: Potions cannot restore your health. [a
                  | neqoxec]
 78999 | Pan      | 78999 ||| Stepping ~*~*~tactically~*~*~ (hiding).
 79000 | Pan      | 79000 ||| Stepping ~*~*~tactically~*~*~ (hiding).
 79005 | Pan      | Gained mutation: You sometimes lose your temper in combat.
                  | [a cacodemon]
 79011 | Pan      | 79011 ||| Stepping ~*~*~tactically~*~*~ (stealth).
 79012 | Pan      | Gained mutation: Your magical capacity is low. (-10% MP) [a
                  | cacodemon]
 79050 | Pan      | 79050 ||| Stepping ~*~*~tactically~*~*~ (stealth).
 79073 | Pan      | Gained mutation: You are dopey. (Int -2) [a neqoxec]
 79091 | Pan      | 79091 ||| Stepping ~*~*~tactically~*~*~ (hiding).
 79115 | Pan      | 79115 ||| Stepping ~*~*~tactically~*~*~ (hiding).
 79120 | Pan      | Gained mutation: You are weak. (Str -2) [a neqoxec]
 79123 | Pan      | 79123 ||| Stepping ~*~*~tactically~*~*~ (hiding).
 79354 | Pan      | 79354 ||| Stepping ~*~*~tactically~*~*~ (hiding).
 79434 | Pan      | 79434 ||| Stepping ~*~*~tactically~*~*~ (stealth).
 79436 | Pan      | 79436 ||| Stepping ~*~*~tactically~*~*~ (hiding).
 79494 | Pan      | 79494 ||| Stepping ~*~*~tactically~*~*~ (hiding).
 79495 | Pan      | 79495 ||| Stepping ~*~*~tactically~*~*~ (hiding).
 79504 | Pan      | 79504 ||| Stepping ~*~*~tactically~*~*~ (stealth).
 79584 | Pan      | 79584 ||| Stepping ~*~*~tactically~*~*~ (stealth).
 79590 | Pan      | 79590 ||| Stepping ~*~*~tactically~*~*~ (stealth).
 79592 | Pan      | 79592 ||| Stepping ~*~*~tactically~*~*~ (hiding).
 79600 | Pan      | Gained mutation: You frequently scream uncontrollably at
                  | your foes. [a cacodemon]
 79608 | Pan      | Noticed Warghomaa the pandemonium lord
 79615 | Pan      | 79615 ||| INVOKING Cleansing Flame.
 79616 | Pan      | 79616 ||| INVOKING Cleansing Flame.
 79617 | Pan      | 79617 ||| INVOKING Cleansing Flame.
 79618 | Pan      | 79618 ||| INVOKING Summon Divine Warrior.
 79621 | Pan      | HP: 22/159 [Warghomaa the pandemonium lord/great blast of
                  | fire (61)]
 79622 | Pan      | 79622 ||| Stepping ~*~*~tactically~*~*~ (cloud).
 79622 | Pan      | Killed from afar by Warghomaa the pandemonium lord

Levels and vault maps discovered:
D:1:      elethiomel_arrival_shortcut, layout_rooms
D:2:      layout_loops_ring, ebering_ecumenical_altar_mist
D:3:      minmay_chambers_of_twos, layout_basic,
          mainiacjoe_overflow_cross_hatched, serial_shops,
          nicolae_shop_competitors_out_of_business
D:4:      layout_cave_pools
D:5:      nicolae_BIG_FREAKIN_CUBE, layout_basic, uniq_prince_ribbit1,
          uniq_grinder
D:6:      layout_basic, kennysheep_generic_room_8
D:7:      layout_basic, chequers_temple_overflow_statue_of_worship,
          minmay_temple_entry_glassed_door, nicolae_ossuary_entry_giza,
          serial_shops, shop, nicolae_shop_advertising_works
          [nicolae_subvault_shop_adworks], ebering_ghost_rock_garden
D:8:      layout_basic, chequers_big_river
D:9:      kennysheep_windowed_halls, layout_cave_pools, serial_park,
          serial_park_gazebo [serial_park_minivault_5x5_3], serial_park_avenue1
D:10:     layout_cave_pools, mainiacjoe_overflow_divided_tiny,
          minmay_orc_entry_guard_dogs, ebering_ghost_xom, enter_trove_1
D:11:     layout_long_grid, due_lair_maze_entry_diamond, serial_shops, shop,
          due_unseen_surprise
D:12:     layout_basic
D:13:     layout_loops_ring, grunt_vaults_entry_fortified
D:14:     wad_river_or_something, layout_gridville, kennysheep_another_room,
          small_statue_alley_a
D:15:     grunt_enter_depths_giant_problem, layout_small_grid,
          grunt_decor_junction, serial_shops, shop,
          portal_ice_cave_entry_ice_statue_one, minmay_joined_circles
Lair:1:   beast_lair_carwin_large_3, layout_regular_city, uniq_gastronok
Lair:2:   dreamdust_cave_troll, layout_regular_city,
          nicolae_spider_entry_lesser_pyramids, basic_altar,
          kennysheep_snail_temple, infiniplex_staircase_pool_2,
          serial_bayou_shore_b, uniq_harold
Lair:3:   layout_gridlike, nicolae_shoals_entry_roost, uniq_kirke
Lair:4:   wander_river, layout_hall_layers, nicolae_lair_lakeside_cave
Lair:5:   hellmonk_lair_end_abyssal_woods, layout_regular_city,
          minmay_slime_entry_oklob_enclosed, minmay_shattered_shrine,
          serial_bayou_shore_a
Shoals:1: layout_shoals, st_shoals_ruin
Shoals:2: layout_shoals, ebering_ghost_xom
Shoals:3: layout_shoals, gammafunk_ghost_cemetery,
          nicolae_shoals_isolated_beach, uniq_ilsuiw
Shoals:4: shoals_end_grunt_ice, layout_shoals, shoal_ilsuiw,
          nicolae_shoals_cliffside_cave, nicolae_shop_dragon_depot
Spider:1: layout_spider_delve, ebering_ghost_inner_flame
Spider:2: layout_spider_delve
Spider:3: layout_spider_delve, guppyfry_spider_mini_1, uniq_arachne
Spider:4: hellmonk_spider_rune_bug_friends, uniq_roxanne
Slime:1:  layout_caves
Slime:2:  layout_caves
Slime:3:  layout_caves, nicolae_slime_barrier, nicolae_slime_crime_time
Slime:4:  layout_caves, basic_altar, uniq_dissolution
Slime:5
Orc:1:    layout_caves, hellmonk_bongcloud_opening
Orc:2:    hellmonk_orc_salted, layout_diamond_mine, guppyfry_orc_lava_fort,
          uniq_josephine
Vaults:1: nicolae_vaults_fighting_squares, vaults_dpeg_spiral,
          ontoclasm_vaults_fault, nicolae_vaults_house_1,
          nicolae_vaults_heart-shaped_vault, nicolae_vaults_wine_cellar,
          nicolae_vaults_lightning_bolt, ontoclasm_vaults_hangar,
          nicolae_vaults_network_star, serial_ice_g, layout_vaults_omnigrid
Vaults:2: mu_enter_wizlab_2, nicolae_vaults_corridor_and_loot_room, v_misc_11,
          nicolae_vaults_back_hallway, nicolae_vaults_closet_pinwheel_1,
          hangedman_vaults_impose, nicolae_vaults_oval_intersection,
          nicolae_vaults_little_ls, hangedman_vaults_cutoff, v_misc_19,
          nicolae_vaults_gold_heap, nicolae_vaults_tetromino_Z_2,
          nicolae_vaults_three_branches, layout_vaults_omnibox,
          minmay_crypt_entry_nasty_monster, serial_shops, shop
Vaults:3: gammafunk_ghost_crypt, vaults_room_ringed_pool, v_misc_10,
          vaults_dpeg_diagonal, nicolae_vaults_taking_the_gang_shopping,
          vaults_mumra_chevron_long, nicolae_vaults_mini_display_case,
          nicolae_vaults_octothorpe, v_misc_1, nicolae_vaults_shelves_hall,
          nicolae_vaults_diamond_1, ontoclasm_vaults_eye,
          layout_vaults_chaotic_city
Vaults:4: nicolae_vaults_storage_closets_2, nicolae_vaults_stepped_doors,
          st_star, nicolae_vaults_closet_pinwheel_4, nicolae_vaults_trapezoid_3,
          nicolae_vaults_diagonal_hallway_6,
          nicolae_vaults_offset_grid_hallway_3, hangedman_vaults_stream,
          v_misc_30, v_misc_30, ontoclasm_vaults_idyll, layout_vaults_omnicross,
          serial_shops, shop
Vaults:5: serial_shops
Crypt:1:  layout_chaotic_city, serial_sigils_hangedman_snap,
          serial_sigils_hangedman_quiver, minivault_26
Crypt:2:  layout_misc_corridors
Crypt:3:  due_elkab, layout_chaotic_city, nicolae_tomb_entry_grand_gallery
Tomb:1
Tomb:2
Tomb:3
Depths:1: layout_cave_pools, serial_shops, nicolae_shop_real_fake_doors,
          bloody_trog, hell_entry, nicolae_rare_books, hellmonk_scale_shop
Depths:2: kennysheep_blocky_room, layout_gridlike, enter_ziggurat_b,
          lightli_too_deep, grunt_pan_entry_spiral,
          hangedman_abyss_or_decor_slice, serial_shops,
          nicolae_shop_rolling_square, nicolae_shop_drivethru, shop, shop,
          nicolae_elyvilon_peaceful_grove, minmay_staircase_statues
Depths:3: minmay_ornate_pinched, layout_long_grid,
          nicolae_abyss_entry_one_way_or_another,
          chequers_serial_rivers_small_a, grunt_hell_entry_dis_mu, uniq_margery
Depths:4: evilmike_zot_entry_diamond, layout_gridlike, pan_entry,
          pf_hell_entry_great_geh, minmay_misc_feat_four_crosses,
          kilobyte_rumbling_trees, uniq_jory
Zot:1:    layout_cathedral_of_symmetry, grunt_ministairs_11, nicolae_diode_basic
Zot:2:    layout_gridlike, hellmonk_ghost_big_iron
Zot:3:    layout_concentric_octagons, grunt_megastairs_4
Zot:4:    kennysheep_blocky_hall, layout_gridville
Pan:      evilmike_mini_pan_possible_glass, layout_cellular_growth,
          evilmike_mini_pan_possible_glass, layout_cross, uniq_ignacio,
          gammafunk_the_bubble [the_bubble_gammafunk_grid], layout_gridlike,
          pan_blood_fountain_small, evilmike_mini_pan_layers,
          layout_pan_divisions_b [pan_division_quadrant_b6,
          pan_division_quadrant_b5, pan_division_quadrant_b4,
          pan_division_quadrant_b6], evilmike_mini_pan_possible_glass,
          layout_basic

Skill      XL: |  1  2  3  4  5  6  7  8  9 10 11 12 13 14 15 16 17 18 19 20 21 22 23 24 25 26 27 |
---------------+----------------------------------------------------------------------------------+-----
Axes           | 2 3 4 5 6 8 9 10 12 13 14 15 16 19 | 19.0
Fighting       | 4 5 7 8 9 10 11 12 13 14 15 17 18 19 22 23 25 27 | 27.0
Throwing       | 2 3 4 5 6 8 9 10 11 12 13 14 15 | 15.0
Invocations    | 2 4 6 9 10 17 24 | 24.3
Dodging        | 1 2 3 4 5 6 7 8 10 11 14 | 14.3
Armour         | 4 6 7 8 9 10 12 14 15 18 21 22 27 | 27.0
Shields        | 4 9 10 11 13 16 17 18 19 20 21 22 24 | 24.1

Action                     |  1- 3 |  4- 6 |  7- 9 | 10-12 | 13-15 | 16-18 | 19-21 | 22-24 | 25-27 || total
---------------------------+-------+-------+-------+-------+-------+-------+-------+-------+-------++-------
  Melee: War axe           |    73 |   197 |   303 |   421 |   543 |   764 |  1100 |  1180 |  2126 ||  6707
         Morningstar       |       |       |       |       |    20 |       |       |       |       ||    20
         Headbutt          |       |       |       |       |       |       |       |       |   367 ||   367
         Broad axe         |       |       |       |       |       |       |       |       |   682 ||   682
         Bite              |       |       |       |       |       |       |       |       |    15 ||    15
  Throw: Boomerang         |       |    28 |    37 |    82 |    88 |       |       |       |    16 ||   251
         Javelin           |       |       |       |    35 |   140 |   138 |   160 |    89 |   488 ||  1050
 Invoke: Heroism           |       |     2 |    14 |    26 |    26 |    24 |    29 |    42 |    23 ||   186
         Finesse           |       |       |       |       |     6 |     4 |     7 |     7 |       ||    24
         Cleansing Flame   |       |       |       |       |       |       |       |       |    90 ||    90
         Summon Divine War |       |       |       |       |       |       |       |       |    39 ||    39
         Brand Weapon With |       |       |       |       |       |       |       |       |     1 ||     1
    Use: Scroll            |     4 |     8 |     5 |     7 |    10 |     4 |     1 |     7 |    13 ||    59
         Potion            |       |     2 |     1 |     2 |     3 |     1 |     2 |     8 |    26 ||    45
   Stab: Distracted        |       |       |       |       |    17 |    11 |    29 |    30 |    16 ||   103
         Confused          |       |       |       |       |       |       |       |       |     1 ||     1
 Armour: Scale mail        |    44 |    33 |       |       |       |       |       |       |       ||    77
         Chain mail        |       |    94 |    43 |       |       |       |       |       |       ||   137
         Plate armour      |       |       |   131 |   269 |       |       |       |   167 |   725 ||  1292
         Storm dragon scal |       |       |       |     5 |   145 |   134 |   138 |       |       ||   422
         Crystal plate arm |       |       |       |       |       |       |   161 |   261 |       ||   422
         Ring mail         |       |       |       |       |       |       |       |       |    14 ||    14
  Dodge: Dodged            |    35 |    88 |   106 |    96 |    79 |   108 |   164 |   189 |   579 ||  1444
         Repelled          |       |       |       |     2 |     5 |     3 |     4 |       |       ||    14
  Block: Buckler           |    14 |    36 |    57 |     3 |       |       |       |       |       ||   110
         Kite shield       |       |       |       |   198 |    98 |       |       |       |       ||   296
         Tower shield      |       |       |       |       |   248 |   644 |   996 |  1072 |  2467 ||  5427

Table legend:
 A = Non-vault XP
 B = Vault XP
 C = Vault XP percentage of total XP
 D = Non-vault monster count
 E = Vault monster count
 F = Vault count percentage of total count
                 A         B        C        D         E       F
            +---------+---------+-------+---------+---------+-------
      Total | 1189628 |  770056 |  39.3 |    2323 |     952 |  29.1
            +---------+---------+-------+---------+---------+-------
        D:1 |      48 |       0 |   0.0 |      27 |       0 |   0.0
        D:2 |      58 |       0 |   0.0 |      19 |       0 |   0.0
        D:3 |      84 |      26 |  23.6 |      15 |       8 |  34.8
        D:4 |     172 |       0 |   0.0 |      15 |       0 |   0.0
        D:5 |     264 |     544 |  67.3 |      10 |       2 |  16.7
        D:6 |    1140 |      68 |   5.6 |      17 |       1 |   5.6
        D:7 |    1344 |      20 |   1.5 |      35 |       3 |   7.9
        D:8 |    2388 |       0 |   0.0 |      27 |       0 |   0.0
        D:9 |    2526 |    5950 |  70.2 |      19 |      23 |  54.8
       D:10 |    6523 |     649 |   9.0 |      37 |       4 |   9.8
       D:11 |    2842 |    1501 |  34.6 |       8 |      11 |  57.9
       D:12 |    4590 |       0 |   0.0 |      12 |       0 |   0.0
       D:13 |    3504 |    5986 |  63.1 |      11 |      10 |  47.6
       D:14 |    8175 |    5107 |  38.5 |      21 |       9 |  30.0
       D:15 |   13490 |   11877 |  46.8 |      26 |      19 |  42.2
     Lair:1 |    1524 |    2370 |  60.9 |      12 |      10 |  45.5
     Lair:2 |    5390 |    4977 |  48.0 |      21 |      11 |  34.4
     Lair:3 |    3710 |    3352 |  47.5 |      15 |       7 |  31.8
     Lair:4 |    8545 |    9403 |  52.4 |      32 |      24 |  42.9
     Lair:5 |   10768 |   16379 |  60.3 |      34 |      47 |  58.0
   Shoals:1 |   13232 |    6110 |  31.6 |      26 |       9 |  25.7
   Shoals:2 |    5039 |       0 |   0.0 |      10 |       0 |   0.0
   Shoals:3 |   10695 |    5224 |  32.8 |      20 |       8 |  28.6
   Shoals:4 |   13154 |   26502 |  66.8 |      25 |      38 |  60.3
   Spider:1 |   13424 |       0 |   0.0 |      44 |       0 |   0.0
   Spider:2 |   12489 |       0 |   0.0 |      28 |       0 |   0.0
   Spider:3 |    5543 |    3713 |  40.1 |      14 |       9 |  39.1
   Spider:4 |   14963 |   17658 |  54.1 |      27 |      25 |  48.1
    Slime:1 |    3515 |       0 |   0.0 |      10 |       0 |   0.0
    Slime:2 |    1615 |       0 |   0.0 |       7 |       0 |   0.0
    Slime:3 |    1855 |       0 |   0.0 |       8 |       0 |   0.0
    Slime:4 |     185 |       0 |   0.0 |       1 |       0 |   0.0
    Slime:5 |   11825 |   23780 |  66.8 |      20 |      17 |  45.9
      Orc:1 |    3127 |       0 |   0.0 |      29 |       0 |   0.0
      Orc:2 |    3144 |   18700 |  85.6 |      43 |      47 |  52.2
   Vaults:1 |   21049 |   15496 |  42.4 |      28 |      22 |  44.0
   Vaults:2 |   16662 |   27188 |  62.0 |      30 |      32 |  51.6
   Vaults:3 |   12575 |   33255 |  72.6 |      16 |      27 |  62.8
   Vaults:4 |   20365 |   40664 |  66.6 |      30 |      41 |  57.7
   Vaults:5 |   22770 |   93713 |  80.5 |      33 |      82 |  71.3
    Crypt:1 |   32117 |       0 |   0.0 |      62 |       0 |   0.0
    Crypt:2 |   18088 |       0 |   0.0 |      26 |       0 |   0.0
    Crypt:3 |   35057 |   41687 |  54.3 |      41 |      73 |  64.0
     Tomb:1 |   15373 |   98162 |  86.5 |      54 |      59 |  52.2
     Tomb:2 |   16261 |   67067 |  80.5 |      35 |      86 |  71.1
     Tomb:3 |   10381 |   59497 |  85.1 |      24 |      59 |  71.1
   Depths:1 |   28404 |    1309 |   4.4 |      33 |       1 |   2.9
   Depths:2 |   41686 |   15304 |  26.9 |      39 |      19 |  32.8
   Depths:3 |   42124 |   24169 |  36.5 |      46 |      22 |  32.4
   Depths:4 |    5662 |   14819 |  72.4 |       5 |      14 |  73.7
      Zot:1 |   76485 |    3633 |   4.5 |      65 |       2 |   3.0
      Zot:2 |   36059 |       0 |   0.0 |      32 |       0 |   0.0
      Zot:3 |   38909 |    5603 |  12.6 |      36 |       4 |  10.0
      Zot:4 |   37797 |    7066 |  15.8 |      27 |       4 |  12.9
    Abyss:1 |  177806 |       0 |   0.0 |     409 |       0 |   0.0
    Abyss:2 |  121254 |       0 |   0.0 |     225 |       0 |   0.0
    Abyss:3 |   79188 |    9351 |  10.6 |     178 |      13 |   6.8
        Pan |   92666 |   42177 |  31.3 |     124 |      50 |  28.7
            +---------+---------+-------+---------+---------+-------
